Workbook

Sheet DATA INPUT
T1: OFFICIAL RESULTS | AB1: BETFAIR LAY | AD1: RACING ODDS COMPARISON | AK1: SPORTS BEST ODDS AND LINE - EMAIL | AS1: Win
A2: DATE | B2: ANALYST | C2: TIME SENT | D2: EVENT DAY | E2: STATE | F2: LOCATION | G2: SPORT | H2: EVENT | I2: RACE | J2: NO. | K2: SELECTION | L2: UNITS INVESTED | M2: RATED PRICE | N2: BFSP | O2: BET TYPE | Q2: BET TYPE | R2: ODDS | S2: RESULT | T2: UNITS COLLECTED | U2: P/L | V2: CUMULATIVE P/L | W2: CUMULATIVE UNITS INVESTED | X2: POT% | Y2: ROI% | Z2: PROFIT ($100 UNIT) | AA2: BET WIN LOSE | AB2: PRICE | AC2: COMMISION | AD2: EMAIL ODDS | AE2: AVAILABLE ODDS | AF2: BEST FIXED EMAIL SENT | AG2: BEST FIXED CLOSING | AH2: BETFAIR SP | AI2: BOB/BTSP | AJ2: BEST TOTE | AK2: AGENCY | AL2: EMAIL BEST LINE / TOTAL | AM2: EMAIL BEST ODDS | AN2: RESULT | AO2: CLOSING LINE | AP2: CLOSING PINNACLE | AQ2: CLOSING BETFAIR | AR2: BET ADVICE | AS2: EMAIL | AT2: BTSP | AU2: TOP FLUC | AV2: BFSP Converted P&L Less Commission | AW2: BFSP Price Less Commission | AX2: Map | AY2: Resuming | AZ2: Rated Price is higher than BFSP | BA2: PRICE DEDUCTION | BB2: BFSP Profit Before commission | BC2: Race profit before commission | BD2: Race profit after commission | BE2: BFSP Converted P&L Less Commission | BF2: Races | BG2: Wins | BH2: Strike Rate
A3: 46032 | C3: 11.34 | D3: Sat | E3: VIC | H3: Flemington | I3: 1 | J3: 1 | K3: Jenni Gone Bonkers | L3: 0.5 | M3: 2.34 | N3: 2.4 | O3: BFSP | Q3: Win | R3: 1.99 | S3: 3 | T3: =IF(($AA3="W"),ROUND(($L3*$R3),2),"0.00") -> 0.00 | U3: =BE3 -> -0.5 | V3: =U3 -> -0.5 | W3: =L3 -> 0.5 | X3: =SUM(V3/W3) -> -1 | Y3: =V3/100 -> -0.005 | Z3: =V3*100 -> -50 | AA3: L | AT3: 2.05 | AU3: 2.05 | AV3: =((N3*(L3))-(L3)) -> 0.7 | AW3: =0.92*(N3-1)+1 -> 2.288 | AZ3: =IF(N3>=M3,"Yes","No") -> Yes | BA3: 0.135 | BB3: =IF(AA3="W", L3*(N3-1), -L3 ) -> -0.5 | BC3: =SUMIFS( $BB:$BB, $A:$A,$A3, $H:$H,$H3, $I:$I,$I3 ) -> -0.5 | BD3: =IF(BC3>0, BC3*0.92, BC3) -> -0.5 | BE3: =IF( BC3>0, IF( AA3="W", BB3 - (BC3 - BD3), BB3 ), BB3 ) -> -0.5 | BF3: {=SUMPRODUCT((1/COUNTIFS($A$3:$A3,$A$3:$A3,$H$3:$H3,$H$3:$H3,$I$3:$I3,$I$3:$I3)))} -> 1 | BG3: 0 | BH3: =BG3/BF3 -> 0
A4: 46032 | C4: 11.41 | D4: Sat | E4: VIC | H4: Flemington | I4: 2 | J4: 5 | K4: Stylish Secret | L4: 0.5 | M4: 6 | N4: 6.58 | O4: BFSP | Q4: Win | R4: 6.1894 | S4: un | T4: =IF(($AA4="W"),ROUND(($L4*$R4),2),"0.00") -> 0.00 | U4: =BE4 -> -0.5 | V4: =V3+U4 -> -1 | W4: =W3+L4 -> 1 | X4: =SUM(V4/W4) -> -1 | Y4: =V4/100 -> -0.01 | Z4: =V4*100 -> -100 | AA4: L | AT4: 6.1 | AU4: 5.5 | AV4: =((N4*(L4))-(L4)) -> 2.79 | AW4: =0.92*(N4-1)+1 -> 6.1336 | AZ4: =IF(N4>=M4,"Yes","No") -> Yes | BB4: =IF(AA4="W", L4*(N4-1), -L4 ) -> -0.5 | BC4: =SUMIFS( $BB:$BB, $A:$A,$A4, $H:$H,$H4, $I:$I,$I4 ) -> -4.5 | BD4: =IF(BC4>0, BC4*0.92, BC4) -> -4.5 | BE4: =IF( BC4>0, IF( AA4="W", BB4 - (BC4 - BD4), BB4 ), BB4 ) -> -0.5 | BF4: {=SUMPRODUCT((1/COUNTIFS($A$3:$A4,$A$3:$A4,$H$3:$H4,$H$3:$H4,$I$3:$I4,$I$3:$I4)))} -> 2 | BG4: 0 | BH4: =BG4/BF4 -> 0
A5: 46032 | C5: 11.41 | D5: Sat | E5: VIC | H5: Flemington | I5: 2 | J5: 6 | K5: American Wolf | L5: 1 | M5: 10 | N5: 19.5 | O5: BFSP | Q5: Win | R5: 18.205 | S5: 3 | T5: =IF(($AA5="W"),ROUND(($L5*$R5),2),"0.00") -> 0.00 | U5: =BE5 -> -1 | V5: =V4+U5 -> -2 | W5: =W4+L5 -> 2 | X5: =SUM(V5/W5) -> -1 | Y5: =V5/100 -> -0.02 | Z5: =V5*100 -> -200 | AA5: L | AT5: 15.1 | AU5: 16 | AV5: =((N5*(L5))-(L5)) -> 18.5 | AW5: =0.92*(N5-1)+1 -> 18.02 | AZ5: =IF(N5>=M5,"Yes","No") -> Yes | BB5: =IF(AA5="W", L5*(N5-1), -L5 ) -> -1 | BC5: =SUMIFS( $BB:$BB, $A:$A,$A5, $H:$H,$H5, $I:$I,$I5 ) -> -4.5 | BD5: =IF(BC5>0, BC5*0.92, BC5) -> -4.5 | BE5: =IF( BC5>0, IF( AA5="W", BB5 - (BC5 - BD5), BB5 ), BB5 ) -> -1 | BF5: {=SUMPRODUCT((1/COUNTIFS($A$3:$A5,$A$3:$A5,$H$3:$H5,$H$3:$H5,$I$3:$I5,$I$3:$I5)))} -> 2 | BG5: 0 | BH5: =BG5/BF5 -> 0
A6: 46032 | C6: 11.41 | D6: Sat | E6: VIC | H6: Flemington | I6: 2 | J6: 1 | K6: Prince Eric | L6: 1 | M6: 14.5 | N6: 28 | O6: BFSP | Q6: Win | R6: 26.11 | S6: un | T6: =IF(($AA6="W"),ROUND(($L6*$R6),2),"0.00") -> 0.00 | U6: =BE6 -> -1 | V6: =V5+U6 -> -3 | W6: =W5+L6 -> 3 | X6: =SUM(V6/W6) -> -1 | Y6: =V6/100 -> -0.03 | Z6: =V6*100 -> -300 | AA6: L | AT6: 19.2 | AU6: 17 | AV6: =((N6*(L6))-(L6)) -> 27 | AW6: =0.92*(N6-1)+1 -> 25.84 | AZ6: =IF(N6>=M6,"Yes","No") -> Yes | BB6: =IF(AA6="W", L6*(N6-1), -L6 ) -> -1 | BC6: =SUMIFS( $BB:$BB, $A:$A,$A6, $H:$H,$H6, $I:$I,$I6 ) -> -4.5 | BD6: =IF(BC6>0, BC6*0.92, BC6) -> -4.5 | BE6: =IF( BC6>0, IF( AA6="W", BB6 - (BC6 - BD6), BB6 ), BB6 ) -> -1 | BF6: {=SUMPRODUCT((1/COUNTIFS($A$3:$A6,$A$3:$A6,$H$3:$H6,$H$3:$H6,$I$3:$I6,$I$3:$I6)))} -> 2 | BG6: 0 | BH6: =BG6/BF6 -> 0
A7: 46032 | C7: 11.41 | D7: Sat | E7: VIC | H7: Flemington | I7: 2 | J7: 7 | K7: Politely Dun | L7: 1 | M7: 14.5 | N7: 16 | O7: BFSP | Q7: Win | R7: 14.95 | S7: 4 | T7: =IF(($AA7="W"),ROUND(($L7*$R7),2),"0.00") -> 0.00 | U7: =BE7 -> -1 | V7: =V6+U7 -> -4 | W7: =W6+L7 -> 4 | X7: =SUM(V7/W7) -> -1 | Y7: =V7/100 -> -0.04 | Z7: =V7*100 -> -400 | AA7: L | AT7: 12 | AU7: 12 | AV7: =((N7*(L7))-(L7)) -> 15 | AW7: =0.92*(N7-1)+1 -> 14.8 | AZ7: =IF(N7>=M7,"Yes","No") -> Yes | BB7: =IF(AA7="W", L7*(N7-1), -L7 ) -> -1 | BC7: =SUMIFS( $BB:$BB, $A:$A,$A7, $H:$H,$H7, $I:$I,$I7 ) -> -4.5 | BD7: =IF(BC7>0, BC7*0.92, BC7) -> -4.5 | BE7: =IF( BC7>0, IF( AA7="W", BB7 - (BC7 - BD7), BB7 ), BB7 ) -> -1 | BF7: {=SUMPRODUCT((1/COUNTIFS($A$3:$A7,$A$3:$A7,$H$3:$H7,$H$3:$H7,$I$3:$I7,$I$3:$I7)))} -> 2 | BG7: 0 | BH7: =BG7/BF7 -> 0
A8: 46032 | C8: 11.41 | D8: Sat | E8: VIC | H8: Flemington | I8: 2 | J8: 3 | K8: New York Hurricane | L8: 1 | M8: 42 | N8: 65 | O8: BFSP | Q8: Win | R8: 60.52 | S8: un | T8: =IF(($AA8="W"),ROUND(($L8*$R8),2),"0.00") -> 0.00 | U8: =BE8 -> -1 | V8: =V7+U8 -> -5 | W8: =W7+L8 -> 5 | X8: =SUM(V8/W8) -> -1 | Y8: =V8/100 -> -0.05 | Z8: =V8*100 -> -500 | AA8: L | AT8: 41 | AU8: 41 | AV8: =((N8*(L8))-(L8)) -> 64 | AW8: =0.92*(N8-1)+1 -> 59.88 | AZ8: =IF(N8>=M8,"Yes","No") -> Yes | BB8: =IF(AA8="W", L8*(N8-1), -L8 ) -> -1 | BC8: =SUMIFS( $BB:$BB, $A:$A,$A8, $H:$H,$H8, $I:$I,$I8 ) -> -4.5 | BD8: =IF(BC8>0, BC8*0.92, BC8) -> -4.5 | BE8: =IF( BC8>0, IF( AA8="W", BB8 - (BC8 - BD8), BB8 ), BB8 ) -> -1 | BF8: {=SUMPRODUCT((1/COUNTIFS($A$3:$A8,$A$3:$A8,$H$3:$H8,$H$3:$H8,$I$3:$I8,$I$3:$I8)))} -> 2 | BG8: 0 | BH8: =BG8/BF8 -> 0
A9: 46032 | C9: 11.48 | D9: Sat | E9: VIC | H9: Flemington | I9: 3 | J9: 4 | K9: She’s My Ex | L9: 1 | M9: 9 | N9: 10.5 | O9: BFSP | Q9: Win | R9: 9 | S9: 4 | T9: =IF(($AA9="W"),ROUND(($L9*$R9),2),"0.00") -> 0.00 | U9: =BE9 -> -1 | V9: =V8+U9 -> -6 | W9: =W8+L9 -> 6 | X9: =SUM(V9/W9) -> -1 | Y9: =V9/100 -> -0.06 | Z9: =V9*100 -> -600 | AA9: L | AT9: 9.9 | AU9: 9 | AV9: =((N9*(L9))-(L9)) -> 9.5 | AW9: =0.92*(N9-1)+1 -> 9.74 | AZ9: =IF(N9>=M9,"Yes","No") -> Yes | BB9: =IF(AA9="W", L9*(N9-1), -L9 ) -> -1 | BC9: =SUMIFS( $BB:$BB, $A:$A,$A9, $H:$H,$H9, $I:$I,$I9 ) -> -5 | BD9: =IF(BC9>0, BC9*0.92, BC9) -> -5 | BE9: =IF( BC9>0, IF( AA9="W", BB9 - (BC9 - BD9), BB9 ), BB9 ) -> -1 | BF9: {=SUMPRODUCT((1/COUNTIFS($A$3:$A9,$A$3:$A9,$H$3:$H9,$H$3:$H9,$I$3:$I9,$I$3:$I9)))} -> 3 | BG9: 0 | BH9: =BG9/BF9 -> 0
A10: 46032 | C10: 11.48 | D10: Sat | E10: VIC | H10: Flemington | I10: 3 | J10: 12 | K10: Rosangela | L10: 1 | M10: 9.8 | N10: 12.7 | O10: BFSP | Q10: Win | R10: 10 | S10: un | T10: =IF(($AA10="W"),ROUND(($L10*$R10),2),"0.00") -> 0.00 | U10: =BE10 -> -1 | V10: =V9+U10 -> -7 | W10: =W9+L10 -> 7 | X10: =SUM(V10/W10) -> -1 | Y10: =V10/100 -> -0.07 | Z10: =V10*100 -> -700 | AA10: L | AT10: 11.3 | AU10: 10 | AV10: =((N10*(L10))-(L10)) -> 11.7 | AW10: =0.92*(N10-1)+1 -> 11.764 | AZ10: =IF(N10>=M10,"Yes","No") -> Yes | BB10: =IF(AA10="W", L10*(N10-1), -L10 ) -> -1 | BC10: =SUMIFS( $BB:$BB, $A:$A,$A10, $H:$H,$H10, $I:$I,$I10 ) -> -5 | BD10: =IF(BC10>0, BC10*0.92, BC10) -> -5 | BE10: =IF( BC10>0, IF( AA10="W", BB10 - (BC10 - BD10), BB10 ), BB10 ) -> -1 | BF10: {=SUMPRODUCT((1/COUNTIFS($A$3:$A10,$A$3:$A10,$H$3:$H10,$H$3:$H10,$I$3:$I10,$I$3:$I10)))} -> 3 | BG10: 0 | BH10: =BG10/BF10 -> 0
A11: 46032 | C11: 11.48 | D11: Sat | E11: VIC | H11: Flemington | I11: 3 | J11: 5 | K11: Audio Pop Cam | L11: 1 | M11: 12.5 | N11: 23.07 | O11: BFSP | Q11: Win | R11: 20 | S11: un | T11: =IF(($AA11="W"),ROUND(($L11*$R11),2),"0.00") -> 0.00 | U11: =BE11 -> -1 | V11: =V10+U11 -> -8 | W11: =W10+L11 -> 8 | X11: =SUM(V11/W11) -> -1 | Y11: =V11/100 -> -0.08 | Z11: =V11*100 -> -800 | AA11: L | AT11: 18.1 | AU11: 20 | AV11: =((N11*(L11))-(L11)) -> 22.07 | AW11: =0.92*(N11-1)+1 -> 21.3044 | AZ11: =IF(N11>=M11,"Yes","No") -> Yes | BB11: =IF(AA11="W", L11*(N11-1), -L11 ) -> -1 | BC11: =SUMIFS( $BB:$BB, $A:$A,$A11, $H:$H,$H11, $I:$I,$I11 ) -> -5 | BD11: =IF(BC11>0, BC11*0.92, BC11) -> -5 | BE11: =IF( BC11>0, IF( AA11="W", BB11 - (BC11 - BD11), BB11 ), BB11 ) -> -1 | BF11: {=SUMPRODUCT((1/COUNTIFS($A$3:$A11,$A$3:$A11,$H$3:$H11,$H$3:$H11,$I$3:$I11,$I$3:$I11)))} -> 3 | BG11: 0 | BH11: =BG11/BF11 -> 0
A12: 46032 | C12: 11.48 | D12: Sat | E12: VIC | H12: Flemington | I12: 3 | J12: 11 | K12: Seven Oceans | L12: 1 | M12: 22 | N12: 56.87 | O12: BFSP | Q12: Win | R12: 41 | S12: un | T12: =IF(($AA12="W"),ROUND(($L12*$R12),2),"0.00") -> 0.00 | U12: =BE12 -> -1 | V12: =V11+U12 -> -9 | W12: =W11+L12 -> 9 | X12: =SUM(V12/W12) -> -1 | Y12: =V12/100 -> -0.09 | Z12: =V12*100 -> -900 | AA12: L | AT12: 41 | AU12: 41 | AV12: =((N12*(L12))-(L12)) -> 55.87 | AW12: =0.92*(N12-1)+1 -> 52.4004 | AZ12: =IF(N12>=M12,"Yes","No") -> Yes | BB12: =IF(AA12="W", L12*(N12-1), -L12 ) -> -1 | BC12: =SUMIFS( $BB:$BB, $A:$A,$A12, $H:$H,$H12, $I:$I,$I12 ) -> -5 | BD12: =IF(BC12>0, BC12*0.92, BC12) -> -5 | BE12: =IF( BC12>0, IF( AA12="W", BB12 - (BC12 - BD12), BB12 ), BB12 ) -> -1 | BF12: {=SUMPRODUCT((1/COUNTIFS($A$3:$A12,$A$3:$A12,$H$3:$H12,$H$3:$H12,$I$3:$I12,$I$3:$I12)))} -> 3 | BG12: 0 | BH12: =BG12/BF12 -> 0
A13: 46032 | C13: 11.48 | D13: Sat | E13: VIC | H13: Flemington | I13: 3 | J13: 10 | K13: Pacific Glamour | L13: 1 | M13: 29 | N13: 59.66 | O13: BFSP | Q13: Win | R13: 31 | S13: un | T13: =IF(($AA13="W"),ROUND(($L13*$R13),2),"0.00") -> 0.00 | U13: =BE13 -> -1 | V13: =V12+U13 -> -10 | W13: =W12+L13 -> 10 | X13: =SUM(V13/W13) -> -1 | Y13: =V13/100 -> -0.1 | Z13: =V13*100 -> -1000 | AA13: L | AT13: 35.6 | AU13: 31 | AV13: =((N13*(L13))-(L13)) -> 58.66 | AW13: =0.92*(N13-1)+1 -> 54.9672 | AZ13: =IF(N13>=M13,"Yes","No") -> Yes | BB13: =IF(AA13="W", L13*(N13-1), -L13 ) -> -1 | BC13: =SUMIFS( $BB:$BB, $A:$A,$A13, $H:$H,$H13, $I:$I,$I13 ) -> -5 | BD13: =IF(BC13>0, BC13*0.92, BC13) -> -5 | BE13: =IF( BC13>0, IF( AA13="W", BB13 - (BC13 - BD13), BB13 ), BB13 ) -> -1 | BF13: {=SUMPRODUCT((1/COUNTIFS($A$3:$A13,$A$3:$A13,$H$3:$H13,$H$3:$H13,$I$3:$I13,$I$3:$I13)))} -> 3 | BG13: 0 | BH13: =BG13/BF13 -> 0
A14: 46032 | C14: 12.12 | D14: Sat | E14: VIC | H14: Flemington | I14: 4 | J14: 4 | K14: Miss Playlounge | L14: 1 | M14: 8.2 | N14: 8.45 | O14: BFSP | Q14: Win | R14: 7.9285 | S14: un | T14: =IF(($AA14="W"),ROUND(($L14*$R14),2),"0.00") -> 0.00 | U14: =BE14 -> -1 | V14: =V13+U14 -> -11 | W14: =W13+L14 -> 11 | X14: =SUM(V14/W14) -> -1 | Y14: =V14/100 -> -0.11 | Z14: =V14*100 -> -1100 | AA14: L | AT14: 7.1 | AU14: 6.5 | AV14: =((N14*(L14))-(L14)) -> 7.45 | AW14: =0.92*(N14-1)+1 -> 7.854 | AZ14: =IF(N14>=M14,"Yes","No") -> Yes | BB14: =IF(AA14="W", L14*(N14-1), -L14 ) -> -1 | BC14: =SUMIFS( $BB:$BB, $A:$A,$A14, $H:$H,$H14, $I:$I,$I14 ) -> 9.4 | BD14: =IF(BC14>0, BC14*0.92, BC14) -> 8.648 | BE14: =IF( BC14>0, IF( AA14="W", BB14 - (BC14 - BD14), BB14 ), BB14 ) -> -1 | BF14: {=SUMPRODUCT((1/COUNTIFS($A$3:$A14,$A$3:$A14,$H$3:$H14,$H$3:$H14,$I$3:$I14,$I$3:$I14)))} -> 4 | BG14: 0 | BH14: =BG14/BF14 -> 0
A15: 46032 | C15: 12.12 | D15: Sat | E15: VIC | H15: Flemington | I15: 4 | J15: 8 | K15: Tarvue | L15: 1 | M15: 11 | N15: 14.4 | O15: BFSP | Q15: Win | R15: 13.462 | S15: 1 | T15: =IF(($AA15="W"),ROUND(($L15*$R15),2),"0.00") -> 13.46 | U15: =BE15 -> 12.648 | V15: =V14+U15 -> 1.648 | W15: =W14+L15 -> 12 | X15: =SUM(V15/W15) -> 0.13733333 | Y15: =V15/100 -> 0.01648 | Z15: =V15*100 -> 164.8 | AA15: W | AT15: 13 | AU15: 14 | AV15: =((N15*(L15))-(L15)) -> 13.4 | AW15: =0.92*(N15-1)+1 -> 13.328 | AZ15: =IF(N15>=M15,"Yes","No") -> Yes | BB15: =IF(AA15="W", L15*(N15-1), -L15 ) -> 13.4 | BC15: =SUMIFS( $BB:$BB, $A:$A,$A15, $H:$H,$H15, $I:$I,$I15 ) -> 9.4 | BD15: =IF(BC15>0, BC15*0.92, BC15) -> 8.648 | BE15: =IF( BC15>0, IF( AA15="W", BB15 - (BC15 - BD15), BB15 ), BB15 ) -> 12.648 | BF15: {=SUMPRODUCT((1/COUNTIFS($A$3:$A15,$A$3:$A15,$H$3:$H15,$H$3:$H15,$I$3:$I15,$I$3:$I15)))} -> 4 | BG15: 1 | BH15: =BG15/BF15 -> 0.25
A16: 46032 | C16: 12.12 | D16: Sat | E16: VIC | H16: Flemington | I16: 4 | J16: 6 | K16: Real Alliance | L16: 1 | M16: 12.5 | N16: 37.91 | O16: BFSP | Q16: Win | R16: 35.3263 | S16: un | T16: =IF(($AA16="W"),ROUND(($L16*$R16),2),"0.00") -> 0.00 | U16: =BE16 -> -1 | V16: =V15+U16 -> 0.648 | W16: =W15+L16 -> 13 | X16: =SUM(V16/W16) -> 0.049846154 | Y16: =V16/100 -> 0.00648 | Z16: =V16*100 -> 64.8 | AA16: L | AT16: 28 | AU16: 26 | AV16: =((N16*(L16))-(L16)) -> 36.91 | AW16: =0.92*(N16-1)+1 -> 34.9572 | AZ16: =IF(N16>=M16,"Yes","No") -> Yes | BB16: =IF(AA16="W", L16*(N16-1), -L16 ) -> -1 | BC16: =SUMIFS( $BB:$BB, $A:$A,$A16, $H:$H,$H16, $I:$I,$I16 ) -> 9.4 | BD16: =IF(BC16>0, BC16*0.92, BC16) -> 8.648 | BE16: =IF( BC16>0, IF( AA16="W", BB16 - (BC16 - BD16), BB16 ), BB16 ) -> -1 | BF16: {=SUMPRODUCT((1/COUNTIFS($A$3:$A16,$A$3:$A16,$H$3:$H16,$H$3:$H16,$I$3:$I16,$I$3:$I16)))} -> 4 | BG16: 1 | BH16: =BG16/BF16 -> 0.25
A17: 46032 | C17: 12.12 | D17: Sat | E17: VIC | H17: Flemington | I17: 4 | J17: 5 | K17: Hurry Curry | L17: 1 | M17: 19.5 | N17: 20.61 | O17: BFSP | Q17: Win | R17: 19.2373 | S17: 4 | T17: =IF(($AA17="W"),ROUND(($L17*$R17),2),"0.00") -> 0.00 | U17: =BE17 -> -1 | V17: =V16+U17 -> -0.352 | W17: =W16+L17 -> 14 | X17: =SUM(V17/W17) -> -0.025142857 | Y17: =V17/100 -> -0.00352 | Z17: =V17*100 -> -35.2 | AA17: L | AT17: 14 | AU17: 16 | AV17: =((N17*(L17))-(L17)) -> 19.61 | AW17: =0.92*(N17-1)+1 -> 19.0412 | AZ17: =IF(N17>=M17,"Yes","No") -> Yes | BB17: =IF(AA17="W", L17*(N17-1), -L17 ) -> -1 | BC17: =SUMIFS( $BB:$BB, $A:$A,$A17, $H:$H,$H17, $I:$I,$I17 ) -> 9.4 | BD17: =IF(BC17>0, BC17*0.92, BC17) -> 8.648 | BE17: =IF( BC17>0, IF( AA17="W", BB17 - (BC17 - BD17), BB17 ), BB17 ) -> -1 | BF17: {=SUMPRODUCT((1/COUNTIFS($A$3:$A17,$A$3:$A17,$H$3:$H17,$H$3:$H17,$I$3:$I17,$I$3:$I17)))} -> 4 | BG17: 1 | BH17: =BG17/BF17 -> 0.25
A18: 46032 | C18: 12.12 | D18: Sat | E18: VIC | H18: Flemington | I18: 4 | J18: 9 | K18: Bon Fete | L18: 1 | M18: 22 | N18: 25.4 | O18: BFSP | Q18: Win | R18: 23.692 | S18: un | T18: =IF(($AA18="W"),ROUND(($L18*$R18),2),"0.00") -> 0.00 | U18: =BE18 -> -1 | V18: =V17+U18 -> -1.352 | W18: =W17+L18 -> 15 | X18: =SUM(V18/W18) -> -0.090133333 | Y18: =V18/100 -> -0.01352 | Z18: =V18*100 -> -135.2 | AA18: L | AT18: 21 | AU18: 21 | AV18: =((N18*(L18))-(L18)) -> 24.4 | AW18: =0.92*(N18-1)+1 -> 23.448 | AZ18: =IF(N18>=M18,"Yes","No") -> Yes | BB18: =IF(AA18="W", L18*(N18-1), -L18 ) -> -1 | BC18: =SUMIFS( $BB:$BB, $A:$A,$A18, $H:$H,$H18, $I:$I,$I18 ) -> 9.4 | BD18: =IF(BC18>0, BC18*0.92, BC18) -> 8.648 | BE18: =IF( BC18>0, IF( AA18="W", BB18 - (BC18 - BD18), BB18 ), BB18 ) -> -1 | BF18: {=SUMPRODUCT((1/COUNTIFS($A$3:$A18,$A$3:$A18,$H$3:$H18,$H$3:$H18,$I$3:$I18,$I$3:$I18)))} -> 4 | BG18: 1 | BH18: =BG18/BF18 -> 0.25
A19: 46032 | C19: 12.37 | D19: Sat | E19: VIC | H19: Flemington | I19: 5 | J19: 12 | K19: Watersports | L19: 0.5 | M19: 3.6 | N19: 4.4 | O19: BFSP | Q19: Win | R19: 4.162 | S19: 3 | T19: =IF(($AA19="W"),ROUND(($L19*$R19),2),"0.00") -> 0.00 | U19: =BE19 -> -0.5 | V19: =V18+U19 -> -1.852 | W19: =W18+L19 -> 15.5 | X19: =SUM(V19/W19) -> -0.11948387 | Y19: =V19/100 -> -0.01852 | Z19: =V19*100 -> -185.2 | AA19: L | AT19: 3.7 | AU19: 3.8 | AV19: =((N19*(L19))-(L19)) -> 1.7 | AW19: =0.92*(N19-1)+1 -> 4.128 | AZ19: =IF(N19>=M19,"Yes","No") -> Yes | BB19: =IF(AA19="W", L19*(N19-1), -L19 ) -> -0.5 | BC19: =SUMIFS( $BB:$BB, $A:$A,$A19, $H:$H,$H19, $I:$I,$I19 ) -> -4.5 | BD19: =IF(BC19>0, BC19*0.92, BC19) -> -4.5 | BE19: =IF( BC19>0, IF( AA19="W", BB19 - (BC19 - BD19), BB19 ), BB19 ) -> -0.5 | BF19: {=SUMPRODUCT((1/COUNTIFS($A$3:$A19,$A$3:$A19,$H$3:$H19,$H$3:$H19,$I$3:$I19,$I$3:$I19)))} -> 5 | BG19: 1 | BH19: =BG19/BF19 -> 0.2
A20: 46032 | C20: 12.37 | D20: Sat | E20: VIC | H20: Flemington | I20: 5 | J20: 4 | K20: Otago | L20: 1 | M20: 7.2 | N20: 7.8 | O20: BFSP | Q20: Win | R20: 7.324 | S20: un | T20: =IF(($AA20="W"),ROUND(($L20*$R20),2),"0.00") -> 0.00 | U20: =BE20 -> -1 | V20: =V19+U20 -> -2.852 | W20: =W19+L20 -> 16.5 | X20: =SUM(V20/W20) -> -0.17284848 | Y20: =V20/100 -> -0.02852 | Z20: =V20*100 -> -285.2 | AA20: L | AT20: 6.6 | AU20: 6.5 | AV20: =((N20*(L20))-(L20)) -> 6.8 | AW20: =0.92*(N20-1)+1 -> 7.256 | AZ20: =IF(N20>=M20,"Yes","No") -> Yes | BB20: =IF(AA20="W", L20*(N20-1), -L20 ) -> -1 | BC20: =SUMIFS( $BB:$BB, $A:$A,$A20, $H:$H,$H20, $I:$I,$I20 ) -> -4.5 | BD20: =IF(BC20>0, BC20*0.92, BC20) -> -4.5 | BE20: =IF( BC20>0, IF( AA20="W", BB20 - (BC20 - BD20), BB20 ), BB20 ) -> -1 | BF20: {=SUMPRODUCT((1/COUNTIFS($A$3:$A20,$A$3:$A20,$H$3:$H20,$H$3:$H20,$I$3:$I20,$I$3:$I20)))} -> 5 | BG20: 1 | BH20: =BG20/BF20 -> 0.2
A21: 46032 | C21: 12.37 | D21: Sat | E21: VIC | H21: Flemington | I21: 5 | J21: 11 | K21: His Finest Hour | L21: 1 | M21: 8.4 | N21: 13.79 | O21: BFSP | Q21: Win | R21: 12.8947 | S21: 2 | T21: =IF(($AA21="W"),ROUND(($L21*$R21),2),"0.00") -> 0.00 | U21: =BE21 -> -1 | V21: =V20+U21 -> -3.852 | W21: =W20+L21 -> 17.5 | X21: =SUM(V21/W21) -> -0.22011429 | Y21: =V21/100 -> -0.03852 | Z21: =V21*100 -> -385.2 | AA21: L | AT21: 11 | AU21: 11 | AV21: =((N21*(L21))-(L21)) -> 12.79 | AW21: =0.92*(N21-1)+1 -> 12.7668 | AZ21: =IF(N21>=M21,"Yes","No") -> Yes | BB21: =IF(AA21="W", L21*(N21-1), -L21 ) -> -1 | BC21: =SUMIFS( $BB:$BB, $A:$A,$A21, $H:$H,$H21, $I:$I,$I21 ) -> -4.5 | BD21: =IF(BC21>0, BC21*0.92, BC21) -> -4.5 | BE21: =IF( BC21>0, IF( AA21="W", BB21 - (BC21 - BD21), BB21 ), BB21 ) -> -1 | BF21: {=SUMPRODUCT((1/COUNTIFS($A$3:$A21,$A$3:$A21,$H$3:$H21,$H$3:$H21,$I$3:$I21,$I$3:$I21)))} -> 5 | BG21: 1 | BH21: =BG21/BF21 -> 0.2
A22: 46032 | C22: 12.37 | D22: Sat | E22: VIC | H22: Flemington | I22: 5 | J22: 10 | K22: Mometz | L22: 1 | M22: 8.8 | N22: 16 | O22: BFSP | Q22: Win | R22: 14.95 | S22: un | T22: =IF(($AA22="W"),ROUND(($L22*$R22),2),"0.00") -> 0.00 | U22: =BE22 -> -1 | V22: =V21+U22 -> -4.852 | W22: =W21+L22 -> 18.5 | X22: =SUM(V22/W22) -> -0.26227027 | Y22: =V22/100 -> -0.04852 | Z22: =V22*100 -> -485.2 | AA22: L | AT22: 12 | AU22: 12 | AV22: =((N22*(L22))-(L22)) -> 15 | AW22: =0.92*(N22-1)+1 -> 14.8 | AZ22: =IF(N22>=M22,"Yes","No") -> Yes | BB22: =IF(AA22="W", L22*(N22-1), -L22 ) -> -1 | BC22: =SUMIFS( $BB:$BB, $A:$A,$A22, $H:$H,$H22, $I:$I,$I22 ) -> -4.5 | BD22: =IF(BC22>0, BC22*0.92, BC22) -> -4.5 | BE22: =IF( BC22>0, IF( AA22="W", BB22 - (BC22 - BD22), BB22 ), BB22 ) -> -1 | BF22: {=SUMPRODUCT((1/COUNTIFS($A$3:$A22,$A$3:$A22,$H$3:$H22,$H$3:$H22,$I$3:$I22,$I$3:$I22)))} -> 5 | BG22: 1 | BH22: =BG22/BF22 -> 0.2
A23: 46032 | C23: 12.37 | D23: Sat | E23: VIC | H23: Flemington | I23: 5 | J23: 7 | K23: Midnight Glow | L23: 1 | M23: 22 | N23: 26.56 | O23: BFSP | Q23: Win | R23: 24.7708 | S23: un | T23: =IF(($AA23="W"),ROUND(($L23*$R23),2),"0.00") -> 0.00 | U23: =BE23 -> -1 | V23: =V22+U23 -> -5.852 | W23: =W22+L23 -> 19.5 | X23: =SUM(V23/W23) -> -0.30010256 | Y23: =V23/100 -> -0.05852 | Z23: =V23*100 -> -585.2 | AA23: L | AT23: 20.1 | AU23: 20 | AV23: =((N23*(L23))-(L23)) -> 25.56 | AW23: =0.92*(N23-1)+1 -> 24.5152 | AZ23: =IF(N23>=M23,"Yes","No") -> Yes | BB23: =IF(AA23="W", L23*(N23-1), -L23 ) -> -1 | BC23: =SUMIFS( $BB:$BB, $A:$A,$A23, $H:$H,$H23, $I:$I,$I23 ) -> -4.5 | BD23: =IF(BC23>0, BC23*0.92, BC23) -> -4.5 | BE23: =IF( BC23>0, IF( AA23="W", BB23 - (BC23 - BD23), BB23 ), BB23 ) -> -1 | BF23: {=SUMPRODUCT((1/COUNTIFS($A$3:$A23,$A$3:$A23,$H$3:$H23,$H$3:$H23,$I$3:$I23,$I$3:$I23)))} -> 5 | BG23: 1 | BH23: =BG23/BF23 -> 0.2
A24: 46032 | C24: 12.43 | D24: Sat | E24: VIC | H24: Flemington | I24: 6 | J24: 12 | K24: Pure Bliss | L24: 1 | M24: 19.5 | N24: 42 | O24: BFSP | Q24: Win | R24: 39.13 | S24: un | T24: =IF(($AA24="W"),ROUND(($L24*$R24),2),"0.00") -> 0.00 | U24: =BE24 -> -1 | V24: =V23+U24 -> -6.852 | W24: =W23+L24 -> 20.5 | X24: =SUM(V24/W24) -> -0.3342439 | Y24: =V24/100 -> -0.06852 | Z24: =V24*100 -> -685.2 | AA24: L | AT24: 30.8 | AU24: 31 | AV24: =((N24*(L24))-(L24)) -> 41 | AW24: =0.92*(N24-1)+1 -> 38.72 | AZ24: =IF(N24>=M24,"Yes","No") -> Yes | BB24: =IF(AA24="W", L24*(N24-1), -L24 ) -> -1 | BC24: =SUMIFS( $BB:$BB, $A:$A,$A24, $H:$H,$H24, $I:$I,$I24 ) -> -4 | BD24: =IF(BC24>0, BC24*0.92, BC24) -> -4 | BE24: =IF( BC24>0, IF( AA24="W", BB24 - (BC24 - BD24), BB24 ), BB24 ) -> -1 | BF24: {=SUMPRODUCT((1/COUNTIFS($A$3:$A24,$A$3:$A24,$H$3:$H24,$H$3:$H24,$I$3:$I24,$I$3:$I24)))} -> 6 | BG24: 1 | BH24: =BG24/BF24 -> 0.16666667
A25: 46032 | C25: 12.43 | D25: Sat | E25: VIC | H25: Flemington | I25: 6 | J25: 11 | K25: Mr Magnus | L25: 1 | M25: 29 | N25: 90 | O25: BFSP | Q25: Win | R25: 83.77 | S25: un | T25: =IF(($AA25="W"),ROUND(($L25*$R25),2),"0.00") -> 0.00 | U25: =BE25 -> -1 | V25: =V24+U25 -> -7.852 | W25: =W24+L25 -> 21.5 | X25: =SUM(V25/W25) -> -0.3652093 | Y25: =V25/100 -> -0.07852 | Z25: =V25*100 -> -785.2 | AA25: L | AT25: 61 | AU25: 61 | AV25: =((N25*(L25))-(L25)) -> 89 | AW25: =0.92*(N25-1)+1 -> 82.88 | AZ25: =IF(N25>=M25,"Yes","No") -> Yes | BB25: =IF(AA25="W", L25*(N25-1), -L25 ) -> -1 | BC25: =SUMIFS( $BB:$BB, $A:$A,$A25, $H:$H,$H25, $I:$I,$I25 ) -> -4 | BD25: =IF(BC25>0, BC25*0.92, BC25) -> -4 | BE25: =IF( BC25>0, IF( AA25="W", BB25 - (BC25 - BD25), BB25 ), BB25 ) -> -1 | BF25: {=SUMPRODUCT((1/COUNTIFS($A$3:$A25,$A$3:$A25,$H$3:$H25,$H$3:$H25,$I$3:$I25,$I$3:$I25)))} -> 6 | BG25: 1 | BH25: =BG25/BF25 -> 0.16666667
A26: 46032 | C26: 12.43 | D26: Sat | E26: VIC | H26: Flemington | I26: 6 | J26: 9 | K26: Madame Maserati | L26: 1 | M26: 30 | N26: 90 | O26: BFSP | Q26: Win | R26: 83.77 | S26: un | T26: =IF(($AA26="W"),ROUND(($L26*$R26),2),"0.00") -> 0.00 | U26: =BE26 -> -1 | V26: =V25+U26 -> -8.852 | W26: =W25+L26 -> 22.5 | X26: =SUM(V26/W26) -> -0.39342222 | Y26: =V26/100 -> -0.08852 | Z26: =V26*100 -> -885.2 | AA26: L | AT26: 57.2 | AU26: 61 | AV26: =((N26*(L26))-(L26)) -> 89 | AW26: =0.92*(N26-1)+1 -> 82.88 | AZ26: =IF(N26>=M26,"Yes","No") -> Yes | BB26: =IF(AA26="W", L26*(N26-1), -L26 ) -> -1 | BC26: =SUMIFS( $BB:$BB, $A:$A,$A26, $H:$H,$H26, $I:$I,$I26 ) -> -4 | BD26: =IF(BC26>0, BC26*0.92, BC26) -> -4 | BE26: =IF( BC26>0, IF( AA26="W", BB26 - (BC26 - BD26), BB26 ), BB26 ) -> -1 | BF26: {=SUMPRODUCT((1/COUNTIFS($A$3:$A26,$A$3:$A26,$H$3:$H26,$H$3:$H26,$I$3:$I26,$I$3:$I26)))} -> 6 | BG26: 1 | BH26: =BG26/BF26 -> 0.16666667
A27: 46032 | C27: 12.43 | D27: Sat | E27: VIC | H27: Flemington | I27: 6 | J27: 10 | K27: Blackberry Bomb | L27: 1 | M27: 30 | N27: 62.9 | O27: BFSP | Q27: Win | R27: 58.567 | S27: un | T27: =IF(($AA27="W"),ROUND(($L27*$R27),2),"0.00") -> 0.00 | U27: =BE27 -> -1 | V27: =V26+U27 -> -9.852 | W27: =W26+L27 -> 23.5 | X27: =SUM(V27/W27) -> -0.41923404 | Y27: =V27/100 -> -0.09852 | Z27: =V27*100 -> -985.2 | AA27: L | AT27: 43.9 | AU27: 41 | AV27: =((N27*(L27))-(L27)) -> 61.9 | AW27: =0.92*(N27-1)+1 -> 57.948 | AZ27: =IF(N27>=M27,"Yes","No") -> Yes | BB27: =IF(AA27="W", L27*(N27-1), -L27 ) -> -1 | BC27: =SUMIFS( $BB:$BB, $A:$A,$A27, $H:$H,$H27, $I:$I,$I27 ) -> -4 | BD27: =IF(BC27>0, BC27*0.92, BC27) -> -4 | BE27: =IF( BC27>0, IF( AA27="W", BB27 - (BC27 - BD27), BB27 ), BB27 ) -> -1 | BF27: {=SUMPRODUCT((1/COUNTIFS($A$3:$A27,$A$3:$A27,$H$3:$H27,$H$3:$H27,$I$3:$I27,$I$3:$I27)))} -> 6 | BG27: 1 | BH27: =BG27/BF27 -> 0.16666667
A28: 46032 | C28: 1.06 | D28: Sat | E28: VIC | H28: Flemington | I28: 7 | J28: 11 | K28: Teardrop Rotation | L28: 1 | M28: 9.8 | N28: 21.2 | O28: BFSP | Q28: Win | R28: 19.786 | S28: 3 | T28: =IF(($AA28="W"),ROUND(($L28*$R28),2),"0.00") -> 0.00 | U28: =BE28 -> -1 | V28: =V27+U28 -> -10.852 | W28: =W27+L28 -> 24.5 | X28: =SUM(V28/W28) -> -0.44293878 | Y28: =V28/100 -> -0.10852 | Z28: =V28*100 -> -1085.2 | AA28: L | AT28: 14.7 | AU28: 14 | AV28: =((N28*(L28))-(L28)) -> 20.2 | AW28: =0.92*(N28-1)+1 -> 19.584 | AZ28: =IF(N28>=M28,"Yes","No") -> Yes | BB28: =IF(AA28="W", L28*(N28-1), -L28 ) -> -1 | BC28: =SUMIFS( $BB:$BB, $A:$A,$A28, $H:$H,$H28, $I:$I,$I28 ) -> -4 | BD28: =IF(BC28>0, BC28*0.92, BC28) -> -4 | BE28: =IF( BC28>0, IF( AA28="W", BB28 - (BC28 - BD28), BB28 ), BB28 ) -> -1 | BF28: {=SUMPRODUCT((1/COUNTIFS($A$3:$A28,$A$3:$A28,$H$3:$H28,$H$3:$H28,$I$3:$I28,$I$3:$I28)))} -> 7 | BG28: 1 | BH28: =BG28/BF28 -> 0.14285714
A29: 46032 | C29: 1.06 | D29: Sat | E29: VIC | H29: Flemington | I29: 7 | J29: 5 | K29: Angland | L29: 1 | M29: 10 | N29: 13 | O29: BFSP | Q29: Win | R29: 12.16 | S29: 4 | T29: =IF(($AA29="W"),ROUND(($L29*$R29),2),"0.00") -> 0.00 | U29: =BE29 -> -1 | V29: =V28+U29 -> -11.852 | W29: =W28+L29 -> 25.5 | X29: =SUM(V29/W29) -> -0.46478431 | Y29: =V29/100 -> -0.11852 | Z29: =V29*100 -> -1185.2 | AA29: L | AT29: 12 | AU29: 14 | AV29: =((N29*(L29))-(L29)) -> 12 | AW29: =0.92*(N29-1)+1 -> 12.04 | AZ29: =IF(N29>=M29,"Yes","No") -> Yes | BB29: =IF(AA29="W", L29*(N29-1), -L29 ) -> -1 | BC29: =SUMIFS( $BB:$BB, $A:$A,$A29, $H:$H,$H29, $I:$I,$I29 ) -> -4 | BD29: =IF(BC29>0, BC29*0.92, BC29) -> -4 | BE29: =IF( BC29>0, IF( AA29="W", BB29 - (BC29 - BD29), BB29 ), BB29 ) -> -1 | BF29: {=SUMPRODUCT((1/COUNTIFS($A$3:$A29,$A$3:$A29,$H$3:$H29,$H$3:$H29,$I$3:$I29,$I$3:$I29)))} -> 7 | BG29: 1 | BH29: =BG29/BF29 -> 0.14285714
A30: 46032 | C30: 1.06 | D30: Sat | E30: VIC | H30: Flemington | I30: 7 | J30: 3 | K30: Roadcone | L30: 1 | M30: 11 | N30: 18.45 | O30: BFSP | Q30: Win | R30: 17.2285 | S30: un | T30: =IF(($AA30="W"),ROUND(($L30*$R30),2),"0.00") -> 0.00 | U30: =BE30 -> -1 | V30: =V29+U30 -> -12.852 | W30: =W29+L30 -> 26.5 | X30: =SUM(V30/W30) -> -0.48498113 | Y30: =V30/100 -> -0.12852 | Z30: =V30*100 -> -1285.2 | AA30: L | AT30: 13 | AU30: 13 | AV30: =((N30*(L30))-(L30)) -> 17.45 | AW30: =0.92*(N30-1)+1 -> 17.054 | AZ30: =IF(N30>=M30,"Yes","No") -> Yes | BB30: =IF(AA30="W", L30*(N30-1), -L30 ) -> -1 | BC30: =SUMIFS( $BB:$BB, $A:$A,$A30, $H:$H,$H30, $I:$I,$I30 ) -> -4 | BD30: =IF(BC30>0, BC30*0.92, BC30) -> -4 | BE30: =IF( BC30>0, IF( AA30="W", BB30 - (BC30 - BD30), BB30 ), BB30 ) -> -1 | BF30: {=SUMPRODUCT((1/COUNTIFS($A$3:$A30,$A$3:$A30,$H$3:$H30,$H$3:$H30,$I$3:$I30,$I$3:$I30)))} -> 7 | BG30: 1 | BH30: =BG30/BF30 -> 0.14285714
A31: 46032 | C31: 1.06 | D31: Sat | E31: VIC | H31: Flemington | I31: 7 | J31: 9 | K31: Shiny New Deel | L31: 1 | M31: 20 | N31: 48.75 | O31: BFSP | Q31: Win | R31: 45.41 | S31: un | T31: =IF(($AA31="W"),ROUND(($L31*$R31),2),"0.00") -> 0.00 | U31: =BE31 -> -1 | V31: =V30+U31 -> -13.852 | W31: =W30+L31 -> 27.5 | X31: =SUM(V31/W31) -> -0.50370909 | Y31: =V31/100 -> -0.13852 | Z31: =V31*100 -> -1385.2 | AA31: L | AT31: 31 | AU31: 31 | AV31: =((N31*(L31))-(L31)) -> 47.75 | AW31: =0.92*(N31-1)+1 -> 44.93 | AZ31: =IF(N31>=M31,"Yes","No") -> Yes | BB31: =IF(AA31="W", L31*(N31-1), -L31 ) -> -1 | BC31: =SUMIFS( $BB:$BB, $A:$A,$A31, $H:$H,$H31, $I:$I,$I31 ) -> -4 | BD31: =IF(BC31>0, BC31*0.92, BC31) -> -4 | BE31: =IF( BC31>0, IF( AA31="W", BB31 - (BC31 - BD31), BB31 ), BB31 ) -> -1 | BF31: {=SUMPRODUCT((1/COUNTIFS($A$3:$A31,$A$3:$A31,$H$3:$H31,$H$3:$H31,$I$3:$I31,$I$3:$I31)))} -> 7 | BG31: 1 | BH31: =BG31/BF31 -> 0.14285714
A32: 46032 | C32: 1.4 | D32: Sat | E32: VIC | H32: Flemington | I32: 8 | J32: 4 | K32: Aztec Ruler | L32: 1 | M32: 8.6 | N32: 26.78 | O32: BFSP | Q32: Win | R32: 24.9754 | S32: un | T32: =IF(($AA32="W"),ROUND(($L32*$R32),2),"0.00") -> 0.00 | U32: =BE32 -> -1 | V32: =V31+U32 -> -14.852 | W32: =W31+L32 -> 28.5 | X32: =SUM(V32/W32) -> -0.52112281 | Y32: =V32/100 -> -0.14852 | Z32: =V32*100 -> -1485.2 | AA32: L | AT32: 21 | AU32: 21 | AV32: =((N32*(L32))-(L32)) -> 25.78 | AW32: =0.92*(N32-1)+1 -> 24.7176 | AZ32: =IF(N32>=M32,"Yes","No") -> Yes | BB32: =IF(AA32="W", L32*(N32-1), -L32 ) -> -1 | BC32: =SUMIFS( $BB:$BB, $A:$A,$A32, $H:$H,$H32, $I:$I,$I32 ) -> -4 | BD32: =IF(BC32>0, BC32*0.92, BC32) -> -4 | BE32: =IF( BC32>0, IF( AA32="W", BB32 - (BC32 - BD32), BB32 ), BB32 ) -> -1 | BF32: {=SUMPRODUCT((1/COUNTIFS($A$3:$A32,$A$3:$A32,$H$3:$H32,$H$3:$H32,$I$3:$I32,$I$3:$I32)))} -> 8 | BG32: 1 | BH32: =BG32/BF32 -> 0.125
A33: 46032 | C33: 1.4 | D33: Sat | E33: VIC | H33: Flemington | I33: 8 | J33: 8 | K33: Samangu | L33: 1 | M33: 14.5 | N33: 23.99 | O33: BFSP | Q33: Win | R33: 22.3807 | S33: un | T33: =IF(($AA33="W"),ROUND(($L33*$R33),2),"0.00") -> 0.00 | U33: =BE33 -> -1 | V33: =V32+U33 -> -15.852 | W33: =W32+L33 -> 29.5 | X33: =SUM(V33/W33) -> -0.53735593 | Y33: =V33/100 -> -0.15852 | Z33: =V33*100 -> -1585.2 | AA33: L | AT33: 18.1 | AU33: 18 | AV33: =((N33*(L33))-(L33)) -> 22.99 | AW33: =0.92*(N33-1)+1 -> 22.1508 | AZ33: =IF(N33>=M33,"Yes","No") -> Yes | BB33: =IF(AA33="W", L33*(N33-1), -L33 ) -> -1 | BC33: =SUMIFS( $BB:$BB, $A:$A,$A33, $H:$H,$H33, $I:$I,$I33 ) -> -4 | BD33: =IF(BC33>0, BC33*0.92, BC33) -> -4 | BE33: =IF( BC33>0, IF( AA33="W", BB33 - (BC33 - BD33), BB33 ), BB33 ) -> -1 | BF33: {=SUMPRODUCT((1/COUNTIFS($A$3:$A33,$A$3:$A33,$H$3:$H33,$H$3:$H33,$I$3:$I33,$I$3:$I33)))} -> 8 | BG33: 1 | BH33: =BG33/BF33 -> 0.125
A34: 46032 | C34: 1.4 | D34: Sat | E34: VIC | H34: Flemington | I34: 8 | J34: 10 | K34: Extrawtwo | L34: 1 | M34: 32 | N34: 59.4 | O34: BFSP | Q34: Win | R34: 55.312 | S34: 2 | T34: =IF(($AA34="W"),ROUND(($L34*$R34),2),"0.00") -> 0.00 | U34: =BE34 -> -1 | V34: =V33+U34 -> -16.852 | W34: =W33+L34 -> 30.5 | X34: =SUM(V34/W34) -> -0.55252459 | Y34: =V34/100 -> -0.16852 | Z34: =V34*100 -> -1685.2 | AA34: L | AT34: 41 | AU34: 41 | AV34: =((N34*(L34))-(L34)) -> 58.4 | AW34: =0.92*(N34-1)+1 -> 54.728 | AZ34: =IF(N34>=M34,"Yes","No") -> Yes | BB34: =IF(AA34="W", L34*(N34-1), -L34 ) -> -1 | BC34: =SUMIFS( $BB:$BB, $A:$A,$A34, $H:$H,$H34, $I:$I,$I34 ) -> -4 | BD34: =IF(BC34>0, BC34*0.92, BC34) -> -4 | BE34: =IF( BC34>0, IF( AA34="W", BB34 - (BC34 - BD34), BB34 ), BB34 ) -> -1 | BF34: {=SUMPRODUCT((1/COUNTIFS($A$3:$A34,$A$3:$A34,$H$3:$H34,$H$3:$H34,$I$3:$I34,$I$3:$I34)))} -> 8 | BG34: 1 | BH34: =BG34/BF34 -> 0.125
A35: 46032 | C35: 1.4 | D35: Sat | E35: VIC | H35: Flemington | I35: 8 | J35: 12 | K35: Celsius Star | L35: 1 | M35: 44 | N35: 80 | O35: BFSP | Q35: Win | R35: 74.47 | S35: un | T35: =IF(($AA35="W"),ROUND(($L35*$R35),2),"0.00") -> 0.00 | U35: =BE35 -> -1 | V35: =V34+U35 -> -17.852 | W35: =W34+L35 -> 31.5 | X35: =SUM(V35/W35) -> -0.56673016 | Y35: =V35/100 -> -0.17852 | Z35: =V35*100 -> -1785.2 | AA35: L | AT35: 64 | AU35: 61 | AV35: =((N35*(L35))-(L35)) -> 79 | AW35: =0.92*(N35-1)+1 -> 73.68 | AZ35: =IF(N35>=M35,"Yes","No") -> Yes | BB35: =IF(AA35="W", L35*(N35-1), -L35 ) -> -1 | BC35: =SUMIFS( $BB:$BB, $A:$A,$A35, $H:$H,$H35, $I:$I,$I35 ) -> -4 | BD35: =IF(BC35>0, BC35*0.92, BC35) -> -4 | BE35: =IF( BC35>0, IF( AA35="W", BB35 - (BC35 - BD35), BB35 ), BB35 ) -> -1 | BF35: {=SUMPRODUCT((1/COUNTIFS($A$3:$A35,$A$3:$A35,$H$3:$H35,$H$3:$H35,$I$3:$I35,$I$3:$I35)))} -> 8 | BG35: 1 | BH35: =BG35/BF35 -> 0.125
A36: 46032 | C36: 2.25 | D36: Sat | E36: VIC | H36: Flemington | I36: 9 | J36: 9 | K36: Three Rings | L36: 1 | M36: 16.5 | N36: 38 | O36: BFSP | Q36: Win | R36: 35.41 | S36: un | T36: =IF(($AA36="W"),ROUND(($L36*$R36),2),"0.00") -> 0.00 | U36: =BE36 -> -1 | V36: =V35+U36 -> -18.852 | W36: =W35+L36 -> 32.5 | X36: =SUM(V36/W36) -> -0.58006154 | Y36: =V36/100 -> -0.18852 | Z36: =V36*100 -> -1885.2 | AA36: L | AT36: 32.4 | AU36: 31 | AV36: =((N36*(L36))-(L36)) -> 37 | AW36: =0.92*(N36-1)+1 -> 35.04 | AZ36: =IF(N36>=M36,"Yes","No") -> Yes | BB36: =IF(AA36="W", L36*(N36-1), -L36 ) -> -1 | BC36: =SUMIFS( $BB:$BB, $A:$A,$A36, $H:$H,$H36, $I:$I,$I36 ) -> 37.75 | BD36: =IF(BC36>0, BC36*0.92, BC36) -> 34.73 | BE36: =IF( BC36>0, IF( AA36="W", BB36 - (BC36 - BD36), BB36 ), BB36 ) -> -1 | BF36: {=SUMPRODUCT((1/COUNTIFS($A$3:$A36,$A$3:$A36,$H$3:$H36,$H$3:$H36,$I$3:$I36,$I$3:$I36)))} -> 9 | BG36: 1 | BH36: =BG36/BF36 -> 0.11111111
A37: 46032 | C37: 2.25 | D37: Sat | E37: VIC | H37: Flemington | I37: 9 | J37: 6 | K37: Flying Mikki | L37: 1 | M37: 21 | N37: 71.41 | O37: BFSP | Q37: Win | R37: 66.4813 | S37: 2 | T37: =IF(($AA37="W"),ROUND(($L37*$R37),2),"0.00") -> 0.00 | U37: =BE37 -> -1 | V37: =V36+U37 -> -19.852 | W37: =W36+L37 -> 33.5 | X37: =SUM(V37/W37) -> -0.59259701 | Y37: =V37/100 -> -0.19852 | Z37: =V37*100 -> -1985.2 | AA37: L | AT37: 45.3 | AU37: 41 | AV37: =((N37*(L37))-(L37)) -> 70.41 | AW37: =0.92*(N37-1)+1 -> 65.7772 | AZ37: =IF(N37>=M37,"Yes","No") -> Yes | BB37: =IF(AA37="W", L37*(N37-1), -L37 ) -> -1 | BC37: =SUMIFS( $BB:$BB, $A:$A,$A37, $H:$H,$H37, $I:$I,$I37 ) -> 37.75 | BD37: =IF(BC37>0, BC37*0.92, BC37) -> 34.73 | BE37: =IF( BC37>0, IF( AA37="W", BB37 - (BC37 - BD37), BB37 ), BB37 ) -> -1 | BF37: {=SUMPRODUCT((1/COUNTIFS($A$3:$A37,$A$3:$A37,$H$3:$H37,$H$3:$H37,$I$3:$I37,$I$3:$I37)))} -> 9 | BG37: 1 | BH37: =BG37/BF37 -> 0.11111111
A38: 46032 | C38: 2.25 | D38: Sat | E38: VIC | H38: Flemington | I38: 9 | J38: 5 | K38: Fission | L38: 1 | M38: 28 | N38: 41.75 | O38: BFSP | Q38: Win | R38: 38.8975 | S38: 1 | T38: =IF(($AA38="W"),ROUND(($L38*$R38),2),"0.00") -> 38.9 | U38: =BE38 -> 37.73 | V38: =V37+U38 -> 17.878 | W38: =W37+L38 -> 34.5 | X38: =SUM(V38/W38) -> 0.5182029 | Y38: =V38/100 -> 0.17878 | Z38: =V38*100 -> 1787.8 | AA38: W | AT38: 31 | AU38: 31 | AV38: =((N38*(L38))-(L38)) -> 40.75 | AW38: =0.92*(N38-1)+1 -> 38.49 | AZ38: =IF(N38>=M38,"Yes","No") -> Yes | BB38: =IF(AA38="W", L38*(N38-1), -L38 ) -> 40.75 | BC38: =SUMIFS( $BB:$BB, $A:$A,$A38, $H:$H,$H38, $I:$I,$I38 ) -> 37.75 | BD38: =IF(BC38>0, BC38*0.92, BC38) -> 34.73 | BE38: =IF( BC38>0, IF( AA38="W", BB38 - (BC38 - BD38), BB38 ), BB38 ) -> 37.73 | BF38: {=SUMPRODUCT((1/COUNTIFS($A$3:$A38,$A$3:$A38,$H$3:$H38,$H$3:$H38,$I$3:$I38,$I$3:$I38)))} -> 9 | BG38: 2 | BH38: =BG38/BF38 -> 0.22222222
A39: 46032 | C39: 2.25 | D39: Sat | E39: VIC | H39: Flemington | I39: 9 | J39: 7 | K39: Ikasara | L39: 1 | M39: 29 | N39: 46 | O39: BFSP | Q39: Win | R39: 42.85 | S39: un | T39: =IF(($AA39="W"),ROUND(($L39*$R39),2),"0.00") -> 0.00 | U39: =BE39 -> -1 | V39: =V38+U39 -> 16.878 | W39: =W38+L39 -> 35.5 | X39: =SUM(V39/W39) -> 0.47543662 | Y39: =V39/100 -> 0.16878 | Z39: =V39*100 -> 1687.8 | AA39: L | AT39: 26 | AU39: 26 | AV39: =((N39*(L39))-(L39)) -> 45 | AW39: =0.92*(N39-1)+1 -> 42.4 | AZ39: =IF(N39>=M39,"Yes","No") -> Yes | BB39: =IF(AA39="W", L39*(N39-1), -L39 ) -> -1 | BC39: =SUMIFS( $BB:$BB, $A:$A,$A39, $H:$H,$H39, $I:$I,$I39 ) -> 37.75 | BD39: =IF(BC39>0, BC39*0.92, BC39) -> 34.73 | BE39: =IF( BC39>0, IF( AA39="W", BB39 - (BC39 - BD39), BB39 ), BB39 ) -> -1 | BF39: {=SUMPRODUCT((1/COUNTIFS($A$3:$A39,$A$3:$A39,$H$3:$H39,$H$3:$H39,$I$3:$I39,$I$3:$I39)))} -> 9 | BG39: 2 | BH39: =BG39/BF39 -> 0.22222222
A40: 46032 | C40: 2.53 | D40: Sat | E40: VIC | H40: Flemington | I40: 10 | J40: 13 | K40: Hot Digity Boom | L40: 0.5 | M40: 4.9 | N40: 5.73 | O40: BFSP | Q40: Win | R40: 5.3989 | S40: 4 | T40: =IF(($AA40="W"),ROUND(($L40*$R40),2),"0.00") -> 0.00 | U40: =BE40 -> -0.5 | V40: =V39+U40 -> 16.378 | W40: =W39+L40 -> 36 | X40: =SUM(V40/W40) -> 0.45494444 | Y40: =V40/100 -> 0.16378 | Z40: =V40*100 -> 1637.8 | AA40: L | AT40: 5.2 | AU40: 5 | AV40: =((N40*(L40))-(L40)) -> 2.365 | AW40: =0.92*(N40-1)+1 -> 5.3516 | AZ40: =IF(N40>=M40,"Yes","No") -> Yes | BB40: =IF(AA40="W", L40*(N40-1), -L40 ) -> -0.5 | BC40: =SUMIFS( $BB:$BB, $A:$A,$A40, $H:$H,$H40, $I:$I,$I40 ) -> 0 | BD40: =IF(BC40>0, BC40*0.92, BC40) -> 0 | BE40: =IF( BC40>0, IF( AA40="W", BB40 - (BC40 - BD40), BB40 ), BB40 ) -> -0.5 | BF40: {=SUMPRODUCT((1/COUNTIFS($A$3:$A40,$A$3:$A40,$H$3:$H40,$H$3:$H40,$I$3:$I40,$I$3:$I40)))} -> 10 | BG40: 2 | BH40: =BG40/BF40 -> 0.2
A41: 46032 | C41: 2.53 | D41: Sat | E41: VIC | H41: Flemington | I41: 10 | J41: 4 | K41: Porter | L41: 0.5 | M41: 6.6 | N41: 8 | O41: BFSP | Q41: Win | R41: 7.51 | S41: 1 | T41: =IF(($AA41="W"),ROUND(($L41*$R41),2),"0.00") -> 3.76 | U41: =BE41 -> 3.5 | V41: =V40+U41 -> 19.878 | W41: =W40+L41 -> 36.5 | X41: =SUM(V41/W41) -> 0.54460274 | Y41: =V41/100 -> 0.19878 | Z41: =V41*100 -> 1987.8 | AA41: W | AT41: 7 | AU41: 8 | AV41: =((N41*(L41))-(L41)) -> 3.5 | AW41: =0.92*(N41-1)+1 -> 7.44 | AZ41: =IF(N41>=M41,"Yes","No") -> Yes | BB41: =IF(AA41="W", L41*(N41-1), -L41 ) -> 3.5 | BC41: =SUMIFS( $BB:$BB, $A:$A,$A41, $H:$H,$H41, $I:$I,$I41 ) -> 0 | BD41: =IF(BC41>0, BC41*0.92, BC41) -> 0 | BE41: =IF( BC41>0, IF( AA41="W", BB41 - (BC41 - BD41), BB41 ), BB41 ) -> 3.5 | BF41: {=SUMPRODUCT((1/COUNTIFS($A$3:$A41,$A$3:$A41,$H$3:$H41,$H$3:$H41,$I$3:$I41,$I$3:$I41)))} -> 10 | BG41: 3 | BH41: =BG41/BF41 -> 0.3
A42: 46032 | C42: 2.53 | D42: Sat | E42: VIC | H42: Flemington | I42: 10 | J42: 1 | K42: Kahhof | L42: 1 | M42: 7.6 | N42: 10 | O42: BFSP | Q42: Win | R42: 9.37 | S42: un | T42: =IF(($AA42="W"),ROUND(($L42*$R42),2),"0.00") -> 0.00 | U42: =BE42 -> -1 | V42: =V41+U42 -> 18.878 | W42: =W41+L42 -> 37.5 | X42: =SUM(V42/W42) -> 0.50341333 | Y42: =V42/100 -> 0.18878 | Z42: =V42*100 -> 1887.8 | AA42: L | AT42: 9.3 | AU42: 10 | AV42: =((N42*(L42))-(L42)) -> 9 | AW42: =0.92*(N42-1)+1 -> 9.28 | AZ42: =IF(N42>=M42,"Yes","No") -> Yes | BB42: =IF(AA42="W", L42*(N42-1), -L42 ) -> -1 | BC42: =SUMIFS( $BB:$BB, $A:$A,$A42, $H:$H,$H42, $I:$I,$I42 ) -> 0 | BD42: =IF(BC42>0, BC42*0.92, BC42) -> 0 | BE42: =IF( BC42>0, IF( AA42="W", BB42 - (BC42 - BD42), BB42 ), BB42 ) -> -1 | BF42: {=SUMPRODUCT((1/COUNTIFS($A$3:$A42,$A$3:$A42,$H$3:$H42,$H$3:$H42,$I$3:$I42,$I$3:$I42)))} -> 10 | BG42: 3 | BH42: =BG42/BF42 -> 0.3
A43: 46032 | C43: 2.53 | D43: Sat | E43: VIC | H43: Flemington | I43: 10 | J43: 10 | K43: Georgie Get Mad | L43: 1 | M43: 23 | N43: 32 | O43: BFSP | Q43: Win | R43: 29.83 | S43: un | T43: =IF(($AA43="W"),ROUND(($L43*$R43),2),"0.00") -> 0.00 | U43: =BE43 -> -1 | V43: =V42+U43 -> 17.878 | W43: =W42+L43 -> 38.5 | X43: =SUM(V43/W43) -> 0.46436364 | Y43: =V43/100 -> 0.17878 | Z43: =V43*100 -> 1787.8 | AA43: L | AT43: 27.5 | AU43: 31 | AV43: =((N43*(L43))-(L43)) -> 31 | AW43: =0.92*(N43-1)+1 -> 29.52 | AZ43: =IF(N43>=M43,"Yes","No") -> Yes | BB43: =IF(AA43="W", L43*(N43-1), -L43 ) -> -1 | BC43: =SUMIFS( $BB:$BB, $A:$A,$A43, $H:$H,$H43, $I:$I,$I43 ) -> 0 | BD43: =IF(BC43>0, BC43*0.92, BC43) -> 0 | BE43: =IF( BC43>0, IF( AA43="W", BB43 - (BC43 - BD43), BB43 ), BB43 ) -> -1 | BF43: {=SUMPRODUCT((1/COUNTIFS($A$3:$A43,$A$3:$A43,$H$3:$H43,$H$3:$H43,$I$3:$I43,$I$3:$I43)))} -> 10 | BG43: 3 | BH43: =BG43/BF43 -> 0.3
A44: 46032 | C44: 2.53 | D44: Sat | E44: VIC | H44: Flemington | I44: 10 | J44: 6 | K44: Lim’s Ida | L44: 1 | M44: 29 | N44: 105.72 | O44: BFSP | Q44: Win | R44: 98.3896 | S44: un | T44: =IF(($AA44="W"),ROUND(($L44*$R44),2),"0.00") -> 0.00 | U44: =BE44 -> -1 | V44: =V43+U44 -> 16.878 | W44: =W43+L44 -> 39.5 | X44: =SUM(V44/W44) -> 0.42729114 | Y44: =V44/100 -> 0.16878 | Z44: =V44*100 -> 1687.8 | AA44: L | AT44: 75.8 | AU44: 61 | AV44: =((N44*(L44))-(L44)) -> 104.72 | AW44: =0.92*(N44-1)+1 -> 97.3424 | AZ44: =IF(N44>=M44,"Yes","No") -> Yes | BB44: =IF(AA44="W", L44*(N44-1), -L44 ) -> -1 | BC44: =SUMIFS( $BB:$BB, $A:$A,$A44, $H:$H,$H44, $I:$I,$I44 ) -> 0 | BD44: =IF(BC44>0, BC44*0.92, BC44) -> 0 | BE44: =IF( BC44>0, IF( AA44="W", BB44 - (BC44 - BD44), BB44 ), BB44 ) -> -1 | BF44: {=SUMPRODUCT((1/COUNTIFS($A$3:$A44,$A$3:$A44,$H$3:$H44,$H$3:$H44,$I$3:$I44,$I$3:$I44)))} -> 10 | BG44: 3 | BH44: =BG44/BF44 -> 0.3
A45: 46039 | C45: 11.31 | D45: Sat | E45: VIC | H45: Flemington | I45: 2 | J45: 8 | K45: Hot Too Go | L45: 0.5 | M45: 4.3 | N45: 5.65 | O45: BFSP | Q45: Win | R45: 5.3245 | S45: un | T45: =IF(($AA45="W"),ROUND(($L45*$R45),2),"0.00") -> 0.00 | U45: =BE45 -> -0.5 | V45: =V44+U45 -> 16.378 | W45: =W44+L45 -> 40 | X45: =SUM(V45/W45) -> 0.40945 | Y45: =V45/100 -> 0.16378 | Z45: =V45*100 -> 1637.8 | AA45: L | AT45: 5 | AU45: 5 | AV45: =((N45*(L45))-(L45)) -> 2.325 | AW45: =0.92*(N45-1)+1 -> 5.278 | AZ45: =IF(N45>=M45,"Yes","No") -> Yes | BB45: =IF(AA45="W", L45*(N45-1), -L45 ) -> -0.5 | BC45: =SUMIFS( $BB:$BB, $A:$A,$A45, $H:$H,$H45, $I:$I,$I45 ) -> 16.99 | BD45: =IF(BC45>0, BC45*0.92, BC45) -> 15.6308 | BE45: =IF( BC45>0, IF( AA45="W", BB45 - (BC45 - BD45), BB45 ), BB45 ) -> -0.5 | BF45: {=SUMPRODUCT((1/COUNTIFS($A$3:$A45,$A$3:$A45,$H$3:$H45,$H$3:$H45,$I$3:$I45,$I$3:$I45)))} -> 11 | BG45: 3 | BH45: =BG45/BF45 -> 0.27272727
A46: 46039 | C46: 11.31 | D46: Sat | E46: VIC | H46: Flemington | I46: 2 | J46: 9 | K46: Navy Heart | L46: 1 | M46: 9.8 | N46: 12 | O46: BFSP | Q46: Win | R46: 11.23 | S46: 3 | T46: =IF(($AA46="W"),ROUND(($L46*$R46),2),"0.00") -> 0.00 | U46: =BE46 -> -1 | V46: =V45+U46 -> 15.378 | W46: =W45+L46 -> 41 | X46: =SUM(V46/W46) -> 0.37507317 | Y46: =V46/100 -> 0.15378 | Z46: =V46*100 -> 1537.8 | AA46: L | AT46: 10 | AU46: 10 | AV46: =((N46*(L46))-(L46)) -> 11 | AW46: =0.92*(N46-1)+1 -> 11.12 | AZ46: =IF(N46>=M46,"Yes","No") -> Yes | BB46: =IF(AA46="W", L46*(N46-1), -L46 ) -> -1 | BC46: =SUMIFS( $BB:$BB, $A:$A,$A46, $H:$H,$H46, $I:$I,$I46 ) -> 16.99 | BD46: =IF(BC46>0, BC46*0.92, BC46) -> 15.6308 | BE46: =IF( BC46>0, IF( AA46="W", BB46 - (BC46 - BD46), BB46 ), BB46 ) -> -1 | BF46: {=SUMPRODUCT((1/COUNTIFS($A$3:$A46,$A$3:$A46,$H$3:$H46,$H$3:$H46,$I$3:$I46,$I$3:$I46)))} -> 11 | BG46: 3 | BH46: =BG46/BF46 -> 0.27272727
A47: 46039 | C47: 11.31 | D47: Sat | E47: VIC | H47: Flemington | I47: 2 | J47: 4 | K47: Dictionary | L47: 1 | M47: 10.5 | N47: 20.49 | O47: BFSP | Q47: Win | R47: 19.1257 | S47: 1 | T47: =IF(($AA47="W"),ROUND(($L47*$R47),2),"0.00") -> 19.13 | U47: =BE47 -> 18.1308 | V47: =V46+U47 -> 33.5088 | W47: =W46+L47 -> 42 | X47: =SUM(V47/W47) -> 0.79782857 | Y47: =V47/100 -> 0.335088 | Z47: =V47*100 -> 3350.88 | AA47: W | AT47: 15.6 | AU47: 15 | AV47: =((N47*(L47))-(L47)) -> 19.49 | AW47: =0.92*(N47-1)+1 -> 18.9308 | AZ47: =IF(N47>=M47,"Yes","No") -> Yes | BB47: =IF(AA47="W", L47*(N47-1), -L47 ) -> 19.49 | BC47: =SUMIFS( $BB:$BB, $A:$A,$A47, $H:$H,$H47, $I:$I,$I47 ) -> 16.99 | BD47: =IF(BC47>0, BC47*0.92, BC47) -> 15.6308 | BE47: =IF( BC47>0, IF( AA47="W", BB47 - (BC47 - BD47), BB47 ), BB47 ) -> 18.1308 | BF47: {=SUMPRODUCT((1/COUNTIFS($A$3:$A47,$A$3:$A47,$H$3:$H47,$H$3:$H47,$I$3:$I47,$I$3:$I47)))} -> 11 | BG47: 4 | BH47: =BG47/BF47 -> 0.36363636
A48: 46039 | C48: 11.31 | D48: Sat | E48: VIC | H48: Flemington | I48: 2 | J48: 2 | K48: Eagle Angel | L48: 1 | M48: 12 | N48: 15.29 | O48: BFSP | Q48: Win | R48: 14.2897 | S48: un | T48: =IF(($AA48="W"),ROUND(($L48*$R48),2),"0.00") -> 0.00 | U48: =BE48 -> -1 | V48: =V47+U48 -> 32.5088 | W48: =W47+L48 -> 43 | X48: =SUM(V48/W48) -> 0.7560186 | Y48: =V48/100 -> 0.325088 | Z48: =V48*100 -> 3250.88 | AA48: L | AT48: 13.5 | AU48: 12 | AV48: =((N48*(L48))-(L48)) -> 14.29 | AW48: =0.92*(N48-1)+1 -> 14.1468 | AZ48: =IF(N48>=M48,"Yes","No") -> Yes | BB48: =IF(AA48="W", L48*(N48-1), -L48 ) -> -1 | BC48: =SUMIFS( $BB:$BB, $A:$A,$A48, $H:$H,$H48, $I:$I,$I48 ) -> 16.99 | BD48: =IF(BC48>0, BC48*0.92, BC48) -> 15.6308 | BE48: =IF( BC48>0, IF( AA48="W", BB48 - (BC48 - BD48), BB48 ), BB48 ) -> -1 | BF48: {=SUMPRODUCT((1/COUNTIFS($A$3:$A48,$A$3:$A48,$H$3:$H48,$H$3:$H48,$I$3:$I48,$I$3:$I48)))} -> 11 | BG48: 4 | BH48: =BG48/BF48 -> 0.36363636
A49: 46039 | C49: 11.36 | D49: Sat | E49: VIC | H49: Flemington | I49: 3 | J49: 4 | K49: The Mean Fiddler | L49: 0.5 | M49: 4.3 | N49: 4.6 | O49: BFSP | Q49: Win | R49: 4.348 | S49: 3 | T49: =IF(($AA49="W"),ROUND(($L49*$R49),2),"0.00") -> 0.00 | U49: =BE49 -> -0.5 | V49: =V48+U49 -> 32.0088 | W49: =W48+L49 -> 43.5 | X49: =SUM(V49/W49) -> 0.73583448 | Y49: =V49/100 -> 0.320088 | Z49: =V49*100 -> 3200.88 | AA49: L | AT49: 4.1 | AU49: 4.4 | AV49: =((N49*(L49))-(L49)) -> 1.8 | AW49: =0.92*(N49-1)+1 -> 4.312 | AZ49: =IF(N49>=M49,"Yes","No") -> Yes | BB49: =IF(AA49="W", L49*(N49-1), -L49 ) -> -0.5 | BC49: =SUMIFS( $BB:$BB, $A:$A,$A49, $H:$H,$H49, $I:$I,$I49 ) -> -4 | BD49: =IF(BC49>0, BC49*0.92, BC49) -> -4 | BE49: =IF( BC49>0, IF( AA49="W", BB49 - (BC49 - BD49), BB49 ), BB49 ) -> -0.5 | BF49: {=SUMPRODUCT((1/COUNTIFS($A$3:$A49,$A$3:$A49,$H$3:$H49,$H$3:$H49,$I$3:$I49,$I$3:$I49)))} -> 12 | BG49: 4 | BH49: =BG49/BF49 -> 0.33333333
A50: 46039 | C50: 11.36 | D50: Sat | E50: VIC | H50: Flemington | I50: 3 | J50: 1 | K50: Wrigley Field | L50: 0.5 | M50: 4.4 | N50: 6.2 | O50: BFSP | Q50: Win | R50: 5.836 | S50: 4 | T50: =IF(($AA50="W"),ROUND(($L50*$R50),2),"0.00") -> 0.00 | U50: =BE50 -> -0.5 | V50: =V49+U50 -> 31.5088 | W50: =W49+L50 -> 44 | X50: =SUM(V50/W50) -> 0.71610909 | Y50: =V50/100 -> 0.315088 | Z50: =V50*100 -> 3150.88 | AA50: L | AT50: 6.3 | AU50: 6 | AV50: =((N50*(L50))-(L50)) -> 2.6 | AW50: =0.92*(N50-1)+1 -> 5.784 | AZ50: =IF(N50>=M50,"Yes","No") -> Yes | BB50: =IF(AA50="W", L50*(N50-1), -L50 ) -> -0.5 | BC50: =SUMIFS( $BB:$BB, $A:$A,$A50, $H:$H,$H50, $I:$I,$I50 ) -> -4 | BD50: =IF(BC50>0, BC50*0.92, BC50) -> -4 | BE50: =IF( BC50>0, IF( AA50="W", BB50 - (BC50 - BD50), BB50 ), BB50 ) -> -0.5 | BF50: {=SUMPRODUCT((1/COUNTIFS($A$3:$A50,$A$3:$A50,$H$3:$H50,$H$3:$H50,$I$3:$I50,$I$3:$I50)))} -> 12 | BG50: 4 | BH50: =BG50/BF50 -> 0.33333333
A51: 46039 | C51: 11.36 | D51: Sat | E51: VIC | H51: Flemington | I51: 3 | J51: 8 | K51: Helioson | L51: 1 | M51: 12.5 | N51: 14.5 | O51: BFSP | Q51: Win | R51: 13.555 | S51: un | T51: =IF(($AA51="W"),ROUND(($L51*$R51),2),"0.00") -> 0.00 | U51: =BE51 -> -1 | V51: =V50+U51 -> 30.5088 | W51: =W50+L51 -> 45 | X51: =SUM(V51/W51) -> 0.67797333 | Y51: =V51/100 -> 0.305088 | Z51: =V51*100 -> 3050.88 | AA51: L | AT51: 11.2 | AU51: 10 | AV51: =((N51*(L51))-(L51)) -> 13.5 | AW51: =0.92*(N51-1)+1 -> 13.42 | AZ51: =IF(N51>=M51,"Yes","No") -> Yes | BB51: =IF(AA51="W", L51*(N51-1), -L51 ) -> -1 | BC51: =SUMIFS( $BB:$BB, $A:$A,$A51, $H:$H,$H51, $I:$I,$I51 ) -> -4 | BD51: =IF(BC51>0, BC51*0.92, BC51) -> -4 | BE51: =IF( BC51>0, IF( AA51="W", BB51 - (BC51 - BD51), BB51 ), BB51 ) -> -1 | BF51: {=SUMPRODUCT((1/COUNTIFS($A$3:$A51,$A$3:$A51,$H$3:$H51,$H$3:$H51,$I$3:$I51,$I$3:$I51)))} -> 12 | BG51: 4 | BH51: =BG51/BF51 -> 0.33333333
A52: 46039 | C52: 11.36 | D52: Sat | E52: VIC | H52: Flemington | I52: 3 | J52: 5 | K52: Johnich | L52: 1 | M52: 16 | N52: 26.63 | O52: BFSP | Q52: Win | R52: 24.8359 | S52: 2 | T52: =IF(($AA52="W"),ROUND(($L52*$R52),2),"0.00") -> 0.00 | U52: =BE52 -> -1 | V52: =V51+U52 -> 29.5088 | W52: =W51+L52 -> 46 | X52: =SUM(V52/W52) -> 0.64149565 | Y52: =V52/100 -> 0.295088 | Z52: =V52*100 -> 2950.88 | AA52: L | AT52: 19 | AU52: 19 | AV52: =((N52*(L52))-(L52)) -> 25.63 | AW52: =0.92*(N52-1)+1 -> 24.5796 | AZ52: =IF(N52>=M52,"Yes","No") -> Yes | BB52: =IF(AA52="W", L52*(N52-1), -L52 ) -> -1 | BC52: =SUMIFS( $BB:$BB, $A:$A,$A52, $H:$H,$H52, $I:$I,$I52 ) -> -4 | BD52: =IF(BC52>0, BC52*0.92, BC52) -> -4 | BE52: =IF( BC52>0, IF( AA52="W", BB52 - (BC52 - BD52), BB52 ), BB52 ) -> -1 | BF52: {=SUMPRODUCT((1/COUNTIFS($A$3:$A52,$A$3:$A52,$H$3:$H52,$H$3:$H52,$I$3:$I52,$I$3:$I52)))} -> 12 | BG52: 4 | BH52: =BG52/BF52 -> 0.33333333
A53: 46039 | C53: 11.36 | D53: Sat | E53: VIC | H53: Flemington | I53: 3 | J53: 7 | K53: Aggressive | L53: 1 | M53: 36 | N53: 113.24 | O53: BFSP | Q53: Win | R53: 105.3832 | S53: un | T53: =IF(($AA53="W"),ROUND(($L53*$R53),2),"0.00") -> 0.00 | U53: =BE53 -> -1 | V53: =V52+U53 -> 28.5088 | W53: =W52+L53 -> 47 | X53: =SUM(V53/W53) -> 0.60657021 | Y53: =V53/100 -> 0.285088 | Z53: =V53*100 -> 2850.88 | AA53: L | AT53: 61 | AU53: 61 | AV53: =((N53*(L53))-(L53)) -> 112.24 | AW53: =0.92*(N53-1)+1 -> 104.2608 | AZ53: =IF(N53>=M53,"Yes","No") -> Yes | BB53: =IF(AA53="W", L53*(N53-1), -L53 ) -> -1 | BC53: =SUMIFS( $BB:$BB, $A:$A,$A53, $H:$H,$H53, $I:$I,$I53 ) -> -4 | BD53: =IF(BC53>0, BC53*0.92, BC53) -> -4 | BE53: =IF( BC53>0, IF( AA53="W", BB53 - (BC53 - BD53), BB53 ), BB53 ) -> -1 | BF53: {=SUMPRODUCT((1/COUNTIFS($A$3:$A53,$A$3:$A53,$H$3:$H53,$H$3:$H53,$I$3:$I53,$I$3:$I53)))} -> 12 | BG53: 4 | BH53: =BG53/BF53 -> 0.33333333
A54: 46039 | C54: 11.59 | D54: Sat | E54: VIC | H54: Flemington | I54: 4 | J54: 6 | K54: Dark Simba | L54: 0.5 | M54: 5.5 | N54: 5.8 | O54: BFSP | Q54: Win | R54: 5.464 | S54: un | T54: =IF(($AA54="W"),ROUND(($L54*$R54),2),"0.00") -> 0.00 | U54: =BE54 -> -0.5 | V54: =V53+U54 -> 28.0088 | W54: =W53+L54 -> 47.5 | X54: =SUM(V54/W54) -> 0.58965895 | Y54: =V54/100 -> 0.280088 | Z54: =V54*100 -> 2800.88 | AA54: L | AT54: 5.5 | AU54: 6.5 | AV54: =((N54*(L54))-(L54)) -> 2.4 | AW54: =0.92*(N54-1)+1 -> 5.416 | AZ54: =IF(N54>=M54,"Yes","No") -> Yes | BB54: =IF(AA54="W", L54*(N54-1), -L54 ) -> -0.5 | BC54: =SUMIFS( $BB:$BB, $A:$A,$A54, $H:$H,$H54, $I:$I,$I54 ) -> 0.955 | BD54: =IF(BC54>0, BC54*0.92, BC54) -> 0.8786 | BE54: =IF( BC54>0, IF( AA54="W", BB54 - (BC54 - BD54), BB54 ), BB54 ) -> -0.5 | BF54: {=SUMPRODUCT((1/COUNTIFS($A$3:$A54,$A$3:$A54,$H$3:$H54,$H$3:$H54,$I$3:$I54,$I$3:$I54)))} -> 13 | BG54: 4 | BH54: =BG54/BF54 -> 0.30769231
A55: 46039 | C55: 11.59 | D55: Sat | E55: VIC | H55: Flemington | I55: 4 | J55: 8 | K55: Ambassadorial | L55: 0.5 | M55: 5.6 | N55: 7.97 | O55: BFSP | Q55: Win | R55: 7.4821 | S55: 2 | T55: =IF(($AA55="W"),ROUND(($L55*$R55),2),"0.00") -> 0.00 | U55: =BE55 -> -0.5 | V55: =V54+U55 -> 27.5088 | W55: =W54+L55 -> 48 | X55: =SUM(V55/W55) -> 0.5731 | Y55: =V55/100 -> 0.275088 | Z55: =V55*100 -> 2750.88 | AA55: L | AT55: 6.7 | AU55: 8 | AV55: =((N55*(L55))-(L55)) -> 3.485 | AW55: =0.92*(N55-1)+1 -> 7.4124 | AZ55: =IF(N55>=M55,"Yes","No") -> Yes | BB55: =IF(AA55="W", L55*(N55-1), -L55 ) -> -0.5 | BC55: =SUMIFS( $BB:$BB, $A:$A,$A55, $H:$H,$H55, $I:$I,$I55 ) -> 0.955 | BD55: =IF(BC55>0, BC55*0.92, BC55) -> 0.8786 | BE55: =IF( BC55>0, IF( AA55="W", BB55 - (BC55 - BD55), BB55 ), BB55 ) -> -0.5 | BF55: {=SUMPRODUCT((1/COUNTIFS($A$3:$A55,$A$3:$A55,$H$3:$H55,$H$3:$H55,$I$3:$I55,$I$3:$I55)))} -> 13 | BG55: 4 | BH55: =BG55/BF55 -> 0.30769231
A56: 46039 | C56: 11.59 | D56: Sat | E56: VIC | H56: Flemington | I56: 4 | J56: 2 | K56: Fiorenot | L56: 0.5 | M56: 6.4 | N56: 6.91 | O56: BFSP | Q56: Win | R56: 6.4963 | S56: 1 | T56: =IF(($AA56="W"),ROUND(($L56*$R56),2),"0.00") -> 3.25 | U56: =BE56 -> 2.8786 | V56: =V55+U56 -> 30.3874 | W56: =W55+L56 -> 48.5 | X56: =SUM(V56/W56) -> 0.62654433 | Y56: =V56/100 -> 0.303874 | Z56: =V56*100 -> 3038.74 | AA56: W | AT56: 5.5 | AU56: 6 | AV56: =((N56*(L56))-(L56)) -> 2.955 | AW56: =0.92*(N56-1)+1 -> 6.4372 | AZ56: =IF(N56>=M56,"Yes","No") -> Yes | BB56: =IF(AA56="W", L56*(N56-1), -L56 ) -> 2.955 | BC56: =SUMIFS( $BB:$BB, $A:$A,$A56, $H:$H,$H56, $I:$I,$I56 ) -> 0.955 | BD56: =IF(BC56>0, BC56*0.92, BC56) -> 0.8786 | BE56: =IF( BC56>0, IF( AA56="W", BB56 - (BC56 - BD56), BB56 ), BB56 ) -> 2.8786 | BF56: {=SUMPRODUCT((1/COUNTIFS($A$3:$A56,$A$3:$A56,$H$3:$H56,$H$3:$H56,$I$3:$I56,$I$3:$I56)))} -> 13 | BG56: 5 | BH56: =BG56/BF56 -> 0.38461538
A57: 46039 | C57: 11.59 | D57: Sat | E57: VIC | H57: Flemington | I57: 4 | J57: 9 | K57: Frontline Action | L57: 1 | M57: 9.4 | N57: 22.31 | O57: BFSP | Q57: Win | R57: 20.8183 | S57: un | T57: =IF(($AA57="W"),ROUND(($L57*$R57),2),"0.00") -> 0.00 | U57: =BE57 -> -1 | V57: =V56+U57 -> 29.3874 | W57: =W56+L57 -> 49.5 | X57: =SUM(V57/W57) -> 0.59368485 | Y57: =V57/100 -> 0.293874 | Z57: =V57*100 -> 2938.74 | AA57: L | AT57: 16.2 | AU57: 15 | AV57: =((N57*(L57))-(L57)) -> 21.31 | AW57: =0.92*(N57-1)+1 -> 20.6052 | AZ57: =IF(N57>=M57,"Yes","No") -> Yes | BB57: =IF(AA57="W", L57*(N57-1), -L57 ) -> -1 | BC57: =SUMIFS( $BB:$BB, $A:$A,$A57, $H:$H,$H57, $I:$I,$I57 ) -> 0.955 | BD57: =IF(BC57>0, BC57*0.92, BC57) -> 0.8786 | BE57: =IF( BC57>0, IF( AA57="W", BB57 - (BC57 - BD57), BB57 ), BB57 ) -> -1 | BF57: {=SUMPRODUCT((1/COUNTIFS($A$3:$A57,$A$3:$A57,$H$3:$H57,$H$3:$H57,$I$3:$I57,$I$3:$I57)))} -> 13 | BG57: 5 | BH57: =BG57/BF57 -> 0.38461538
A58: 46039 | C58: 12.02 | D58: Sat | E58: VIC | H58: Flemington | I58: 5 | J58: 3 | K58: Mystic Reign | L58: 1 | M58: 8.4 | N58: 12.01 | O58: BFSP | Q58: Win | R58: 11.2393 | S58: un | T58: =IF(($AA58="W"),ROUND(($L58*$R58),2),"0.00") -> 0.00 | U58: =BE58 -> -1 | V58: =V57+U58 -> 28.3874 | W58: =W57+L58 -> 50.5 | X58: =SUM(V58/W58) -> 0.56212673 | Y58: =V58/100 -> 0.283874 | Z58: =V58*100 -> 2838.74 | AA58: L | AT58: 10 | AU58: 11 | AV58: =((N58*(L58))-(L58)) -> 11.01 | AW58: =0.92*(N58-1)+1 -> 11.1292 | AZ58: =IF(N58>=M58,"Yes","No") -> Yes | BB58: =IF(AA58="W", L58*(N58-1), -L58 ) -> -1 | BC58: =SUMIFS( $BB:$BB, $A:$A,$A58, $H:$H,$H58, $I:$I,$I58 ) -> 16.5 | BD58: =IF(BC58>0, BC58*0.92, BC58) -> 15.18 | BE58: =IF( BC58>0, IF( AA58="W", BB58 - (BC58 - BD58), BB58 ), BB58 ) -> -1 | BF58: {=SUMPRODUCT((1/COUNTIFS($A$3:$A58,$A$3:$A58,$H$3:$H58,$H$3:$H58,$I$3:$I58,$I$3:$I58)))} -> 14 | BG58: 5 | BH58: =BG58/BF58 -> 0.35714286
A59: 46039 | C59: 12.02 | D59: Sat | E59: VIC | H59: Flemington | I59: 5 | J59: 9 | K59: Thanks Gorgeous | L59: 1 | M59: 9 | N59: 19.5 | O59: BFSP | Q59: Win | R59: 18.205 | S59: 1 | T59: =IF(($AA59="W"),ROUND(($L59*$R59),2),"0.00") -> 18.21 | U59: =BE59 -> 17.18 | V59: =V58+U59 -> 45.5674 | W59: =W58+L59 -> 51.5 | X59: =SUM(V59/W59) -> 0.88480388 | Y59: =V59/100 -> 0.455674 | Z59: =V59*100 -> 4556.74 | AA59: W | AT59: 16 | AU59: 16 | AV59: =((N59*(L59))-(L59)) -> 18.5 | AW59: =0.92*(N59-1)+1 -> 18.02 | AZ59: =IF(N59>=M59,"Yes","No") -> Yes | BB59: =IF(AA59="W", L59*(N59-1), -L59 ) -> 18.5 | BC59: =SUMIFS( $BB:$BB, $A:$A,$A59, $H:$H,$H59, $I:$I,$I59 ) -> 16.5 | BD59: =IF(BC59>0, BC59*0.92, BC59) -> 15.18 | BE59: =IF( BC59>0, IF( AA59="W", BB59 - (BC59 - BD59), BB59 ), BB59 ) -> 17.18 | BF59: {=SUMPRODUCT((1/COUNTIFS($A$3:$A59,$A$3:$A59,$H$3:$H59,$H$3:$H59,$I$3:$I59,$I$3:$I59)))} -> 14 | BG59: 6 | BH59: =BG59/BF59 -> 0.42857143
A60: 46039 | C60: 12.02 | D60: Sat | E60: VIC | H60: Flemington | I60: 5 | J60: 8 | K60: Smart Little Miss | L60: 1 | M60: 34 | N60: 65 | O60: BFSP | Q60: Win | R60: 60.52 | S60: un | T60: =IF(($AA60="W"),ROUND(($L60*$R60),2),"0.00") -> 0.00 | U60: =BE60 -> -1 | V60: =V59+U60 -> 44.5674 | W60: =W59+L60 -> 52.5 | X60: =SUM(V60/W60) -> 0.84890286 | Y60: =V60/100 -> 0.445674 | Z60: =V60*100 -> 4456.74 | AA60: L | AT60: 51 | AU60: 51 | AV60: =((N60*(L60))-(L60)) -> 64 | AW60: =0.92*(N60-1)+1 -> 59.88 | AZ60: =IF(N60>=M60,"Yes","No") -> Yes | BB60: =IF(AA60="W", L60*(N60-1), -L60 ) -> -1 | BC60: =SUMIFS( $BB:$BB, $A:$A,$A60, $H:$H,$H60, $I:$I,$I60 ) -> 16.5 | BD60: =IF(BC60>0, BC60*0.92, BC60) -> 15.18 | BE60: =IF( BC60>0, IF( AA60="W", BB60 - (BC60 - BD60), BB60 ), BB60 ) -> -1 | BF60: {=SUMPRODUCT((1/COUNTIFS($A$3:$A60,$A$3:$A60,$H$3:$H60,$H$3:$H60,$I$3:$I60,$I$3:$I60)))} -> 14 | BG60: 6 | BH60: =BG60/BF60 -> 0.42857143
A61: 46039 | C61: 12.34 | D61: Sat | E61: VIC | H61: Flemington | I61: 6 | J61: 3 | K61: Reset The Jazz | L61: 0.5 | M61: 4.9 | N61: 5.42 | O61: BFSP | Q61: Win | R61: 5.1106 | S61: un | T61: =IF(($AA61="W"),ROUND(($L61*$R61),2),"0.00") -> 0.00 | U61: =BE61 -> -0.5 | V61: =V60+U61 -> 44.0674 | W61: =W60+L61 -> 53 | X61: =SUM(V61/W61) -> 0.83146038 | Y61: =V61/100 -> 0.440674 | Z61: =V61*100 -> 4406.74 | AA61: L | AT61: 5.2 | AU61: 5 | AV61: =((N61*(L61))-(L61)) -> 2.21 | AW61: =0.92*(N61-1)+1 -> 5.0664 | AZ61: =IF(N61>=M61,"Yes","No") -> Yes | BB61: =IF(AA61="W", L61*(N61-1), -L61 ) -> -0.5 | BC61: =SUMIFS( $BB:$BB, $A:$A,$A61, $H:$H,$H61, $I:$I,$I61 ) -> 9 | BD61: =IF(BC61>0, BC61*0.92, BC61) -> 8.28 | BE61: =IF( BC61>0, IF( AA61="W", BB61 - (BC61 - BD61), BB61 ), BB61 ) -> -0.5 | BF61: {=SUMPRODUCT((1/COUNTIFS($A$3:$A61,$A$3:$A61,$H$3:$H61,$H$3:$H61,$I$3:$I61,$I$3:$I61)))} -> 15 | BG61: 6 | BH61: =BG61/BF61 -> 0.4
A62: 46039 | C62: 12.34 | D62: Sat | E62: VIC | H62: Flemington | I62: 6 | J62: 6 | K62: Make It Sweet | L62: 1 | M62: 9.6 | N62: 15.11 | O62: BFSP | Q62: Win | R62: 14.1223 | S62: 2 | T62: =IF(($AA62="W"),ROUND(($L62*$R62),2),"0.00") -> 0.00 | U62: =BE62 -> -1 | V62: =V61+U62 -> 43.0674 | W62: =W61+L62 -> 54 | X62: =SUM(V62/W62) -> 0.79754444 | Y62: =V62/100 -> 0.430674 | Z62: =V62*100 -> 4306.74 | AA62: L | AT62: 11.2 | AU62: 11 | AV62: =((N62*(L62))-(L62)) -> 14.11 | AW62: =0.92*(N62-1)+1 -> 13.9812 | AZ62: =IF(N62>=M62,"Yes","No") -> Yes | BB62: =IF(AA62="W", L62*(N62-1), -L62 ) -> -1 | BC62: =SUMIFS( $BB:$BB, $A:$A,$A62, $H:$H,$H62, $I:$I,$I62 ) -> 9 | BD62: =IF(BC62>0, BC62*0.92, BC62) -> 8.28 | BE62: =IF( BC62>0, IF( AA62="W", BB62 - (BC62 - BD62), BB62 ), BB62 ) -> -1 | BF62: {=SUMPRODUCT((1/COUNTIFS($A$3:$A62,$A$3:$A62,$H$3:$H62,$H$3:$H62,$I$3:$I62,$I$3:$I62)))} -> 15 | BG62: 6 | BH62: =BG62/BF62 -> 0.4
A63: 46039 | C63: 12.34 | D63: Sat | E63: VIC | H63: Flemington | I63: 6 | J63: 4 | K63: Merrigold | L63: 1 | M63: 10.5 | N63: 12.5 | O63: BFSP | Q63: Win | R63: 11.695 | S63: 1 | T63: =IF(($AA63="W"),ROUND(($L63*$R63),2),"0.00") -> 11.7 | U63: =BE63 -> 10.78 | V63: =V62+U63 -> 53.8474 | W63: =W62+L63 -> 55 | X63: =SUM(V63/W63) -> 0.97904364 | Y63: =V63/100 -> 0.538474 | Z63: =V63*100 -> 5384.74 | AA63: W | AT63: 10 | AU63: 10 | AV63: =((N63*(L63))-(L63)) -> 11.5 | AW63: =0.92*(N63-1)+1 -> 11.58 | AZ63: =IF(N63>=M63,"Yes","No") -> Yes | BB63: =IF(AA63="W", L63*(N63-1), -L63 ) -> 11.5 | BC63: =SUMIFS( $BB:$BB, $A:$A,$A63, $H:$H,$H63, $I:$I,$I63 ) -> 9 | BD63: =IF(BC63>0, BC63*0.92, BC63) -> 8.28 | BE63: =IF( BC63>0, IF( AA63="W", BB63 - (BC63 - BD63), BB63 ), BB63 ) -> 10.78 | BF63: {=SUMPRODUCT((1/COUNTIFS($A$3:$A63,$A$3:$A63,$H$3:$H63,$H$3:$H63,$I$3:$I63,$I$3:$I63)))} -> 15 | BG63: 7 | BH63: =BG63/BF63 -> 0.46666667
A64: 46039 | C64: 12.34 | D64: Sat | E64: VIC | H64: Flemington | I64: 6 | J64: 7 | K64: Mixxit | L64: 1 | M64: 23 | N64: 47.7 | O64: BFSP | Q64: Win | R64: 44.431 | S64: un | T64: =IF(($AA64="W"),ROUND(($L64*$R64),2),"0.00") -> 0.00 | U64: =BE64 -> -1 | V64: =V63+U64 -> 52.8474 | W64: =W63+L64 -> 56 | X64: =SUM(V64/W64) -> 0.94370357 | Y64: =V64/100 -> 0.528474 | Z64: =V64*100 -> 5284.74 | AA64: L | AT64: 38 | AU64: 31 | AV64: =((N64*(L64))-(L64)) -> 46.7 | AW64: =0.92*(N64-1)+1 -> 43.964 | AZ64: =IF(N64>=M64,"Yes","No") -> Yes | BB64: =IF(AA64="W", L64*(N64-1), -L64 ) -> -1 | BC64: =SUMIFS( $BB:$BB, $A:$A,$A64, $H:$H,$H64, $I:$I,$I64 ) -> 9 | BD64: =IF(BC64>0, BC64*0.92, BC64) -> 8.28 | BE64: =IF( BC64>0, IF( AA64="W", BB64 - (BC64 - BD64), BB64 ), BB64 ) -> -1 | BF64: {=SUMPRODUCT((1/COUNTIFS($A$3:$A64,$A$3:$A64,$H$3:$H64,$H$3:$H64,$I$3:$I64,$I$3:$I64)))} -> 15 | BG64: 7 | BH64: =BG64/BF64 -> 0.46666667
A65: 46039 | C65: 12.41 | D65: Sat | E65: VIC | H65: Flemington | I65: 7 | J65: 10 | K65: Sweethearted | L65: 0.5 | M65: 5.5 | N65: 6.62 | O65: BFSP | Q65: Win | R65: 6.2266 | S65: un | T65: =IF(($AA65="W"),ROUND(($L65*$R65),2),"0.00") -> 0.00 | U65: =BE65 -> -0.5 | V65: =V64+U65 -> 52.3474 | W65: =W64+L65 -> 56.5 | X65: =SUM(V65/W65) -> 0.92650265 | Y65: =V65/100 -> 0.523474 | Z65: =V65*100 -> 5234.74 | AA65: L | AT65: 6.1 | AU65: 6 | AV65: =((N65*(L65))-(L65)) -> 2.81 | AW65: =0.92*(N65-1)+1 -> 6.1704 | AZ65: =IF(N65>=M65,"Yes","No") -> Yes | BB65: =IF(AA65="W", L65*(N65-1), -L65 ) -> -0.5 | BC65: =SUMIFS( $BB:$BB, $A:$A,$A65, $H:$H,$H65, $I:$I,$I65 ) -> -4.5 | BD65: =IF(BC65>0, BC65*0.92, BC65) -> -4.5 | BE65: =IF( BC65>0, IF( AA65="W", BB65 - (BC65 - BD65), BB65 ), BB65 ) -> -0.5 | BF65: {=SUMPRODUCT((1/COUNTIFS($A$3:$A65,$A$3:$A65,$H$3:$H65,$H$3:$H65,$I$3:$I65,$I$3:$I65)))} -> 16 | BG65: 7 | BH65: =BG65/BF65 -> 0.4375
A66: 46039 | C66: 12.41 | D66: Sat | E66: VIC | H66: Flemington | I66: 7 | J66: 3 | K66: Steel Move | L66: 1 | M66: 8.6 | N66: 16 | O66: BFSP | Q66: Win | R66: 14.95 | S66: un | T66: =IF(($AA66="W"),ROUND(($L66*$R66),2),"0.00") -> 0.00 | U66: =BE66 -> -1 | V66: =V65+U66 -> 51.3474 | W66: =W65+L66 -> 57.5 | X66: =SUM(V66/W66) -> 0.89299826 | Y66: =V66/100 -> 0.513474 | Z66: =V66*100 -> 5134.74 | AA66: L | AT66: 11 | AU66: 12 | AV66: =((N66*(L66))-(L66)) -> 15 | AW66: =0.92*(N66-1)+1 -> 14.8 | AZ66: =IF(N66>=M66,"Yes","No") -> Yes | BB66: =IF(AA66="W", L66*(N66-1), -L66 ) -> -1 | BC66: =SUMIFS( $BB:$BB, $A:$A,$A66, $H:$H,$H66, $I:$I,$I66 ) -> -4.5 | BD66: =IF(BC66>0, BC66*0.92, BC66) -> -4.5 | BE66: =IF( BC66>0, IF( AA66="W", BB66 - (BC66 - BD66), BB66 ), BB66 ) -> -1 | BF66: {=SUMPRODUCT((1/COUNTIFS($A$3:$A66,$A$3:$A66,$H$3:$H66,$H$3:$H66,$I$3:$I66,$I$3:$I66)))} -> 16 | BG66: 7 | BH66: =BG66/BF66 -> 0.4375
A67: 46039 | C67: 12.41 | D67: Sat | E67: VIC | H67: Flemington | I67: 7 | J67: 9 | K67: Moby Dick | L67: 1 | M67: 11 | N67: 15.18 | O67: BFSP | Q67: Win | R67: 14.1874 | S67: un | T67: =IF(($AA67="W"),ROUND(($L67*$R67),2),"0.00") -> 0.00 | U67: =BE67 -> -1 | V67: =V66+U67 -> 50.3474 | W67: =W66+L67 -> 58.5 | X67: =SUM(V67/W67) -> 0.86063932 | Y67: =V67/100 -> 0.503474 | Z67: =V67*100 -> 5034.74 | AA67: L | AT67: 11 | AU67: 12 | AV67: =((N67*(L67))-(L67)) -> 14.18 | AW67: =0.92*(N67-1)+1 -> 14.0456 | AZ67: =IF(N67>=M67,"Yes","No") -> Yes | BB67: =IF(AA67="W", L67*(N67-1), -L67 ) -> -1 | BC67: =SUMIFS( $BB:$BB, $A:$A,$A67, $H:$H,$H67, $I:$I,$I67 ) -> -4.5 | BD67: =IF(BC67>0, BC67*0.92, BC67) -> -4.5 | BE67: =IF( BC67>0, IF( AA67="W", BB67 - (BC67 - BD67), BB67 ), BB67 ) -> -1 | BF67: {=SUMPRODUCT((1/COUNTIFS($A$3:$A67,$A$3:$A67,$H$3:$H67,$H$3:$H67,$I$3:$I67,$I$3:$I67)))} -> 16 | BG67: 7 | BH67: =BG67/BF67 -> 0.4375
A68: 46039 | C68: 12.41 | D68: Sat | E68: VIC | H68: Flemington | I68: 7 | J68: 7 | K68: Perilous Fighter | L68: 1 | M68: 13 | N68: 13.68 | O68: BFSP | Q68: Win | R68: 12.7924 | S68: un | T68: =IF(($AA68="W"),ROUND(($L68*$R68),2),"0.00") -> 0.00 | U68: =BE68 -> -1 | V68: =V67+U68 -> 49.3474 | W68: =W67+L68 -> 59.5 | X68: =SUM(V68/W68) -> 0.82936807 | Y68: =V68/100 -> 0.493474 | Z68: =V68*100 -> 4934.74 | AA68: L | AT68: 13.4 | AU68: 13 | AV68: =((N68*(L68))-(L68)) -> 12.68 | AW68: =0.92*(N68-1)+1 -> 12.6656 | AZ68: =IF(N68>=M68,"Yes","No") -> Yes | BB68: =IF(AA68="W", L68*(N68-1), -L68 ) -> -1 | BC68: =SUMIFS( $BB:$BB, $A:$A,$A68, $H:$H,$H68, $I:$I,$I68 ) -> -4.5 | BD68: =IF(BC68>0, BC68*0.92, BC68) -> -4.5 | BE68: =IF( BC68>0, IF( AA68="W", BB68 - (BC68 - BD68), BB68 ), BB68 ) -> -1 | BF68: {=SUMPRODUCT((1/COUNTIFS($A$3:$A68,$A$3:$A68,$H$3:$H68,$H$3:$H68,$I$3:$I68,$I$3:$I68)))} -> 16 | BG68: 7 | BH68: =BG68/BF68 -> 0.4375
A69: 46039 | C69: 12.41 | D69: Sat | E69: VIC | H69: Flemington | I69: 7 | J69: 11 | K69: Highland Harley | L69: 1 | M69: 29 | N69: 65 | O69: BFSP | Q69: Win | R69: 60.52 | S69: un | T69: =IF(($AA69="W"),ROUND(($L69*$R69),2),"0.00") -> 0.00 | U69: =BE69 -> -1 | V69: =V68+U69 -> 48.3474 | W69: =W68+L69 -> 60.5 | X69: =SUM(V69/W69) -> 0.79913058 | Y69: =V69/100 -> 0.483474 | Z69: =V69*100 -> 4834.74 | AA69: L | AT69: 51 | AU69: 51 | AV69: =((N69*(L69))-(L69)) -> 64 | AW69: =0.92*(N69-1)+1 -> 59.88 | AZ69: =IF(N69>=M69,"Yes","No") -> Yes | BB69: =IF(AA69="W", L69*(N69-1), -L69 ) -> -1 | BC69: =SUMIFS( $BB:$BB, $A:$A,$A69, $H:$H,$H69, $I:$I,$I69 ) -> -4.5 | BD69: =IF(BC69>0, BC69*0.92, BC69) -> -4.5 | BE69: =IF( BC69>0, IF( AA69="W", BB69 - (BC69 - BD69), BB69 ), BB69 ) -> -1 | BF69: {=SUMPRODUCT((1/COUNTIFS($A$3:$A69,$A$3:$A69,$H$3:$H69,$H$3:$H69,$I$3:$I69,$I$3:$I69)))} -> 16 | BG69: 7 | BH69: =BG69/BF69 -> 0.4375
A70: 46039 | C70: 1.1 | D70: Sat | E70: VIC | H70: Flemington | I70: 8 | J70: 2 | K70: Saint George | L70: 0.5 | M70: 2.26 | N70: 2.84 | O70: BFSP | Q70: Win | R70: 2.7112 | S70: 1 | T70: =IF(($AA70="W"),ROUND(($L70*$R70),2),"0.00") -> 1.36 | U70: =BE70 -> 0.92 | V70: =V69+U70 -> 49.2674 | W70: =W69+L70 -> 61 | X70: =SUM(V70/W70) -> 0.8076623 | Y70: =V70/100 -> 0.492674 | Z70: =V70*100 -> 4926.74 | AA70: W | AT70: 2.7 | AU70: 2.5 | AV70: =((N70*(L70))-(L70)) -> 0.92 | AW70: =0.92*(N70-1)+1 -> 2.6928 | AZ70: =IF(N70>=M70,"Yes","No") -> Yes | BB70: =IF(AA70="W", L70*(N70-1), -L70 ) -> 0.92 | BC70: =SUMIFS( $BB:$BB, $A:$A,$A70, $H:$H,$H70, $I:$I,$I70 ) -> -2.08 | BD70: =IF(BC70>0, BC70*0.92, BC70) -> -2.08 | BE70: =IF( BC70>0, IF( AA70="W", BB70 - (BC70 - BD70), BB70 ), BB70 ) -> 0.92 | BF70: {=SUMPRODUCT((1/COUNTIFS($A$3:$A70,$A$3:$A70,$H$3:$H70,$H$3:$H70,$I$3:$I70,$I$3:$I70)))} -> 17 | BG70: 8 | BH70: =BG70/BF70 -> 0.47058824
A71: 46039 | C71: 1.1 | D71: Sat | E71: VIC | H71: Flemington | I71: 8 | J71: 9 | K71: Fortune | L71: 1 | M71: 18 | N71: 32 | O71: BFSP | Q71: Win | R71: 29.83 | S71: un | T71: =IF(($AA71="W"),ROUND(($L71*$R71),2),"0.00") -> 0.00 | U71: =BE71 -> -1 | V71: =V70+U71 -> 48.2674 | W71: =W70+L71 -> 62 | X71: =SUM(V71/W71) -> 0.77850645 | Y71: =V71/100 -> 0.482674 | Z71: =V71*100 -> 4826.74 | AA71: L | AT71: 23.1 | AU71: 26 | AV71: =((N71*(L71))-(L71)) -> 31 | AW71: =0.92*(N71-1)+1 -> 29.52 | AZ71: =IF(N71>=M71,"Yes","No") -> Yes | BB71: =IF(AA71="W", L71*(N71-1), -L71 ) -> -1 | BC71: =SUMIFS( $BB:$BB, $A:$A,$A71, $H:$H,$H71, $I:$I,$I71 ) -> -2.08 | BD71: =IF(BC71>0, BC71*0.92, BC71) -> -2.08 | BE71: =IF( BC71>0, IF( AA71="W", BB71 - (BC71 - BD71), BB71 ), BB71 ) -> -1 | BF71: {=SUMPRODUCT((1/COUNTIFS($A$3:$A71,$A$3:$A71,$H$3:$H71,$H$3:$H71,$I$3:$I71,$I$3:$I71)))} -> 17 | BG71: 8 | BH71: =BG71/BF71 -> 0.47058824
A72: 46039 | C72: 1.1 | D72: Sat | E72: VIC | H72: Flemington | I72: 8 | J72: 8 | K72: Magnaspin | L72: 1 | M72: 21 | N72: 25 | O72: BFSP | Q72: Win | R72: 23.32 | S72: un | T72: =IF(($AA72="W"),ROUND(($L72*$R72),2),"0.00") -> 0.00 | U72: =BE72 -> -1 | V72: =V71+U72 -> 47.2674 | W72: =W71+L72 -> 63 | X72: =SUM(V72/W72) -> 0.75027619 | Y72: =V72/100 -> 0.472674 | Z72: =V72*100 -> 4726.74 | AA72: L | AT72: 19.2 | AU72: 21 | AV72: =((N72*(L72))-(L72)) -> 24 | AW72: =0.92*(N72-1)+1 -> 23.08 | AZ72: =IF(N72>=M72,"Yes","No") -> Yes | BB72: =IF(AA72="W", L72*(N72-1), -L72 ) -> -1 | BC72: =SUMIFS( $BB:$BB, $A:$A,$A72, $H:$H,$H72, $I:$I,$I72 ) -> -2.08 | BD72: =IF(BC72>0, BC72*0.92, BC72) -> -2.08 | BE72: =IF( BC72>0, IF( AA72="W", BB72 - (BC72 - BD72), BB72 ), BB72 ) -> -1 | BF72: {=SUMPRODUCT((1/COUNTIFS($A$3:$A72,$A$3:$A72,$H$3:$H72,$H$3:$H72,$I$3:$I72,$I$3:$I72)))} -> 17 | BG72: 8 | BH72: =BG72/BF72 -> 0.47058824
A73: 46039 | C73: 1.1 | D73: Sat | E73: VIC | H73: Flemington | I73: 8 | J73: 4 | K73: Bold Soul | L73: 1 | M73: 25 | N73: 36 | O73: BFSP | Q73: Win | R73: 33.55 | S73: un | T73: =IF(($AA73="W"),ROUND(($L73*$R73),2),"0.00") -> 0.00 | U73: =BE73 -> -1 | V73: =V72+U73 -> 46.2674 | W73: =W72+L73 -> 64 | X73: =SUM(V73/W73) -> 0.72292813 | Y73: =V73/100 -> 0.462674 | Z73: =V73*100 -> 4626.74 | AA73: L | AT73: 21 | AU73: 26 | AV73: =((N73*(L73))-(L73)) -> 35 | AW73: =0.92*(N73-1)+1 -> 33.2 | AZ73: =IF(N73>=M73,"Yes","No") -> Yes | BB73: =IF(AA73="W", L73*(N73-1), -L73 ) -> -1 | BC73: =SUMIFS( $BB:$BB, $A:$A,$A73, $H:$H,$H73, $I:$I,$I73 ) -> -2.08 | BD73: =IF(BC73>0, BC73*0.92, BC73) -> -2.08 | BE73: =IF( BC73>0, IF( AA73="W", BB73 - (BC73 - BD73), BB73 ), BB73 ) -> -1 | BF73: {=SUMPRODUCT((1/COUNTIFS($A$3:$A73,$A$3:$A73,$H$3:$H73,$H$3:$H73,$I$3:$I73,$I$3:$I73)))} -> 17 | BG73: 8 | BH73: =BG73/BF73 -> 0.47058824
A74: 46039 | C74: 1.42 | D74: Sat | E74: VIC | H74: Flemington | I74: 9 | J74: 1 | K74: Ndola | L74: 0.5 | M74: 4.565 | N74: 5.7 | O74: BFSP | Q74: Win | R74: 4.903723 | S74: 2 | T74: =IF(($AA74="W"),ROUND(($L74*$R74),2),"0.00") -> 0.00 | U74: =BE74 -> -0.5 | V74: =V73+U74 -> 45.7674 | W74: =W73+L74 -> 64.5 | X74: =SUM(V74/W74) -> 0.70957209 | Y74: =V74/100 -> 0.457674 | Z74: =V74*100 -> 4576.74 | AA74: L | AT74: 5.1 | AU74: 5 | AV74: =((N74*(L74))-(L74)) -> 2.35 | AW74: =0.92*(N74-1)+1 -> 5.324 | AZ74: =IF(N74>=M74,"Yes","No") -> Yes | BA74: 0.087 | BB74: =IF(AA74="W", L74*(N74-1), -L74 ) -> -0.5 | BC74: =SUMIFS( $BB:$BB, $A:$A,$A74, $H:$H,$H74, $I:$I,$I74 ) -> 0.565 | BD74: =IF(BC74>0, BC74*0.92, BC74) -> 0.5198 | BE74: =IF( BC74>0, IF( AA74="W", BB74 - (BC74 - BD74), BB74 ), BB74 ) -> -0.5 | BF74: {=SUMPRODUCT((1/COUNTIFS($A$3:$A74,$A$3:$A74,$H$3:$H74,$H$3:$H74,$I$3:$I74,$I$3:$I74)))} -> 18 | BG74: 8 | BH74: =BG74/BF74 -> 0.44444444
A75: 46039 | C75: 1.42 | D75: Sat | E75: VIC | H75: Flemington | I75: 9 | J75: 13 | K75: Supernima | L75: 0.5 | M75: 5.1128 | N75: 5.13 | O75: BFSP | Q75: Win | R75: 4.8 | S75: 1 | T75: =IF(($AA75="W"),ROUND(($L75*$R75),2),"0.00") -> 2.4 | U75: =BE75 -> 2.0198 | V75: =V74+U75 -> 47.7872 | W75: =W74+L75 -> 65 | X75: =SUM(V75/W75) -> 0.73518769 | Y75: =V75/100 -> 0.477872 | Z75: =V75*100 -> 4778.72 | AA75: W | AT75: 4.8 | AU75: 5 | AV75: =((N75*(L75))-(L75)) -> 2.065 | AW75: =0.92*(N75-1)+1 -> 4.7996 | AZ75: =IF(N75>=M75,"Yes","No") -> Yes | BA75: 0.087 | BB75: =IF(AA75="W", L75*(N75-1), -L75 ) -> 2.065 | BC75: =SUMIFS( $BB:$BB, $A:$A,$A75, $H:$H,$H75, $I:$I,$I75 ) -> 0.565 | BD75: =IF(BC75>0, BC75*0.92, BC75) -> 0.5198 | BE75: =IF( BC75>0, IF( AA75="W", BB75 - (BC75 - BD75), BB75 ), BB75 ) -> 2.0198 | BF75: {=SUMPRODUCT((1/COUNTIFS($A$3:$A75,$A$3:$A75,$H$3:$H75,$H$3:$H75,$I$3:$I75,$I$3:$I75)))} -> 18 | BG75: 9 | BH75: =BG75/BF75 -> 0.5
A76: 46039 | C76: 1.42 | D76: Sat | E76: VIC | H76: Flemington | I76: 9 | J76: 4 | K76: Indispensable | L76: 1 | M76: 40.172 | N76: 64.48 | O76: BFSP | Q76: Win | R76: 54.813233 | S76: un | T76: =IF(($AA76="W"),ROUND(($L76*$R76),2),"0.00") -> 0.00 | U76: =BE76 -> -1 | V76: =V75+U76 -> 46.7872 | W76: =W75+L76 -> 66 | X76: =SUM(V76/W76) -> 0.70889697 | Y76: =V76/100 -> 0.467872 | Z76: =V76*100 -> 4678.72 | AA76: L | AT76: 45.2 | AU76: 41 | AV76: =((N76*(L76))-(L76)) -> 63.48 | AW76: =0.92*(N76-1)+1 -> 59.4016 | AZ76: =IF(N76>=M76,"Yes","No") -> Yes | BA76: 0.087 | BB76: =IF(AA76="W", L76*(N76-1), -L76 ) -> -1 | BC76: =SUMIFS( $BB:$BB, $A:$A,$A76, $H:$H,$H76, $I:$I,$I76 ) -> 0.565 | BD76: =IF(BC76>0, BC76*0.92, BC76) -> 0.5198 | BE76: =IF( BC76>0, IF( AA76="W", BB76 - (BC76 - BD76), BB76 ), BB76 ) -> -1 | BF76: {=SUMPRODUCT((1/COUNTIFS($A$3:$A76,$A$3:$A76,$H$3:$H76,$H$3:$H76,$I$3:$I76,$I$3:$I76)))} -> 18 | BG76: 9 | BH76: =BG76/BF76 -> 0.5
A77: 46039 | C77: 2.16 | D77: Sat | E77: VIC | H77: Flemington | I77: 10 | J77: 4 | K77: The Volta | L77: 0.5 | M77: 5.2 | N77: 6 | O77: BFSP | Q77: Win | R77: 5.65 | S77: un | T77: =IF(($AA77="W"),ROUND(($L77*$R77),2),"0.00") -> 0.00 | U77: =BE77 -> -0.5 | V77: =V76+U77 -> 46.2872 | W77: =W76+L77 -> 66.5 | X77: =SUM(V77/W77) -> 0.69604812 | Y77: =V77/100 -> 0.462872 | Z77: =V77*100 -> 4628.72 | AA77: L | AT77: 5.5 | AU77: 6.5 | AV77: =((N77*(L77))-(L77)) -> 2.5 | AW77: =0.92*(N77-1)+1 -> 5.6 | AZ77: =IF(N77>=M77,"Yes","No") -> Yes | BB77: =IF(AA77="W", L77*(N77-1), -L77 ) -> -0.5 | BC77: =SUMIFS( $BB:$BB, $A:$A,$A77, $H:$H,$H77, $I:$I,$I77 ) -> -3.5 | BD77: =IF(BC77>0, BC77*0.92, BC77) -> -3.5 | BE77: =IF( BC77>0, IF( AA77="W", BB77 - (BC77 - BD77), BB77 ), BB77 ) -> -0.5 | BF77: {=SUMPRODUCT((1/COUNTIFS($A$3:$A77,$A$3:$A77,$H$3:$H77,$H$3:$H77,$I$3:$I77,$I$3:$I77)))} -> 19 | BG77: 9 | BH77: =BG77/BF77 -> 0.47368421
A78: 46039 | C78: 2.16 | D78: Sat | E78: VIC | H78: Flemington | I78: 10 | J78: 2 | K78: Jewel Bandit | L78: 1 | M78: 8.4 | N78: 18.3 | O78: BFSP | Q78: Win | R78: 17.089 | S78: un | T78: =IF(($AA78="W"),ROUND(($L78*$R78),2),"0.00") -> 0.00 | U78: =BE78 -> -1 | V78: =V77+U78 -> 45.2872 | W78: =W77+L78 -> 67.5 | X78: =SUM(V78/W78) -> 0.67092148 | Y78: =V78/100 -> 0.452872 | Z78: =V78*100 -> 4528.72 | AA78: L | AT78: 13 | AU78: 13 | AV78: =((N78*(L78))-(L78)) -> 17.3 | AW78: =0.92*(N78-1)+1 -> 16.916 | AZ78: =IF(N78>=M78,"Yes","No") -> Yes | BB78: =IF(AA78="W", L78*(N78-1), -L78 ) -> -1 | BC78: =SUMIFS( $BB:$BB, $A:$A,$A78, $H:$H,$H78, $I:$I,$I78 ) -> -3.5 | BD78: =IF(BC78>0, BC78*0.92, BC78) -> -3.5 | BE78: =IF( BC78>0, IF( AA78="W", BB78 - (BC78 - BD78), BB78 ), BB78 ) -> -1 | BF78: {=SUMPRODUCT((1/COUNTIFS($A$3:$A78,$A$3:$A78,$H$3:$H78,$H$3:$H78,$I$3:$I78,$I$3:$I78)))} -> 19 | BG78: 9 | BH78: =BG78/BF78 -> 0.47368421
A79: 46039 | C79: 2.16 | D79: Sat | E79: VIC | H79: Flemington | I79: 10 | J79: 5 | K79: Falset Star | L79: 1 | M79: 12 | N79: 12.32 | O79: BFSP | Q79: Win | R79: 11.5276 | S79: un | T79: =IF(($AA79="W"),ROUND(($L79*$R79),2),"0.00") -> 0.00 | U79: =BE79 -> -1 | V79: =V78+U79 -> 44.2872 | W79: =W78+L79 -> 68.5 | X79: =SUM(V79/W79) -> 0.64652847 | Y79: =V79/100 -> 0.442872 | Z79: =V79*100 -> 4428.72 | AA79: L | AT79: 11.2 | AU79: 12 | AV79: =((N79*(L79))-(L79)) -> 11.32 | AW79: =0.92*(N79-1)+1 -> 11.4144 | AZ79: =IF(N79>=M79,"Yes","No") -> Yes | BB79: =IF(AA79="W", L79*(N79-1), -L79 ) -> -1 | BC79: =SUMIFS( $BB:$BB, $A:$A,$A79, $H:$H,$H79, $I:$I,$I79 ) -> -3.5 | BD79: =IF(BC79>0, BC79*0.92, BC79) -> -3.5 | BE79: =IF( BC79>0, IF( AA79="W", BB79 - (BC79 - BD79), BB79 ), BB79 ) -> -1 | BF79: {=SUMPRODUCT((1/COUNTIFS($A$3:$A79,$A$3:$A79,$H$3:$H79,$H$3:$H79,$I$3:$I79,$I$3:$I79)))} -> 19 | BG79: 9 | BH79: =BG79/BF79 -> 0.47368421
A80: 46039 | C80: 2.16 | D80: Sat | E80: VIC | H80: Flemington | I80: 10 | J80: 10 | K80: Our Justify | L80: 1 | M80: 22 | N80: 27 | O80: BFSP | Q80: Win | R80: 25.18 | S80: un | T80: =IF(($AA80="W"),ROUND(($L80*$R80),2),"0.00") -> 0.00 | U80: =BE80 -> -1 | V80: =V79+U80 -> 43.2872 | W80: =W79+L80 -> 69.5 | X80: =SUM(V80/W80) -> 0.62283741 | Y80: =V80/100 -> 0.432872 | Z80: =V80*100 -> 4328.72 | AA80: L | AT80: 19.6 | AU80: 19 | AV80: =((N80*(L80))-(L80)) -> 26 | AW80: =0.92*(N80-1)+1 -> 24.92 | AZ80: =IF(N80>=M80,"Yes","No") -> Yes | BB80: =IF(AA80="W", L80*(N80-1), -L80 ) -> -1 | BC80: =SUMIFS( $BB:$BB, $A:$A,$A80, $H:$H,$H80, $I:$I,$I80 ) -> -3.5 | BD80: =IF(BC80>0, BC80*0.92, BC80) -> -3.5 | BE80: =IF( BC80>0, IF( AA80="W", BB80 - (BC80 - BD80), BB80 ), BB80 ) -> -1 | BF80: {=SUMPRODUCT((1/COUNTIFS($A$3:$A80,$A$3:$A80,$H$3:$H80,$H$3:$H80,$I$3:$I80,$I$3:$I80)))} -> 19 | BG80: 9 | BH80: =BG80/BF80 -> 0.47368421
A81: 46046 | C81: 10.41 | D81: Sat | E81: VIC | H81: Caulfield | I81: 1 | J81: 6 | K81: Merrigold | L81: 0.5 | M81: 2.32 | N81: 2.5 | O81: BFSP | Q81: Win | R81: 2.38 | S81: 2 | T81: =IF(($AA81="W"),ROUND(($L81*$R81),2),"0.00") -> 0.00 | U81: =BE81 -> -0.5 | V81: =V80+U81 -> 42.7872 | W81: =W80+L81 -> 70 | X81: =SUM(V81/W81) -> 0.61124571 | Y81: =V81/100 -> 0.427872 | Z81: =V81*100 -> 4278.72 | AA81: L | AT81: 2.6 | AU81: 2.7 | AV81: =((N81*(L81))-(L81)) -> 0.75 | AW81: =0.92*(N81-1)+1 -> 2.38 | AZ81: =IF(N81>=M81,"Yes","No") -> Yes | BB81: =IF(AA81="W", L81*(N81-1), -L81 ) -> -0.5 | BC81: =SUMIFS( $BB:$BB, $A:$A,$A81, $H:$H,$H81, $I:$I,$I81 ) -> -0.5 | BD81: =IF(BC81>0, BC81*0.92, BC81) -> -0.5 | BE81: =IF( BC81>0, IF( AA81="W", BB81 - (BC81 - BD81), BB81 ), BB81 ) -> -0.5 | BF81: {=SUMPRODUCT((1/COUNTIFS($A$3:$A81,$A$3:$A81,$H$3:$H81,$H$3:$H81,$I$3:$I81,$I$3:$I81)))} -> 20 | BG81: 9 | BH81: =BG81/BF81 -> 0.45
A82: 46046 | C82: 10.52 | D82: Sat | E82: VIC | H82: Caulfield | I82: 4 | J82: 1 | K82: Le Ferrari | L82: 0.5 | M82: 6.8 | N82: 7.6 | O82: BFSP | Q82: Win | R82: 7.072 | S82: un | T82: =IF(($AA82="W"),ROUND(($L82*$R82),2),"0.00") -> 0.00 | U82: =BE82 -> -0.5 | V82: =V81+U82 -> 42.2872 | W82: =W81+L82 -> 70.5 | X82: =SUM(V82/W82) -> 0.59981844 | Y82: =V82/100 -> 0.422872 | Z82: =V82*100 -> 4228.72 | AA82: L | AT82: 7 | AU82: 7 | AV82: =((N82*(L82))-(L82)) -> 3.3 | AW82: =0.92*(N82-1)+1 -> 7.072 | AZ82: =IF(N82>=M82,"Yes","No") -> Yes | BB82: =IF(AA82="W", L82*(N82-1), -L82 ) -> -0.5 | BC82: =SUMIFS( $BB:$BB, $A:$A,$A82, $H:$H,$H82, $I:$I,$I82 ) -> -3.5 | BD82: =IF(BC82>0, BC82*0.92, BC82) -> -3.5 | BE82: =IF( BC82>0, IF( AA82="W", BB82 - (BC82 - BD82), BB82 ), BB82 ) -> -0.5 | BF82: {=SUMPRODUCT((1/COUNTIFS($A$3:$A82,$A$3:$A82,$H$3:$H82,$H$3:$H82,$I$3:$I82,$I$3:$I82)))} -> 21 | BG82: 9 | BH82: =BG82/BF82 -> 0.42857143
A83: 46046 | C83: 10.52 | D83: Sat | E83: VIC | H83: Caulfield | I83: 4 | J83: 6 | K83: Arizona Activist | L83: 1 | M83: 11 | N83: 45.61 | O83: BFSP | Q83: Win | R83: 42.0412 | S83: un | T83: =IF(($AA83="W"),ROUND(($L83*$R83),2),"0.00") -> 0.00 | U83: =BE83 -> -1 | V83: =V82+U83 -> 41.2872 | W83: =W82+L83 -> 71.5 | X83: =SUM(V83/W83) -> 0.57744336 | Y83: =V83/100 -> 0.412872 | Z83: =V83*100 -> 4128.72 | AA83: L | AT83: 26 | AU83: 26 | AV83: =((N83*(L83))-(L83)) -> 44.61 | AW83: =0.92*(N83-1)+1 -> 42.0412 | AZ83: =IF(N83>=M83,"Yes","No") -> Yes | BB83: =IF(AA83="W", L83*(N83-1), -L83 ) -> -1 | BC83: =SUMIFS( $BB:$BB, $A:$A,$A83, $H:$H,$H83, $I:$I,$I83 ) -> -3.5 | BD83: =IF(BC83>0, BC83*0.92, BC83) -> -3.5 | BE83: =IF( BC83>0, IF( AA83="W", BB83 - (BC83 - BD83), BB83 ), BB83 ) -> -1 | BF83: {=SUMPRODUCT((1/COUNTIFS($A$3:$A83,$A$3:$A83,$H$3:$H83,$H$3:$H83,$I$3:$I83,$I$3:$I83)))} -> 21 | BG83: 9 | BH83: =BG83/BF83 -> 0.42857143
A84: 46046 | C84: 10.52 | D84: Sat | E84: VIC | H84: Caulfield | I84: 4 | J84: 2 | K84: Delivering | L84: 1 | M84: 23 | N84: 53.29 | O84: BFSP | Q84: Win | R84: 49.1068 | S84: un | T84: =IF(($AA84="W"),ROUND(($L84*$R84),2),"0.00") -> 0.00 | U84: =BE84 -> -1 | V84: =V83+U84 -> 40.2872 | W84: =W83+L84 -> 72.5 | X84: =SUM(V84/W84) -> 0.55568552 | Y84: =V84/100 -> 0.402872 | Z84: =V84*100 -> 4028.72 | AA84: L | AT84: 31.4 | AU84: 41 | AV84: =((N84*(L84))-(L84)) -> 52.29 | AW84: =0.92*(N84-1)+1 -> 49.1068 | AZ84: =IF(N84>=M84,"Yes","No") -> Yes | BB84: =IF(AA84="W", L84*(N84-1), -L84 ) -> -1 | BC84: =SUMIFS( $BB:$BB, $A:$A,$A84, $H:$H,$H84, $I:$I,$I84 ) -> -3.5 | BD84: =IF(BC84>0, BC84*0.92, BC84) -> -3.5 | BE84: =IF( BC84>0, IF( AA84="W", BB84 - (BC84 - BD84), BB84 ), BB84 ) -> -1 | BF84: {=SUMPRODUCT((1/COUNTIFS($A$3:$A84,$A$3:$A84,$H$3:$H84,$H$3:$H84,$I$3:$I84,$I$3:$I84)))} -> 21 | BG84: 9 | BH84: =BG84/BF84 -> 0.42857143
A85: 46046 | C85: 10.52 | D85: Sat | E85: VIC | H85: Caulfield | I85: 4 | J85: 4 | K85: Jacks On Ice | L85: 1 | M85: 26 | N85: 64.11 | O85: BFSP | Q85: Win | R85: 59.0612 | S85: 4 | T85: =IF(($AA85="W"),ROUND(($L85*$R85),2),"0.00") -> 0.00 | U85: =BE85 -> -1 | V85: =V84+U85 -> 39.2872 | W85: =W84+L85 -> 73.5 | X85: =SUM(V85/W85) -> 0.53451973 | Y85: =V85/100 -> 0.392872 | Z85: =V85*100 -> 3928.72 | AA85: L | AT85: 41 | AU85: 41 | AV85: =((N85*(L85))-(L85)) -> 63.11 | AW85: =0.92*(N85-1)+1 -> 59.0612 | AZ85: =IF(N85>=M85,"Yes","No") -> Yes | BB85: =IF(AA85="W", L85*(N85-1), -L85 ) -> -1 | BC85: =SUMIFS( $BB:$BB, $A:$A,$A85, $H:$H,$H85, $I:$I,$I85 ) -> -3.5 | BD85: =IF(BC85>0, BC85*0.92, BC85) -> -3.5 | BE85: =IF( BC85>0, IF( AA85="W", BB85 - (BC85 - BD85), BB85 ), BB85 ) -> -1 | BF85: {=SUMPRODUCT((1/COUNTIFS($A$3:$A85,$A$3:$A85,$H$3:$H85,$H$3:$H85,$I$3:$I85,$I$3:$I85)))} -> 21 | BG85: 9 | BH85: =BG85/BF85 -> 0.42857143
A86: 46046 | C86: 11 | D86: Sat | E86: VIC | H86: Caulfield | I86: 5 | J86: 2 | K86: Along The River | L86: 0.5 | M86: 5.3 | N86: 8.47 | O86: BFSP | Q86: Win | R86: 7.8724 | S86: 2 | T86: =IF(($AA86="W"),ROUND(($L86*$R86),2),"0.00") -> 0.00 | U86: =BE86 -> -0.5 | V86: =V85+U86 -> 38.7872 | W86: =W85+L86 -> 74 | X86: =SUM(V86/W86) -> 0.52415135 | Y86: =V86/100 -> 0.387872 | Z86: =V86*100 -> 3878.72 | AA86: L | AT86: 7 | AU86: 7 | AV86: =((N86*(L86))-(L86)) -> 3.735 | AW86: =0.92*(N86-1)+1 -> 7.8724 | AZ86: =IF(N86>=M86,"Yes","No") -> Yes | BB86: =IF(AA86="W", L86*(N86-1), -L86 ) -> -0.5 | BC86: =SUMIFS( $BB:$BB, $A:$A,$A86, $H:$H,$H86, $I:$I,$I86 ) -> -2 | BD86: =IF(BC86>0, BC86*0.92, BC86) -> -2 | BE86: =IF( BC86>0, IF( AA86="W", BB86 - (BC86 - BD86), BB86 ), BB86 ) -> -0.5 | BF86: {=SUMPRODUCT((1/COUNTIFS($A$3:$A86,$A$3:$A86,$H$3:$H86,$H$3:$H86,$I$3:$I86,$I$3:$I86)))} -> 22 | BG86: 9 | BH86: =BG86/BF86 -> 0.40909091
A87: 46046 | C87: 11 | D87: Sat | E87: VIC | H87: Caulfield | I87: 5 | J87: 1 | K87: Salsa Fellow | L87: 0.5 | M87: 6.2 | N87: 9.14 | O87: BFSP | Q87: Win | R87: 8.4888 | S87: un | T87: =IF(($AA87="W"),ROUND(($L87*$R87),2),"0.00") -> 0.00 | U87: =BE87 -> -0.5 | V87: =V86+U87 -> 38.2872 | W87: =W86+L87 -> 74.5 | X87: =SUM(V87/W87) -> 0.51392215 | Y87: =V87/100 -> 0.382872 | Z87: =V87*100 -> 3828.72 | AA87: L | AT87: 7.6 | AU87: 8 | AV87: =((N87*(L87))-(L87)) -> 4.07 | AW87: =0.92*(N87-1)+1 -> 8.4888 | AZ87: =IF(N87>=M87,"Yes","No") -> Yes | BB87: =IF(AA87="W", L87*(N87-1), -L87 ) -> -0.5 | BC87: =SUMIFS( $BB:$BB, $A:$A,$A87, $H:$H,$H87, $I:$I,$I87 ) -> -2 | BD87: =IF(BC87>0, BC87*0.92, BC87) -> -2 | BE87: =IF( BC87>0, IF( AA87="W", BB87 - (BC87 - BD87), BB87 ), BB87 ) -> -0.5 | BF87: {=SUMPRODUCT((1/COUNTIFS($A$3:$A87,$A$3:$A87,$H$3:$H87,$H$3:$H87,$I$3:$I87,$I$3:$I87)))} -> 22 | BG87: 9 | BH87: =BG87/BF87 -> 0.40909091
A88: 46046 | C88: 11 | D88: Sat | E88: VIC | H88: Caulfield | I88: 5 | J88: 7 | K88: Mr Magnus | L88: 1 | M88: 34 | N88: 53.28 | O88: BFSP | Q88: Win | R88: 49.0976 | S88: un | T88: =IF(($AA88="W"),ROUND(($L88*$R88),2),"0.00") -> 0.00 | U88: =BE88 -> -1 | V88: =V87+U88 -> 37.2872 | W88: =W87+L88 -> 75.5 | X88: =SUM(V88/W88) -> 0.4938702 | Y88: =V88/100 -> 0.372872 | Z88: =V88*100 -> 3728.72 | AA88: L | AT88: 31 | AU88: 41 | AV88: =((N88*(L88))-(L88)) -> 52.28 | AW88: =0.92*(N88-1)+1 -> 49.0976 | AZ88: =IF(N88>=M88,"Yes","No") -> Yes | BB88: =IF(AA88="W", L88*(N88-1), -L88 ) -> -1 | BC88: =SUMIFS( $BB:$BB, $A:$A,$A88, $H:$H,$H88, $I:$I,$I88 ) -> -2 | BD88: =IF(BC88>0, BC88*0.92, BC88) -> -2 | BE88: =IF( BC88>0, IF( AA88="W", BB88 - (BC88 - BD88), BB88 ), BB88 ) -> -1 | BF88: {=SUMPRODUCT((1/COUNTIFS($A$3:$A88,$A$3:$A88,$H$3:$H88,$H$3:$H88,$I$3:$I88,$I$3:$I88)))} -> 22 | BG88: 9 | BH88: =BG88/BF88 -> 0.40909091
A89: 46046 | C89: 11.38 | D89: Sat | E89: VIC | H89: Caulfield | I89: 6 | J89: 6 | K89: Suntora | L89: 0.5 | M89: 3.15 | N89: 4.9 | O89: BFSP | Q89: Win | R89: 4.588 | S89: 1 | T89: =IF(($AA89="W"),ROUND(($L89*$R89),2),"0.00") -> 2.29 | U89: =BE89 -> 1.95 | V89: =V88+U89 -> 39.2372 | W89: =W88+L89 -> 76 | X89: =SUM(V89/W89) -> 0.51627895 | Y89: =V89/100 -> 0.392372 | Z89: =V89*100 -> 3923.72 | AA89: W | AT89: 4.4 | AU89: 4.4 | AV89: =((N89*(L89))-(L89)) -> 1.95 | AW89: =0.92*(N89-1)+1 -> 4.588 | AZ89: =IF(N89>=M89,"Yes","No") -> Yes | BB89: =IF(AA89="W", L89*(N89-1), -L89 ) -> 1.95 | BC89: =SUMIFS( $BB:$BB, $A:$A,$A89, $H:$H,$H89, $I:$I,$I89 ) -> -1.05 | BD89: =IF(BC89>0, BC89*0.92, BC89) -> -1.05 | BE89: =IF( BC89>0, IF( AA89="W", BB89 - (BC89 - BD89), BB89 ), BB89 ) -> 1.95 | BF89: {=SUMPRODUCT((1/COUNTIFS($A$3:$A89,$A$3:$A89,$H$3:$H89,$H$3:$H89,$I$3:$I89,$I$3:$I89)))} -> 23 | BG89: 10 | BH89: =BG89/BF89 -> 0.43478261
A90: 46046 | C90: 11.38 | D90: Sat | E90: VIC | H90: Caulfield | I90: 6 | J90: 1 | K90: Dublin Journal | L90: 1 | M90: 14 | N90: 19.08 | O90: BFSP | Q90: Win | R90: 17.6336 | S90: un | T90: =IF(($AA90="W"),ROUND(($L90*$R90),2),"0.00") -> 0.00 | U90: =BE90 -> -1 | V90: =V89+U90 -> 38.2372 | W90: =W89+L90 -> 77 | X90: =SUM(V90/W90) -> 0.49658701 | Y90: =V90/100 -> 0.382372 | Z90: =V90*100 -> 3823.72 | AA90: L | AT90: 13 | AU90: 14 | AV90: =((N90*(L90))-(L90)) -> 18.08 | AW90: =0.92*(N90-1)+1 -> 17.6336 | AZ90: =IF(N90>=M90,"Yes","No") -> Yes | BB90: =IF(AA90="W", L90*(N90-1), -L90 ) -> -1 | BC90: =SUMIFS( $BB:$BB, $A:$A,$A90, $H:$H,$H90, $I:$I,$I90 ) -> -1.05 | BD90: =IF(BC90>0, BC90*0.92, BC90) -> -1.05 | BE90: =IF( BC90>0, IF( AA90="W", BB90 - (BC90 - BD90), BB90 ), BB90 ) -> -1 | BF90: {=SUMPRODUCT((1/COUNTIFS($A$3:$A90,$A$3:$A90,$H$3:$H90,$H$3:$H90,$I$3:$I90,$I$3:$I90)))} -> 23 | BG90: 10 | BH90: =BG90/BF90 -> 0.43478261
A91: 46046 | C91: 11.38 | D91: Sat | E91: VIC | H91: Caulfield | I91: 6 | J91: 3 | K91: Paradise Storm | L91: 1 | M91: 15 | N91: 17.5 | O91: BFSP | Q91: Win | R91: 16.18 | S91: un | T91: =IF(($AA91="W"),ROUND(($L91*$R91),2),"0.00") -> 0.00 | U91: =BE91 -> -1 | V91: =V90+U91 -> 37.2372 | W91: =W90+L91 -> 78 | X91: =SUM(V91/W91) -> 0.4774 | Y91: =V91/100 -> 0.372372 | Z91: =V91*100 -> 3723.72 | AA91: L | AT91: 13 | AU91: 13 | AV91: =((N91*(L91))-(L91)) -> 16.5 | AW91: =0.92*(N91-1)+1 -> 16.18 | AZ91: =IF(N91>=M91,"Yes","No") -> Yes | BB91: =IF(AA91="W", L91*(N91-1), -L91 ) -> -1 | BC91: =SUMIFS( $BB:$BB, $A:$A,$A91, $H:$H,$H91, $I:$I,$I91 ) -> -1.05 | BD91: =IF(BC91>0, BC91*0.92, BC91) -> -1.05 | BE91: =IF( BC91>0, IF( AA91="W", BB91 - (BC91 - BD91), BB91 ), BB91 ) -> -1 | BF91: {=SUMPRODUCT((1/COUNTIFS($A$3:$A91,$A$3:$A91,$H$3:$H91,$H$3:$H91,$I$3:$I91,$I$3:$I91)))} -> 23 | BG91: 10 | BH91: =BG91/BF91 -> 0.43478261
A92: 46046 | C92: 11.38 | D92: Sat | E92: VIC | H92: Caulfield | I92: 6 | J92: 10 | K92: Midnight Glow | L92: 1 | M92: 15 | N92: 24 | O92: BFSP | Q92: Win | R92: 22.16 | S92: un | T92: =IF(($AA92="W"),ROUND(($L92*$R92),2),"0.00") -> 0.00 | U92: =BE92 -> -1 | V92: =V91+U92 -> 36.2372 | W92: =W91+L92 -> 79 | X92: =SUM(V92/W92) -> 0.45869873 | Y92: =V92/100 -> 0.362372 | Z92: =V92*100 -> 3623.72 | AA92: L | AT92: 18.9 | AU92: 17 | AV92: =((N92*(L92))-(L92)) -> 23 | AW92: =0.92*(N92-1)+1 -> 22.16 | AZ92: =IF(N92>=M92,"Yes","No") -> Yes | BB92: =IF(AA92="W", L92*(N92-1), -L92 ) -> -1 | BC92: =SUMIFS( $BB:$BB, $A:$A,$A92, $H:$H,$H92, $I:$I,$I92 ) -> -1.05 | BD92: =IF(BC92>0, BC92*0.92, BC92) -> -1.05 | BE92: =IF( BC92>0, IF( AA92="W", BB92 - (BC92 - BD92), BB92 ), BB92 ) -> -1 | BF92: {=SUMPRODUCT((1/COUNTIFS($A$3:$A92,$A$3:$A92,$H$3:$H92,$H$3:$H92,$I$3:$I92,$I$3:$I92)))} -> 23 | BG92: 10 | BH92: =BG92/BF92 -> 0.43478261
A93: 46046 | C93: 11.48 | D93: Sat | E93: VIC | H93: Caulfield | I93: 7 | J93: 2 | K93: Way To The Stars | L93: 1 | M93: 8.8 | N93: 13.38 | O93: BFSP | Q93: Win | R93: 12.3896 | S93: 1 | T93: =IF(($AA93="W"),ROUND(($L93*$R93),2),"0.00") -> 12.39 | U93: =BE93 -> 11.3896 | V93: =V92+U93 -> 47.6268 | W93: =W92+L93 -> 80 | X93: =SUM(V93/W93) -> 0.595335 | Y93: =V93/100 -> 0.476268 | Z93: =V93*100 -> 4762.68 | AA93: W | AT93: 11 | AU93: 12 | AV93: =((N93*(L93))-(L93)) -> 12.38 | AW93: =0.92*(N93-1)+1 -> 12.3896 | AZ93: =IF(N93>=M93,"Yes","No") -> Yes | BB93: =IF(AA93="W", L93*(N93-1), -L93 ) -> 12.38 | BC93: =SUMIFS( $BB:$BB, $A:$A,$A93, $H:$H,$H93, $I:$I,$I93 ) -> 12.38 | BD93: =IF(BC93>0, BC93*0.92, BC93) -> 11.3896 | BE93: =IF( BC93>0, IF( AA93="W", BB93 - (BC93 - BD93), BB93 ), BB93 ) -> 11.3896 | BF93: {=SUMPRODUCT((1/COUNTIFS($A$3:$A93,$A$3:$A93,$H$3:$H93,$H$3:$H93,$I$3:$I93,$I$3:$I93)))} -> 24 | BG93: 11 | BH93: =BG93/BF93 -> 0.45833333
A94: 46046 | C94: 12.08 | D94: Sat | E94: VIC | H94: Caulfield | I94: 8 | J94: 3 | K94: Romantic Encounter | L94: 0.5 | M94: 5.8422 | N94: 17 | O94: BFSP | Q94: Win | R94: 15.72 | S94: un | T94: =IF(($AA94="W"),ROUND(($L94*$R94),2),"0.00") -> 0.00 | U94: =BE94 -> -0.5 | V94: =V93+U94 -> 47.1268 | W94: =W93+L94 -> 80.5 | X94: =SUM(V94/W94) -> 0.58542609 | Y94: =V94/100 -> 0.471268 | Z94: =V94*100 -> 4712.68 | AA94: L | AT94: 13 | AU94: 13 | AV94: =((N94*(L94))-(L94)) -> 8 | AW94: =0.92*(N94-1)+1 -> 15.72 | AZ94: =IF(N94>=M94,"Yes","No") -> Yes | BA94: 0.0263 | BB94: =IF(AA94="W", L94*(N94-1), -L94 ) -> -0.5 | BC94: =SUMIFS( $BB:$BB, $A:$A,$A94, $H:$H,$H94, $I:$I,$I94 ) -> -1.5 | BD94: =IF(BC94>0, BC94*0.92, BC94) -> -1.5 | BE94: =IF( BC94>0, IF( AA94="W", BB94 - (BC94 - BD94), BB94 ), BB94 ) -> -0.5 | BF94: {=SUMPRODUCT((1/COUNTIFS($A$3:$A94,$A$3:$A94,$H$3:$H94,$H$3:$H94,$I$3:$I94,$I$3:$I94)))} -> 25 | BG94: 11 | BH94: =BG94/BF94 -> 0.44
A95: 46046 | C95: 12.08 | D95: Sat | E95: VIC | H95: Caulfield | I95: 8 | J95: 10 | K95: Conscience | L95: 1 | M95: 11.19755 | N95: 18.44 | O95: BFSP | Q95: Win | R95: 17.0448 | S95: un | T95: =IF(($AA95="W"),ROUND(($L95*$R95),2),"0.00") -> 0.00 | U95: =BE95 -> -1 | V95: =V94+U95 -> 46.1268 | W95: =W94+L95 -> 81.5 | X95: =SUM(V95/W95) -> 0.56597301 | Y95: =V95/100 -> 0.461268 | Z95: =V95*100 -> 4612.68 | AA95: L | AT95: 13 | AU95: 15 | AV95: =((N95*(L95))-(L95)) -> 17.44 | AW95: =0.92*(N95-1)+1 -> 17.0448 | AZ95: =IF(N95>=M95,"Yes","No") -> Yes | BA95: 0.0263 | BB95: =IF(AA95="W", L95*(N95-1), -L95 ) -> -1 | BC95: =SUMIFS( $BB:$BB, $A:$A,$A95, $H:$H,$H95, $I:$I,$I95 ) -> -1.5 | BD95: =IF(BC95>0, BC95*0.92, BC95) -> -1.5 | BE95: =IF( BC95>0, IF( AA95="W", BB95 - (BC95 - BD95), BB95 ), BB95 ) -> -1 | BF95: {=SUMPRODUCT((1/COUNTIFS($A$3:$A95,$A$3:$A95,$H$3:$H95,$H$3:$H95,$I$3:$I95,$I$3:$I95)))} -> 25 | BG95: 11 | BH95: =BG95/BF95 -> 0.44
A96: 46046 | C96: 12.17 | D96: Sat | E96: VIC | H96: Caulfield | I96: 9 | J96: 8 | K96: Extratwo | L96: 1 | M96: 8.4 | N96: 15.62 | O96: BFSP | Q96: Win | R96: 14.4504 | S96: un | T96: =IF(($AA96="W"),ROUND(($L96*$R96),2),"0.00") -> 0.00 | U96: =BE96 -> -1 | V96: =V95+U96 -> 45.1268 | W96: =W95+L96 -> 82.5 | X96: =SUM(V96/W96) -> 0.54699152 | Y96: =V96/100 -> 0.451268 | Z96: =V96*100 -> 4512.68 | AA96: L | AT96: 13 | AU96: 13 | AV96: =((N96*(L96))-(L96)) -> 14.62 | AW96: =0.92*(N96-1)+1 -> 14.4504 | AZ96: =IF(N96>=M96,"Yes","No") -> Yes | BB96: =IF(AA96="W", L96*(N96-1), -L96 ) -> -1 | BC96: =SUMIFS( $BB:$BB, $A:$A,$A96, $H:$H,$H96, $I:$I,$I96 ) -> -3 | BD96: =IF(BC96>0, BC96*0.92, BC96) -> -3 | BE96: =IF( BC96>0, IF( AA96="W", BB96 - (BC96 - BD96), BB96 ), BB96 ) -> -1 | BF96: {=SUMPRODUCT((1/COUNTIFS($A$3:$A96,$A$3:$A96,$H$3:$H96,$H$3:$H96,$I$3:$I96,$I$3:$I96)))} -> 26 | BG96: 11 | BH96: =BG96/BF96 -> 0.42307692
A97: 46046 | C97: 12.17 | D97: Sat | E97: VIC | H97: Caulfield | I97: 9 | J97: 10 | K97: Hughes | L97: 1 | M97: 8.8 | N97: 10.87 | O97: BFSP | Q97: Win | R97: 10.0804 | S97: 2 | T97: =IF(($AA97="W"),ROUND(($L97*$R97),2),"0.00") -> 0.00 | U97: =BE97 -> -1 | V97: =V96+U97 -> 44.1268 | W97: =W96+L97 -> 83.5 | X97: =SUM(V97/W97) -> 0.52846467 | Y97: =V97/100 -> 0.441268 | Z97: =V97*100 -> 4412.68 | AA97: L | AT97: 9.5 | AU97: 9.5 | AV97: =((N97*(L97))-(L97)) -> 9.87 | AW97: =0.92*(N97-1)+1 -> 10.0804 | AZ97: =IF(N97>=M97,"Yes","No") -> Yes | BB97: =IF(AA97="W", L97*(N97-1), -L97 ) -> -1 | BC97: =SUMIFS( $BB:$BB, $A:$A,$A97, $H:$H,$H97, $I:$I,$I97 ) -> -3 | BD97: =IF(BC97>0, BC97*0.92, BC97) -> -3 | BE97: =IF( BC97>0, IF( AA97="W", BB97 - (BC97 - BD97), BB97 ), BB97 ) -> -1 | BF97: {=SUMPRODUCT((1/COUNTIFS($A$3:$A97,$A$3:$A97,$H$3:$H97,$H$3:$H97,$I$3:$I97,$I$3:$I97)))} -> 26 | BG97: 11 | BH97: =BG97/BF97 -> 0.42307692
A98: 46046 | C98: 12.17 | D98: Sat | E98: VIC | H98: Caulfield | I98: 9 | J98: 9 | K98: Contemporary | L98: 1 | M98: 17 | N98: 30.91 | O98: BFSP | Q98: Win | R98: 28.5172 | S98: un | T98: =IF(($AA98="W"),ROUND(($L98*$R98),2),"0.00") -> 0.00 | U98: =BE98 -> -1 | V98: =V97+U98 -> 43.1268 | W98: =W97+L98 -> 84.5 | X98: =SUM(V98/W98) -> 0.51037633 | Y98: =V98/100 -> 0.431268 | Z98: =V98*100 -> 4312.68 | AA98: L | AT98: 21.1 | AU98: 21 | AV98: =((N98*(L98))-(L98)) -> 29.91 | AW98: =0.92*(N98-1)+1 -> 28.5172 | AZ98: =IF(N98>=M98,"Yes","No") -> Yes | BB98: =IF(AA98="W", L98*(N98-1), -L98 ) -> -1 | BC98: =SUMIFS( $BB:$BB, $A:$A,$A98, $H:$H,$H98, $I:$I,$I98 ) -> -3 | BD98: =IF(BC98>0, BC98*0.92, BC98) -> -3 | BE98: =IF( BC98>0, IF( AA98="W", BB98 - (BC98 - BD98), BB98 ), BB98 ) -> -1 | BF98: {=SUMPRODUCT((1/COUNTIFS($A$3:$A98,$A$3:$A98,$H$3:$H98,$H$3:$H98,$I$3:$I98,$I$3:$I98)))} -> 26 | BG98: 11 | BH98: =BG98/BF98 -> 0.42307692
A99: 46046 | C99: 12.4 | D99: Sat | E99: VIC | H99: Caulfield | I99: 10 | J99: 6 | K99: Narbold | L99: 1 | M99: 12.5 | N99: 28.73 | O99: BFSP | Q99: Win | R99: 26.5116 | S99: 1 | T99: =IF(($AA99="W"),ROUND(($L99*$R99),2),"0.00") -> 26.51 | U99: =BE99 -> 25.5916 | V99: =V98+U99 -> 68.7184 | W99: =W98+L99 -> 85.5 | X99: =SUM(V99/W99) -> 0.80372398 | Y99: =V99/100 -> 0.687184 | Z99: =V99*100 -> 6871.84 | AA99: W | AT99: 19 | AU99: 20 | AV99: =((N99*(L99))-(L99)) -> 27.73 | AW99: =0.92*(N99-1)+1 -> 26.5116 | AZ99: =IF(N99>=M99,"Yes","No") -> Yes | BB99: =IF(AA99="W", L99*(N99-1), -L99 ) -> 27.73 | BC99: =SUMIFS( $BB:$BB, $A:$A,$A99, $H:$H,$H99, $I:$I,$I99 ) -> 26.73 | BD99: =IF(BC99>0, BC99*0.92, BC99) -> 24.5916 | BE99: =IF( BC99>0, IF( AA99="W", BB99 - (BC99 - BD99), BB99 ), BB99 ) -> 25.5916 | BF99: {=SUMPRODUCT((1/COUNTIFS($A$3:$A99,$A$3:$A99,$H$3:$H99,$H$3:$H99,$I$3:$I99,$I$3:$I99)))} -> 27 | BG99: 12 | BH99: =BG99/BF99 -> 0.44444444
A100: 46046 | C100: 12.4 | D100: Sat | E100: VIC | H100: Caulfield | I100: 10 | J100: 1 | K100: Black Storm | L100: 1 | M100: 17.5 | N100: 21.41 | O100: BFSP | Q100: Win | R100: 19.7772 | S100: 2 | T100: =IF(($AA100="W"),ROUND(($L100*$R100),2),"0.00") -> 0.00 | U100: =BE100 -> -1 | V100: =V99+U100 -> 67.7184 | W100: =W99+L100 -> 86.5 | X100: =SUM(V100/W100) -> 0.78287168 | Y100: =V100/100 -> 0.677184 | Z100: =V100*100 -> 6771.84 | AA100: L | AT100: 16.7 | AU100: 17 | AV100: =((N100*(L100))-(L100)) -> 20.41 | AW100: =0.92*(N100-1)+1 -> 19.7772 | AZ100: =IF(N100>=M100,"Yes","No") -> Yes | BB100: =IF(AA100="W", L100*(N100-1), -L100 ) -> -1 | BC100: =SUMIFS( $BB:$BB, $A:$A,$A100, $H:$H,$H100, $I:$I,$I100 ) -> 26.73 | BD100: =IF(BC100>0, BC100*0.92, BC100) -> 24.5916 | BE100: =IF( BC100>0, IF( AA100="W", BB100 - (BC100 - BD100), BB100 ), BB100 ) -> -1 | BF100: {=SUMPRODUCT((1/COUNTIFS($A$3:$A100,$A$3:$A100,$H$3:$H100,$H$3:$H100,$I$3:$I100,$I$3:$I100)))} -> 27 | BG100: 12 | BH100: =BG100/BF100 -> 0.44444444
...

Sheet Sheet2
A1: Date | D1: Race No. | E1: Runner | F1: Horse | G1: Rated Price | H1: Units | I1: BFSP | J1: BFSP Higher than Rated Price
A2: 46032 | D2: 1 | E2: 1 | F2: Jenni Gone Bonkers | G2: 2.34 | H2: 0.5 | I2: 2.4 | J2: =IF(I2>=G2,"Yes","No") -> Yes
A3: 46032 | D3: 1 | E3: 6 | F3: Our Chief | G3: 3.7 | H3: 0.5 | I3: 3.16 | J3: =IF(I3>=G3,"Yes","No") -> No
A4: 46032 | D4: 1 | E4: 2 | F4: Flying Done | G4: 10.5 | H4: 1 | I4: 6.49 | J4: =IF(I4>=G4,"Yes","No") -> No
A5: 46032 | D5: 1 | E5: 3 | F5: Maketime | G5: 36 | H5: 1 | I5: 14.5 | J5: =IF(I5>=G5,"Yes","No") -> No
A6: 46032 | D6: 2 | E6: 8 | F6: Trapalanda | G6: 3.15 | H6: 0.5 | I6: 2.66 | J6: =IF(I6>=G6,"Yes","No") -> No
A7: 46032 | D7: 2 | E7: 5 | F7: Stylish Secret | G7: 6 | H7: 0.5 | I7: 6.58 | J7: =IF(I7>=G7,"Yes","No") -> Yes
A8: 46032 | D8: 2 | E8: 9 | F8: Sun Gift | G8: 6 | H8: 0.5 | I8: 4.91 | J8: =IF(I8>=G8,"Yes","No") -> No
A9: 46032 | D9: 2 | E9: 6 | F9: American Wolf | G9: 10 | H9: 1 | I9: 19.5 | J9: =IF(I9>=G9,"Yes","No") -> Yes
A10: 46032 | D10: 2 | E10: 1 | F10: Prince Eric | G10: 14.5 | H10: 1 | I10: 28 | J10: =IF(I10>=G10,"Yes","No") -> Yes
A11: 46032 | D11: 2 | E11: 7 | F11: Politely Dun | G11: 14.5 | H11: 1 | I11: 16 | J11: =IF(I11>=G11,"Yes","No") -> Yes
A12: 46032 | D12: 2 | E12: 10 | F12: Wolfess | G12: 15.5 | H12: 1 | I12: 11.5 | J12: =IF(I12>=G12,"Yes","No") -> No
A13: 46032 | D13: 2 | E13: 3 | F13: New York Hurricane | G13: 42 | H13: 1 | I13: 65 | J13: =IF(I13>=G13,"Yes","No") -> Yes
... A167: 46046 | D167: 7 | E167: 2 | F167: Way To The Stars | G167: 8.8 | H167: 1 | I167: 13.38 | J167: =IF(I167>=G167,"Yes","No") -> Yes
A168: 46046 | D168: 8 | E168: 3 | F168: Romantic Encounter | G168: 5.8422 | H168: 0.5 | I168: 17 | J168: =IF(I168>=G168,"Yes","No") -> Yes | K168: 0.0263
A169: 46046 | D169: 8 | E169: 2 | F169: Job Done | G169: 8.56856 | H169: 1 | I169: 6.4 | J169: =IF(I169>=G169,"Yes","No") -> No | K169: 0.0263
A170: 46046 | D170: 8 | E170: 10 | F170: Conscience | G170: 11.19755 | H170: 1 | I170: 18.44 | J170: =IF(I170>=G170,"Yes","No") -> Yes | K170: 0.0263
A171: 46046 | D171: 8 | E171: 7 | F171: Miss Ole | G171: 12.17125 | H171: 1 | I171: 10.32 | J171: =IF(I171>=G171,"Yes","No") -> No | K171: 0.0263
A172: 46046 | D172: 8 | E172: 8 | F172: Naifah | G172: 12.17125 | H172: 1 | I172: 9.51 | J172: =IF(I172>=G172,"Yes","No") -> No | K172: 0.0263
A173: 46046 | D173: 8 | E173: 4 | F173: Express Class | G173: 19.474 | H173: 1 | I173: 15.64 | J173: =IF(I173>=G173,"Yes","No") -> No | K173: 0.0263
A174: 46046 | D174: 9 | E174: 3 | F174: Regal Zeus | G174: 4.5 | H174: 0.5 | I174: 3.34 | J174: =IF(I174>=G174,"Yes","No") -> No
A175: 46046 | D175: 9 | E175: 8 | F175: Extratwo | G175: 8.4 | H175: 1 | I175: 15.62 | J175: =IF(I175>=G175,"Yes","No") -> Yes
A176: 46046 | D176: 9 | E176: 10 | F176: Hughes | G176: 8.8 | H176: 1 | I176: 10.87 | J176: =IF(I176>=G176,"Yes","No") -> Yes
A177: 46046 | D177: 9 | E177: 9 | F177: Contemporary | G177: 17 | H177: 1 | I177: 30.91 | J177: =IF(I177>=G177,"Yes","No") -> Yes
A178: 46046 | D178: 10 | E178: 5 | F178: Touchdown | G178: 2.02 | H178: 0.5 | I178: 1.96 | J178: =IF(I178>=G178,"Yes","No") -> No
A179: 46046 | D179: 10 | E179: 12 | F179: Yes I Know | G179: 3.15 | H179: 0.5 | I179: 2.49 | J179: =IF(I179>=G179,"Yes","No") -> No
A180: 46046 | D180: 10 | E180: 6 | F180: Narbold | G180: 12.5 | H180: 1 | I180: 28.73 | J180: =IF(I180>=G180,"Yes","No") -> Yes
A181: 46046 | D181: 10 | E181: 1 | F181: Black Storm | G181: 17.5 | H181: 1 | I181: 21.41 | J181: =IF(I181>=G181,"Yes","No") -> Yes
A182: 46046 | D182: 10 | E182: 4 | F182: Sunsets | G182: 44 | H182: 1 | I182: 31.33 | J182: =IF(I182>=G182,"Yes","No") -> No
A183: 46053 | D183: 1 | E183: 6 | F183: Jennis Meadow | G183: 3 | H183: 0.5 | I183: 3 | J183: =IF(I183>=G183,"Yes","No") -> Yes
A184: 46053 | D184: 1 | E184: 3 | F184: Magnaspin | G184: 4.4 | H184: 0.5 | I184: 4.67 | J184: =IF(I184>=G184,"Yes","No") -> Yes
A185: 46053 | D185: 1 | E185: 1 | F185: Bold Soul | G185: 10 | H185: 1 | I185: 11.31 | J185: =IF(I185>=G185,"Yes","No") -> Yes
... A756: 46123 | D756: 6 | E756: 8 | F756: Motorsports | G756: 7.6 | H756: 1 | I756: 5.79 | J756: =IF(I756>=G756,"Yes","No") -> No
A757: 46123 | D757: 7 | E757: 1 | F757: Single Choice | G757: 4.656 | H757: 0.5 | I757: 5.63 | J757: =IF(I757>=G757,"Yes","No") -> Yes | K757: 0.03
A758: 46123 | D758: 7 | E758: 2 | F758: Dad And Dave | G758: 11.64 | H758: 0.5 | I758: 13.27 | J758: =IF(I758>=G758,"Yes","No") -> Yes | K758: 0.03
A759: 46123 | D759: 7 | E759: 3 | F759: Hallowed Halls | G759: 32.98 | H759: 0.5 | I759: 44.64 | J759: =IF(I759>=G759,"Yes","No") -> Yes | K759: 0.03
A760: 46123 | D760: 7 | E760: 4 | F760: Amazake | G760: 3.589 | H760: 0.5 | I760: 3.25 | J760: =IF(I760>=G760,"Yes","No") -> No | K760: 0.03
A761: 46123 | D761: 7 | E761: 5 | F761: Johnich | G761: 17.46 | H761: 0.5 | I761: 25.68 | J761: =IF(I761>=G761,"Yes","No") -> Yes | K761: 0.03
A762: 46123 | D762: 7 | E762: 6 | F762: Arabian Prince | G762: 9.312 | H762: 0.5 | I762: 4 | J762: =IF(I762>=G762,"Yes","No") -> No | K762: 0.03
A763: 46123 | D763: 7 | E763: 10 | F763: Sonic Bender | G763: 29.1 | H763: 0.5 | I763: 29.32 | J763: =IF(I763>=G763,"Yes","No") -> Yes | K763: 0.03
A764: 46123 | D764: 8 | E764: 2 | F764: Golden Path | G764: 12.285 | H764: 1 | I764: 11.15 | J764: =IF(I764>=G764,"Yes","No") -> No | K764: 0.09
A765: 46123 | D765: 8 | E765: 6 | F765: On Display | G765: 6.916 | H765: 1 | I765: 5.77 | J765: =IF(I765>=G765,"Yes","No") -> No | K765: 0.09
A766: 46123 | D766: 8 | E766: 8 | F766: Al Duca | G766: 5.369 | H766: 0.5 | I766: 3.84 | J766: =IF(I766>=G766,"Yes","No") -> No | K766: 0.09
A767: 46123 | D767: 8 | E767: 12 | F767: Taken | G767: 5.824 | H767: 0.5 | I767: 5.51 | J767: =IF(I767>=G767,"Yes","No") -> No | K767: 0.09
A768: 46123 | D768: 8 | E768: 13 | F768: Astral Flame | G768: 6.37 | H768: 1 | I768: 11.72 | J768: =IF(I768>=G768,"Yes","No") -> Yes | K768: 0.09
A769: 46123 | D769: 8 | E769: 14 | F769: Cilacap | G769: 16.835 | H769: 0.5 | I769: 19.61 | J769: =IF(I769>=G769,"Yes","No") -> Yes | K769: 0.09
A770: 46123 | D770: 9 | E770: 1 | F770: Bacash | G770: 7.2 | H770: 1 | I770: 4.62 | J770: =IF(I770>=G770,"Yes","No") -> No
A771: 46123 | D771: 9 | E771: 3 | F771: Burma Star | G771: 16 | H771: 1 | I771: 7.4 | J771: =IF(I771>=G771,"Yes","No") -> No
A772: 46123 | D772: 9 | E772: 6 | F772: Oliveanotherday | G772: 2 | H772: 0.5 | I772: 2.58 | J772: =IF(I772>=G772,"Yes","No") -> Yes
A773: 46123 | D773: 9 | E773: 9 | F773: Vivid Sun | G773: 11.5 | H773: 0.5 | I773: 8.97 | J773: =IF(I773>=G773,"Yes","No") -> No
A774: 46123 | D774: 10 | E774: 9 | F774: First Chorus | G774: 3.577 | H774: 0.5 | I774: 2.67 | J774: =IF(I774>=G774,"Yes","No") -> No | K774: 0.02
A775: 46123 | D775: 10 | E775: 14 | F775: Trapdoor | G775: 3.822 | H775: 0.5 | I775: 3.73 | J775: =IF(I775>=G775,"Yes","No") -> No | K775: 0.02
A776: 46123 | D776: 10 | E776: 17 | F776: Nobler | G776: 4.998 | H776: 0.5 | I776: 7.4 | J776: =IF(I776>=G776,"Yes","No") -> Yes | K776: 0.02
A777: 46130 | D777: 2 | E777: 2 | F777: Castelar | G777: 8 | H777: 1 | I777: 13 | J777: =IF(I777>=G777,"Yes","No") -> Yes
A778: 46130 | D778: 2 | E778: 4 | F778: Always Enuff | G778: 36 | H778: 1 | I778: 35.33 | J778: =IF(I778>=G778,"Yes","No") -> No
A779: 46130 | D779: 2 | E779: 6 | F779: La Astro Chat | G779: 12 | H779: 1 | I779: 8.6 | J779: =IF(I779>=G779,"Yes","No") -> No
A780: 46130 | D780: 2 | E780: 7 | F780: Along The River | G780: 15 | H780: 1 | I780: 12.5 | J780: =IF(I780>=G780,"Yes","No") -> No
A781: 46130 | D781: 2 | E781: 9 | F781: Runlikenencryption | G781: 14 | H781: 1 | I781: 11.35 | J781: =IF(I781>=G781,"Yes","No") -> No
A782: 46130 | D782: 2 | E782: 13 | F782: Street Artist | G782: 3 | H782: 0.5 | I782: 2.21 | J782: =IF(I782>=G782,"Yes","No") -> No
A783: 46130 | D783: 2 | E783: 14 | F783: Du Clisson | G783: 22 | H783: 1 | I783: 7.8 | J783: =IF(I783>=G783,"Yes","No") -> No
A784: 46130 | D784: 2 | E784: 16 | F784: Blue Hotel | G784: 20 | H784: 1 | I784: 15.23 | J784: =IF(I784>=G784,"Yes","No") -> No
A785: 46130 | D785: 3 | E785: 1 | F785: Claymore Mine | G785: 19 | H785: 0.5 | I785: 12.5 | J785: =IF(I785>=G785,"Yes","No") -> No
A786: 46130 | D786: 3 | E786: 2 | F786: Gellhorn | G786: 8.8 | H786: 1 | I786: 14 | J786: =IF(I786>=G786,"Yes","No") -> Yes
A787: 46130 | D787: 3 | E787: 3 | F787: Body Of Venus | G787: 11 | H787: 1 | I787: 14 | J787: =IF(I787>=G787,"Yes","No") -> Yes
A788: 46130 | D788: 3 | E788: 4 | F788: Egerton | G788: 21 | H788: 0.5 | I788: 34 | J788: =IF(I788>=G788,"Yes","No") -> Yes
... A1085: 46172 | D1085: 2 | E1085: 12 | F1085: Zunna | G1085: 12 | H1085: 1 | I1085: 16.62 | J1085: =IF(I1085>=G1085,"Yes","No") -> Yes
A1086: 46172 | D1086: 3 | E1086: 2 | F1086: Bel Mezyaan | G1086: 3.872 | H1086: 0.5 | I1086: 4.98 | J1086: =IF(I1086>=G1086,"Yes","No") -> Yes | K1086: =G1086*(1-L1086) -> 3.872
A1087: 46172 | D1087: 3 | E1087: 3 | F1087: Cinturato | G1087: 7.744 | H1087: 1 | I1087: 6.83 | J1087: =IF(I1087>=G1087,"Yes","No") -> No | K1087: =G1087*(1-L1087) -> 7.744
A1088: 46172 | D1088: 3 | E1088: 5 | F1088: Yes Yoshi | G1088: 5.28 | H1088: 0.5 | I1088: 4.45 | J1088: =IF(I1088>=G1088,"Yes","No") -> No | K1088: =G1088*(1-L1088) -> 5.28
A1089: 46172 | D1089: 3 | E1089: 8 | F1089: Clevor Trevor | G1089: 4.84 | H1089: 0.5 | I1089: 4.36 | J1089: =IF(I1089>=G1089,"Yes","No") -> No | K1089: =G1089*(1-L1089) -> 4.84
A1090: 46172 | D1090: 3 | E1090: 9 | F1090: Power And The Beat | G1090: 33.44 | H1090: 1 | I1090: 33.99 | J1090: =IF(I1090>=G1090,"Yes","No") -> Yes | K1090: =G1090*(1-L1090) -> 33.44
A1091: 46172 | D1091: 3 | E1091: 10 | F1091: Undisputable | G1091: 11.88 | H1091: 1 | I1091: 16.92 | J1091: =IF(I1091>=G1091,"Yes","No") -> Yes | K1091: =G1091*(1-L1091) -> 11.88
A1092: 46172 | D1092: 3 | E1092: 11 | F1092: Obvious | G1092: 23.76 | H1092: 1 | I1092: 12.89 | J1092: =IF(I1092>=G1092,"Yes","No") -> No | K1092: =G1092*(1-L1092) -> 23.76
A1093: 46172 | D1093: 3 | E1093: 14 | F1093: Bajaria | G1093: 20.24 | H1093: 1 | I1093: 20.45 | J1093: =IF(I1093>=G1093,"Yes","No") -> Yes | K1093: =G1093*(1-L1093) -> 20.24
A1094: 46172 | D1094: 4 | E1094: 1 | F1094: First Chorus | G1094: 2.26 | H1094: 0.5 | I1094: 1.64 | J1094: =IF(I1094>=G1094,"Yes","No") -> No
A1095: 46172 | D1095: 4 | E1095: 3 | F1095: A Diva | G1095: 9.8 | H1095: 1 | I1095: 12.97 | J1095: =IF(I1095>=G1095,"Yes","No") -> Yes
A1096: 46172 | D1096: 4 | E1096: 4 | F1096: Belle Savoir | G1096: 15 | H1096: 1 | I1096: 25.71 | J1096: =IF(I1096>=G1096,"Yes","No") -> Yes
A1097: 46172 | D1097: 4 | E1097: 7 | F1097: Ennas Dream | G1097: 8.6 | H1097: 0.5 | I1097: 10.73 | J1097: =IF(I1097>=G1097,"Yes","No") -> Yes
A1098: 46172 | D1098: 4 | E1098: 8 | F1098: Jazz Affair | G1098: 6.2 | H1098: 0.5 | I1098: 11.5 | J1098: =IF(I1098>=G1098,"Yes","No") -> Yes
A1099: 46172 | D1099: 4 | E1099: 10 | F1099: Prestige Snitzel | G1099: 28 | H1099: 0.5 | I1099: 38.14 | J1099: =IF(I1099>=G1099,"Yes","No") -> Yes
A1100: 46172 | D1100: 4 | E1100: 11 | F1100: Oraqua | G1100: 14 | H1100: 1 | I1100: 13 | J1100: =IF(I1100>=G1100,"Yes","No") -> No
A1101: 46172 | D1101: 5 | E1101: 1 | F1101: Jimmy The Bear | G1101: 13.5 | H1101: 0.5 | I1101: 11.34 | J1101: =IF(I1101>=G1101,"Yes","No") -> No
A1102: 46172 | D1102: 5 | E1102: 2 | F1102: El Rocko | G1102: 3.6 | H1102: 0.5 | I1102: 2.91 | J1102: =IF(I1102>=G1102,"Yes","No") -> No
A1103: 46172 | D1103: 5 | E1103: 3 | F1103: Oh Too Good | G1103: 5.9 | H1103: 0.5 | I1103: 8.78 | J1103: =IF(I1103>=G1103,"Yes","No") -> Yes
A1104: 46172 | D1104: 5 | E1104: 4 | F1104: Lady Jones | G1104: 16 | H1104: 1 | I1104: 20.38 | J1104: =IF(I1104>=G1104,"Yes","No") -> Yes
A1105: 46172 | D1105: 5 | E1105: 5 | F1105: Rumbled Again | G1105: 25 | H1105: 1 | I1105: 13.72 | J1105: =IF(I1105>=G1105,"Yes","No") -> No
... A1534: 46228 | D1534: 1 | E1534: 10 | F1534: Happy Link | G1534: 30 | H1534: 1 | I1534: 19.5 | J1534: =IF(I1534>=G1534,"Yes","No") -> No
A1535: 46228 | D1535: 2 | E1535: 6 | F1535: Stakes | G1535: 5.336 | H1535: 0.5 | I1535: 5.18 | J1535: =IF(I1535>=G1535,"Yes","No") -> No | K1535: 0.08
A1536: 46228 | D1536: 2 | E1536: 8 | F1536: Resolutely | G1536: 4.14 | H1536: 0.5 | I1536: 3.73 | J1536: =IF(I1536>=G1536,"Yes","No") -> No | K1536: 0.08
A1537: 46228 | D1537: 3 | E1537: 1 | F1537: Salsa Fellow | G1537: 16.5 | H1537: 1 | I1537: 29.84 | J1537: =IF(I1537>=G1537,"Yes","No") -> Yes
A1538: 46228 | D1538: 3 | E1538: 5 | F1538: Luna Cat | G1538: 6.2 | H1538: 0.5 | I1538: 6.31 | J1538: =IF(I1538>=G1538,"Yes","No") -> Yes
A1539: 46228 | D1539: 3 | E1539: 6 | F1539: Butternut Princess | G1539: 11.5 | H1539: 1 | I1539: 19.63 | J1539: =IF(I1539>=G1539,"Yes","No") -> Yes
A1540: 46228 | D1540: 3 | E1540: 7 | F1540: Dancing Storm | G1540: 16.5 | H1540: 1 | I1540: 16.5 | J1540: =IF(I1540>=G1540,"Yes","No") -> Yes
A1541: 46228 | D1541: 3 | E1541: 8 | F1541: Behaviour | G1541: 17 | H1541: 1 | I1541: 16.78 | J1541: =IF(I1541>=G1541,"Yes","No") -> No
A1542: 46228 | D1542: 4 | E1542: 1 | F1542: Snow Mercy | G1542: 27 | H1542: 1 | I1542: 27 | J1542: =IF(I1542>=G1542,"Yes","No") -> Yes
A1543: 46228 | D1543: 4 | E1543: 3 | F1543: Signatura Scent | G1543: 4.6 | H1543: 0.5 | I1543: 4.8 | J1543: =IF(I1543>=G1543,"Yes","No") -> Yes
A1544: 46228 | D1544: 4 | E1544: 4 | F1544: Afterberna | G1544: 6.8 | H1544: 0.5 | I1544: 8.8 | J1544: =IF(I1544>=G1544,"Yes","No") -> Yes
A1545: 46228 | D1545: 4 | E1545: 5 | F1545: Farcited | G1545: 8.8 | H1545: 0.5 | I1545: 8 | J1545: =IF(I1545>=G1545,"Yes","No") -> No
A1546: 46228 | D1546: 4 | E1546: 7 | F1546: Jenni The Ninja | G1546: 18.5 | H1546: 1 | I1546: 22.85 | J1546: =IF(I1546>=G1546,"Yes","No") -> Yes
A1547: 46228 | D1547: 4 | E1547: 9 | F1547: Nighttime Star | G1547: 34 | H1547: 1 | I1547: 37.3 | J1547: =IF(I1547>=G1547,"Yes","No") -> Yes
...

Sheet Analysis
A1: Track | B1: Units Invested | C1: Units Collected (Net) | D1: Profit (Net) | E1: POT% | F1: Rated Price | G1: 1-1.99 | H1: 2-2.99 | I1: 3-3.99 | J1: 4-4.99 | K1: 5-5.99 | L1: 6-6.99 | M1: 7-7.99 | N1: 8-8.99 | O1: 9-9.99 | P1: 10-19.99 | Q1: 20-29.99 | R1: 30-39.99 | S1: 40-49.99 | T1: 50+ | U1: Rated Price POT% | V1: 1-1.99 | W1: 2-2.99 | X1: 3-3.99 | Y1: 4-4.99 | Z1: 5-5.99 | AA1: 6-6.99 | AB1: 7-7.99 | AC1: 8-8.99 | AD1: 9-9.99 | AE1: 10-19.99 | AF1: 20-29.99 | AG1: 30-39.99 | AH1: 40-49.99 | AI1: 50+
A2: Bendigo | B2: {=SUMPRODUCT((TRIM('DATA INPUT'!$H$3:$H$2001)=$A2)*'DATA INPUT'!$L$3:$L$2001)} -> 16.5 | C2: =B2+D2 -> 22.548 | D2: {=SUMPRODUCT((TRIM('DATA INPUT'!$H$3:$H$2001)=$A2)*'DATA INPUT'!$U$3:$U$2001)} -> 6.048 | E2: =IFERROR(D2/B2,0) -> 0.36654545 | G2: {=SUMPRODUCT((TRIM('DATA INPUT'!$H$3:$H$2001)=$A2)*('DATA INPUT'!$M$3:$M$2001>=1)*('DATA INPUT'!$M$3:$M$2001<2)*'DATA INPUT'!$U$3:$U$2001)} -> 0 | H2: {=SUMPRODUCT((TRIM('DATA INPUT'!$H$3:$H$2001)=$A2)*('DATA INPUT'!$M$3:$M$2001>=2)*('DATA INPUT'!$M$3:$M$2001<3)*'DATA INPUT'!$U$3:$U$2001)} -> 0 | I2: {=SUMPRODUCT((TRIM('DATA INPUT'!$H$3:$H$2001)=$A2)*('DATA INPUT'!$M$3:$M$2001>=3)*('DATA INPUT'!$M$3:$M$2001<4)*'DATA INPUT'!$U$3:$U$2001)} -> 0.6624 | J2: {=SUMPRODUCT((TRIM('DATA INPUT'!$H$3:$H$2001)=$A2)*('DATA INPUT'!$M$3:$M$2001>=4)*('DATA INPUT'!$M$3:$M$2001<5)*'DATA INPUT'!$U$3:$U$2001)} -> -0.5 | K2: {=SUMPRODUCT((TRIM('DATA INPUT'!$H$3:$H$2001)=$A2)*('DATA INPUT'!$M$3:$M$2001>=5)*('DATA INPUT'!$M$3:$M$2001<6)*'DATA INPUT'!$U$3:$U$2001)} -> -1.5 | L2: {=SUMPRODUCT((TRIM('DATA INPUT'!$H$3:$H$2001)=$A2)*('DATA INPUT'!$M$3:$M$2001>=6)*('DATA INPUT'!$M$3:$M$2001<7)*'DATA INPUT'!$U$3:$U$2001)} -> 2.472 | M2: {=SUMPRODUCT((TRIM('DATA INPUT'!$H$3:$H$2001)=$A2)*('DATA INPUT'!$M$3:$M$2001>=7)*('DATA INPUT'!$M$3:$M$2001<8)*'DATA INPUT'!$U$3:$U$2001)} -> -1.5 | N2: {=SUMPRODUCT((TRIM('DATA INPUT'!$H$3:$H$2001)=$A2)*('DATA INPUT'!$M$3:$M$2001>=8)*('DATA INPUT'!$M$3:$M$2001<9)*'DATA INPUT'!$U$3:$U$2001)} -> 0 | O2: {=SUMPRODUCT((TRIM('DATA INPUT'!$H$3:$H$2001)=$A2)*('DATA INPUT'!$M$3:$M$2001>=9)*('DATA INPUT'!$M$3:$M$2001<10)*'DATA INPUT'!$U$3:$U$2001)} -> -1 | P2: {=SUMPRODUCT((TRIM('DATA INPUT'!$H$3:$H$2001)=$A2)*('DATA INPUT'!$M$3:$M$2001>=10)*('DATA INPUT'!$M$3:$M$2001<20)*'DATA INPUT'!$U$3:$U$2001)} -> 11.9136 | Q2: {=SUMPRODUCT((TRIM('DATA INPUT'!$H$3:$H$2001)=$A2)*('DATA INPUT'!$M$3:$M$2001>=20)*('DATA INPUT'!$M$3:$M$2001<30)*'DATA INPUT'!$U$3:$U$2001)} -> -2.5 | R2: {=SUMPRODUCT((TRIM('DATA INPUT'!$H$3:$H$2001)=$A2)*('DATA INPUT'!$M$3:$M$2001>=30)*('DATA INPUT'!$M$3:$M$2001<40)*'DATA INPUT'!$U$3:$U$2001)} -> -1 | S2: {=SUMPRODUCT((TRIM('DATA INPUT'!$H$3:$H$2001)=$A2)*('DATA INPUT'!$M$3:$M$2001>=40)*('DATA INPUT'!$M$3:$M$2001<50)*'DATA INPUT'!$U$3:$U$2001)} -> -1 | T2: {=SUMPRODUCT((TRIM('DATA INPUT'!$H$3:$H$2001)=$A2)*('DATA INPUT'!$M$3:$M$2001>=50)*'DATA INPUT'!$U$3:$U$2001)} -> 0 | V2: {=IFERROR(SUMPRODUCT((TRIM('DATA INPUT'!$H$3:$H$2001)=$A2)*('DATA INPUT'!$M$3:$M$2001>=1)*('DATA INPUT'!$M$3:$M$2001<2)*'DATA INPUT'!$U$3:$U$2001)/SUMPRODUCT((TRIM('DATA INPUT'!$H$3:$H$2001)=$A2)*('DATA INPUT'!$M$3:$M$2001>=1)*('DATA INPUT'!$M$3:$M$2001<2)*'DATA INPUT'!$L$3:$L$2001),0)} -> 0 | W2: {=IFERROR(SUMPRODUCT((TRIM('DATA INPUT'!$H$3:$H$2001)=$A2)*('DATA INPUT'!$M$3:$M$2001>=2)*('DATA INPUT'!$M$3:$M$2001<3)*'DATA INPUT'!$U$3:$U$2001)/SUMPRODUCT((TRIM('DATA INPUT'!$H$3:$H$2001)=$A2)*('DATA INPUT'!$M$3:$M$2001>=2)*('DATA INPUT'!$M$3:$M$2001<3)*'DATA INPUT'!$L$3:$L$2001),0)} -> 0 | X2: {=IFERROR(SUMPRODUCT((TRIM('DATA INPUT'!$H$3:$H$2001)=$A2)*('DATA INPUT'!$M$3:$M$2001>=3)*('DATA INPUT'!$M$3:$M$2001<4)*'DATA INPUT'!$U$3:$U$2001)/SUMPRODUCT((TRIM('DATA INPUT'!$H$3:$H$2001)=$A2)*('DATA INPUT'!$M$3:$M$2001>=3)*('DATA INPUT'!$M$3:$M$2001<4)*'DATA INPUT'!$L$3:$L$2001),0)} -> 0.4416 | Y2: {=IFERROR(SUMPRODUCT((TRIM('DATA INPUT'!$H$3:$H$2001)=$A2)*('DATA INPUT'!$M$3:$M$2001>=4)*('DATA INPUT'!$M$3:$M$2001<5)*'DATA INPUT'!$U$3:$U$2001)/SUMPRODUCT((TRIM('DATA INPUT'!$H$3:$H$2001)=$A2)*('DATA INPUT'!$M$3:$M$2001>=4)*('DATA INPUT'!$M$3:$M$2001<5)*'DATA INPUT'!$L$3:$L$2001),0)} -> -1 | Z2: {=IFERROR(SUMPRODUCT((TRIM('DATA INPUT'!$H$3:$H$2001)=$A2)*('DATA INPUT'!$M$3:$M$2001>=5)*('DATA INPUT'!$M$3:$M$2001<6)*'DATA INPUT'!$U$3:$U$2001)/SUMPRODUCT((TRIM('DATA INPUT'!$H$3:$H$2001)=$A2)*('DATA INPUT'!$M$3:$M$2001>=5)*('DATA INPUT'!$M$3:$M$2001<6)*'DATA INPUT'!$L$3:$L$2001),0)} -> -1 | AA2: {=IFERROR(SUMPRODUCT((TRIM('DATA INPUT'!$H$3:$H$2001)=$A2)*('DATA INPUT'!$M$3:$M$2001>=6)*('DATA INPUT'!$M$3:$M$2001<7)*'DATA INPUT'!$U$3:$U$2001)/SUMPRODUCT((TRIM('DATA INPUT'!$H$3:$H$2001)=$A2)*('DATA INPUT'!$M$3:$M$2001>=6)*('DATA INPUT'!$M$3:$M$2001<7)*'DATA INPUT'!$L$3:$L$2001),0)} -> 1.236 | AB2: {=IFERROR(SUMPRODUCT((TRIM('DATA INPUT'!$H$3:$H$2001)=$A2)*('DATA INPUT'!$M$3:$M$2001>=7)*('DATA INPUT'!$M$3:$M$2001<8)*'DATA INPUT'!$U$3:$U$2001)/SUMPRODUCT((TRIM('DATA INPUT'!$H$3:$H$2001)=$A2)*('DATA INPUT'!$M$3:$M$2001>=7)*('DATA INPUT'!$M$3:$M$2001<8)*'DATA INPUT'!$L$3:$L$2001),0)} -> -1 | AC2: {=IFERROR(SUMPRODUCT((TRIM('DATA INPUT'!$H$3:$H$2001)=$A2)*('DATA INPUT'!$M$3:$M$2001>=8)*('DATA INPUT'!$M$3:$M$2001<9)*'DATA INPUT'!$U$3:$U$2001)/SUMPRODUCT((TRIM('DATA INPUT'!$H$3:$H$2001)=$A2)*('DATA INPUT'!$M$3:$M$2001>=8)*('DATA INPUT'!$M$3:$M$2001<9)*'DATA INPUT'!$L$3:$L$2001),0)} -> 0 | AD2: {=IFERROR(SUMPRODUCT((TRIM('DATA INPUT'!$H$3:$H$2001)=$A2)*('DATA INPUT'!$M$3:$M$2001>=9)*('DATA INPUT'!$M$3:$M$2001<10)*'DATA INPUT'!$U$3:$U$2001)/SUMPRODUCT((TRIM('DATA INPUT'!$H$3:$H$2001)=$A2)*('DATA INPUT'!$M$3:$M$2001>=9)*('DATA INPUT'!$M$3:$M$2001<10)*'DATA INPUT'!$L$3:$L$2001),0)} -> -1 | AE2: {=IFERROR(SUMPRODUCT((TRIM('DATA INPUT'!$H$3:$H$2001)=$A2)*('DATA INPUT'!$M$3:$M$2001>=10)*('DATA INPUT'!$M$3:$M$2001<20)*'DATA INPUT'!$U$3:$U$2001)/SUMPRODUCT((TRIM('DATA INPUT'!$H$3:$H$2001)=$A2)*('DATA INPUT'!$M$3:$M$2001>=10)*('DATA INPUT'!$M$3:$M$2001<20)*'DATA INPUT'!$L$3:$L$2001),0)} -> 2.9784 | AF2: {=IFERROR(SUMPRODUCT((TRIM('DATA INPUT'!$H$3:$H$2001)=$A2)*('DATA INPUT'!$M$3:$M$2001>=20)*('DATA INPUT'!$M$3:$M$2001<30)*'DATA INPUT'!$U$3:$U$2001)/SUMPRODUCT((TRIM('DATA INPUT'!$H$3:$H$2001)=$A2)*('DATA INPUT'!$M$3:$M$2001>=20)*('DATA INPUT'!$M$3:$M$2001<30)*'DATA INPUT'!$L$3:$L$2001),0)} -> -1 | AG2: {=IFERROR(SUMPRODUCT((TRIM('DATA INPUT'!$H$3:$H$2001)=$A2)*('DATA INPUT'!$M$3:$M$2001>=30)*('DATA INPUT'!$M$3:$M$2001<40)*'DATA INPUT'!$U$3:$U$2001)/SUMPRODUCT((TRIM('DATA INPUT'!$H$3:$H$2001)=$A2)*('DATA INPUT'!$M$3:$M$2001>=30)*('DATA INPUT'!$M$3:$M$2001<40)*'DATA INPUT'!$L$3:$L$2001),0)} -> -1 | AH2: {=IFERROR(SUMPRODUCT((TRIM('DATA INPUT'!$H$3:$H$2001)=$A2)*('DATA INPUT'!$M$3:$M$2001>=40)*('DATA INPUT'!$M$3:$M$2001<50)*'DATA INPUT'!$U$3:$U$2001)/SUMPRODUCT((TRIM('DATA INPUT'!$H$3:$H$2001)=$A2)*('DATA INPUT'!$M$3:$M$2001>=40)*('DATA INPUT'!$M$3:$M$2001<50)*'DATA INPUT'!$L$3:$L$2001),0)} -> -1 | AI2: {=IFERROR(SUMPRODUCT((TRIM('DATA INPUT'!$H$3:$H$2001)=$A2)*('DATA INPUT'!$M$3:$M$2001>=50)*'DATA INPUT'!$U$3:$U$2001)/SUMPRODUCT((TRIM('DATA INPUT'!$H$3:$H$2001)=$A2)*('DATA INPUT'!$M$3:$M$2001>=50)*'DATA INPUT'!$L$3:$L$2001),0)} -> 0
A3: Caulfield | B3: {=SUMPRODUCT((TRIM('DATA INPUT'!$H$3:$H$2001)=$A3)*'DATA INPUT'!$L$3:$L$2001)} -> 402.1 | C3: =B3+D3 -> 295.988 | D3: {=SUMPRODUCT((TRIM('DATA INPUT'!$H$3:$H$2001)=$A3)*'DATA INPUT'!$U$3:$U$2001)} -> -106.112 | E3: =IFERROR(D3/B3,0) -> -0.26389455 | G3: {=SUMPRODUCT((TRIM('DATA INPUT'!$H$3:$H$2001)=$A3)*('DATA INPUT'!$M$3:$M$2001>=1)*('DATA INPUT'!$M$3:$M$2001<2)*'DATA INPUT'!$U$3:$U$2001)} -> -1 | H3: {=SUMPRODUCT((TRIM('DATA INPUT'!$H$3:$H$2001)=$A3)*('DATA INPUT'!$M$3:$M$2001>=2)*('DATA INPUT'!$M$3:$M$2001<3)*'DATA INPUT'!$U$3:$U$2001)} -> -3.154 | I3: {=SUMPRODUCT((TRIM('DATA INPUT'!$H$3:$H$2001)=$A3)*('DATA INPUT'!$M$3:$M$2001>=3)*('DATA INPUT'!$M$3:$M$2001<4)*'DATA INPUT'!$U$3:$U$2001)} -> 7.5014 | J3: {=SUMPRODUCT((TRIM('DATA INPUT'!$H$3:$H$2001)=$A3)*('DATA INPUT'!$M$3:$M$2001>=4)*('DATA INPUT'!$M$3:$M$2001<5)*'DATA INPUT'!$U$3:$U$2001)} -> -0.5814 | K3: {=SUMPRODUCT((TRIM('DATA INPUT'!$H$3:$H$2001)=$A3)*('DATA INPUT'!$M$3:$M$2001>=5)*('DATA INPUT'!$M$3:$M$2001<6)*'DATA INPUT'!$U$3:$U$2001)} -> -8.9452 | L3: {=SUMPRODUCT((TRIM('DATA INPUT'!$H$3:$H$2001)=$A3)*('DATA INPUT'!$M$3:$M$2001>=6)*('DATA INPUT'!$M$3:$M$2001<7)*'DATA INPUT'!$U$3:$U$2001)} -> -9.254 | M3: {=SUMPRODUCT((TRIM('DATA INPUT'!$H$3:$H$2001)=$A3)*('DATA INPUT'!$M$3:$M$2001>=7)*('DATA INPUT'!$M$3:$M$2001<8)*'DATA INPUT'!$U$3:$U$2001)} -> -15.5 | N3: {=SUMPRODUCT((TRIM('DATA INPUT'!$H$3:$H$2001)=$A3)*('DATA INPUT'!$M$3:$M$2001>=8)*('DATA INPUT'!$M$3:$M$2001<9)*'DATA INPUT'!$U$3:$U$2001)} -> 17.6492 | O3: {=SUMPRODUCT((TRIM('DATA INPUT'!$H$3:$H$2001)=$A3)*('DATA INPUT'!$M$3:$M$2001>=9)*('DATA INPUT'!$M$3:$M$2001<10)*'DATA INPUT'!$U$3:$U$2001)} -> -5.5972 | P3: {=SUMPRODUCT((TRIM('DATA INPUT'!$H$3:$H$2001)=$A3)*('DATA INPUT'!$M$3:$M$2001>=10)*('DATA INPUT'!$M$3:$M$2001<20)*'DATA INPUT'!$U$3:$U$2001)} -> -51.9448 | Q3: {=SUMPRODUCT((TRIM('DATA INPUT'!$H$3:$H$2001)=$A3)*('DATA INPUT'!$M$3:$M$2001>=20)*('DATA INPUT'!$M$3:$M$2001<30)*'DATA INPUT'!$U$3:$U$2001)} -> -38.5492 | R3: {=SUMPRODUCT((TRIM('DATA INPUT'!$H$3:$H$2001)=$A3)*('DATA INPUT'!$M$3:$M$2001>=30)*('DATA INPUT'!$M$3:$M$2001<40)*'DATA INPUT'!$U$3:$U$2001)} -> -42 | S3: {=SUMPRODUCT((TRIM('DATA INPUT'!$H$3:$H$2001)=$A3)*('DATA INPUT'!$M$3:$M$2001>=40)*('DATA INPUT'!$M$3:$M$2001<50)*'DATA INPUT'!$U$3:$U$2001)} -> 45.2632 | T3: {=SUMPRODUCT((TRIM('DATA INPUT'!$H$3:$H$2001)=$A3)*('DATA INPUT'!$M$3:$M$2001>=50)*'DATA INPUT'!$U$3:$U$2001)} -> 0 | V3: {=IFERROR(SUMPRODUCT((TRIM('DATA INPUT'!$H$3:$H$2001)=$A3)*('DATA INPUT'!$M$3:$M$2001>=1)*('DATA INPUT'!$M$3:$M$2001<2)*'DATA INPUT'!$U$3:$U$2001)/SUMPRODUCT((TRIM('DATA INPUT'!$H$3:$H$2001)=$A3)*('DATA INPUT'!$M$3:$M$2001>=1)*('DATA INPUT'!$M$3:$M$2001<2)*'DATA INPUT'!$L$3:$L$2001),0)} -> -1 | W3: {=IFERROR(SUMPRODUCT((TRIM('DATA INPUT'!$H$3:$H$2001)=$A3)*('DATA INPUT'!$M$3:$M$2001>=2)*('DATA INPUT'!$M$3:$M$2001<3)*'DATA INPUT'!$U$3:$U$2001)/SUMPRODUCT((TRIM('DATA INPUT'!$H$3:$H$2001)=$A3)*('DATA INPUT'!$M$3:$M$2001>=2)*('DATA INPUT'!$M$3:$M$2001<3)*'DATA INPUT'!$L$3:$L$2001),0)} -> -0.48523077 | X3: {=IFERROR(SUMPRODUCT((TRIM('DATA INPUT'!$H$3:$H$2001)=$A3)*('DATA INPUT'!$M$3:$M$2001>=3)*('DATA INPUT'!$M$3:$M$2001<4)*'DATA INPUT'!$U$3:$U$2001)/SUMPRODUCT((TRIM('DATA INPUT'!$H$3:$H$2001)=$A3)*('DATA INPUT'!$M$3:$M$2001>=3)*('DATA INPUT'!$M$3:$M$2001<4)*'DATA INPUT'!$L$3:$L$2001),0)} -> 0.78962105 | Y3: {=IFERROR(SUMPRODUCT((TRIM('DATA INPUT'!$H$3:$H$2001)=$A3)*('DATA INPUT'!$M$3:$M$2001>=4)*('DATA INPUT'!$M$3:$M$2001<5)*'DATA INPUT'!$U$3:$U$2001)/SUMPRODUCT((TRIM('DATA INPUT'!$H$3:$H$2001)=$A3)*('DATA INPUT'!$M$3:$M$2001>=4)*('DATA INPUT'!$M$3:$M$2001<5)*'DATA INPUT'!$L$3:$L$2001),0)} -> -0.033606936 | Z3: {=IFERROR(SUMPRODUCT((TRIM('DATA INPUT'!$H$3:$H$2001)=$A3)*('DATA INPUT'!$M$3:$M$2001>=5)*('DATA INPUT'!$M$3:$M$2001<6)*'DATA INPUT'!$U$3:$U$2001)/SUMPRODUCT((TRIM('DATA INPUT'!$H$3:$H$2001)=$A3)*('DATA INPUT'!$M$3:$M$2001>=5)*('DATA INPUT'!$M$3:$M$2001<6)*'DATA INPUT'!$L$3:$L$2001),0)} -> -0.63894286 | AA3: {=IFERROR(SUMPRODUCT((TRIM('DATA INPUT'!$H$3:$H$2001)=$A3)*('DATA INPUT'!$M$3:$M$2001>=6)*('DATA INPUT'!$M$3:$M$2001<7)*'DATA INPUT'!$U$3:$U$2001)/SUMPRODUCT((TRIM('DATA INPUT'!$H$3:$H$2001)=$A3)*('DATA INPUT'!$M$3:$M$2001>=6)*('DATA INPUT'!$M$3:$M$2001<7)*'DATA INPUT'!$L$3:$L$2001),0)} -> -0.51411111 | AB3: {=IFERROR(SUMPRODUCT((TRIM('DATA INPUT'!$H$3:$H$2001)=$A3)*('DATA INPUT'!$M$3:$M$2001>=7)*('DATA INPUT'!$M$3:$M$2001<8)*'DATA INPUT'!$U$3:$U$2001)/SUMPRODUCT((TRIM('DATA INPUT'!$H$3:$H$2001)=$A3)*('DATA INPUT'!$M$3:$M$2001>=7)*('DATA INPUT'!$M$3:$M$2001<8)*'DATA INPUT'!$L$3:$L$2001),0)} -> -1 | AC3: {=IFERROR(SUMPRODUCT((TRIM('DATA INPUT'!$H$3:$H$2001)=$A3)*('DATA INPUT'!$M$3:$M$2001>=8)*('DATA INPUT'!$M$3:$M$2001<9)*'DATA INPUT'!$U$3:$U$2001)/SUMPRODUCT((TRIM('DATA INPUT'!$H$3:$H$2001)=$A3)*('DATA INPUT'!$M$3:$M$2001>=8)*('DATA INPUT'!$M$3:$M$2001<9)*'DATA INPUT'!$L$3:$L$2001),0)} -> 0.88689447 | AD3: {=IFERROR(SUMPRODUCT((TRIM('DATA INPUT'!$H$3:$H$2001)=$A3)*('DATA INPUT'!$M$3:$M$2001>=9)*('DATA INPUT'!$M$3:$M$2001<10)*'DATA INPUT'!$U$3:$U$2001)/SUMPRODUCT((TRIM('DATA INPUT'!$H$3:$H$2001)=$A3)*('DATA INPUT'!$M$3:$M$2001>=9)*('DATA INPUT'!$M$3:$M$2001<10)*'DATA INPUT'!$L$3:$L$2001),0)} -> -0.25441818 | AE3: {=IFERROR(SUMPRODUCT((TRIM('DATA INPUT'!$H$3:$H$2001)=$A3)*('DATA INPUT'!$M$3:$M$2001>=10)*('DATA INPUT'!$M$3:$M$2001<20)*'DATA INPUT'!$U$3:$U$2001)/SUMPRODUCT((TRIM('DATA INPUT'!$H$3:$H$2001)=$A3)*('DATA INPUT'!$M$3:$M$2001>=10)*('DATA INPUT'!$M$3:$M$2001<20)*'DATA INPUT'!$L$3:$L$2001),0)} -> -0.32183891 | AF3: {=IFERROR(SUMPRODUCT((TRIM('DATA INPUT'!$H$3:$H$2001)=$A3)*('DATA INPUT'!$M$3:$M$2001>=20)*('DATA INPUT'!$M$3:$M$2001<30)*'DATA INPUT'!$U$3:$U$2001)/SUMPRODUCT((TRIM('DATA INPUT'!$H$3:$H$2001)=$A3)*('DATA INPUT'!$M$3:$M$2001>=20)*('DATA INPUT'!$M$3:$M$2001<30)*'DATA INPUT'!$L$3:$L$2001),0)} -> -0.58407879 | AG3: {=IFERROR(SUMPRODUCT((TRIM('DATA INPUT'!$H$3:$H$2001)=$A3)*('DATA INPUT'!$M$3:$M$2001>=30)*('DATA INPUT'!$M$3:$M$2001<40)*'DATA INPUT'!$U$3:$U$2001)/SUMPRODUCT((TRIM('DATA INPUT'!$H$3:$H$2001)=$A3)*('DATA INPUT'!$M$3:$M$2001>=30)*('DATA INPUT'!$M$3:$M$2001<40)*'DATA INPUT'!$L$3:$L$2001),0)} -> -1 | AH3: {=IFERROR(SUMPRODUCT((TRIM('DATA INPUT'!$H$3:$H$2001)=$A3)*('DATA INPUT'!$M$3:$M$2001>=40)*('DATA INPUT'!$M$3:$M$2001<50)*'DATA INPUT'!$U$3:$U$2001)/SUMPRODUCT((TRIM('DATA INPUT'!$H$3:$H$2001)=$A3)*('DATA INPUT'!$M$3:$M$2001>=40)*('DATA INPUT'!$M$3:$M$2001<50)*'DATA INPUT'!$L$3:$L$2001),0)} -> 5.0292444 | AI3: {=IFERROR(SUMPRODUCT((TRIM('DATA INPUT'!$H$3:$H$2001)=$A3)*('DATA INPUT'!$M$3:$M$2001>=50)*'DATA INPUT'!$U$3:$U$2001)/SUMPRODUCT((TRIM('DATA INPUT'!$H$3:$H$2001)=$A3)*('DATA INPUT'!$M$3:$M$2001>=50)*'DATA INPUT'!$L$3:$L$2001),0)} -> 0
A4: Caulfield Heath | B4: {=SUMPRODUCT((TRIM('DATA INPUT'!$H$3:$H$2001)=$A4)*'DATA INPUT'!$L$3:$L$2001)} -> 10 | C4: =B4+D4 -> 0 | D4: {=SUMPRODUCT((TRIM('DATA INPUT'!$H$3:$H$2001)=$A4)*'DATA INPUT'!$U$3:$U$2001)} -> -10 | E4: =IFERROR(D4/B4,0) -> -1 | G4: {=SUMPRODUCT((TRIM('DATA INPUT'!$H$3:$H$2001)=$A4)*('DATA INPUT'!$M$3:$M$2001>=1)*('DATA INPUT'!$M$3:$M$2001<2)*'DATA INPUT'!$U$3:$U$2001)} -> 0 | H4: {=SUMPRODUCT((TRIM('DATA INPUT'!$H$3:$H$2001)=$A4)*('DATA INPUT'!$M$3:$M$2001>=2)*('DATA INPUT'!$M$3:$M$2001<3)*'DATA INPUT'!$U$3:$U$2001)} -> 0 | I4: {=SUMPRODUCT((TRIM('DATA INPUT'!$H$3:$H$2001)=$A4)*('DATA INPUT'!$M$3:$M$2001>=3)*('DATA INPUT'!$M$3:$M$2001<4)*'DATA INPUT'!$U$3:$U$2001)} -> 0 | J4: {=SUMPRODUCT((TRIM('DATA INPUT'!$H$3:$H$2001)=$A4)*('DATA INPUT'!$M$3:$M$2001>=4)*('DATA INPUT'!$M$3:$M$2001<5)*'DATA INPUT'!$U$3:$U$2001)} -> -0.5 | K4: {=SUMPRODUCT((TRIM('DATA INPUT'!$H$3:$H$2001)=$A4)*('DATA INPUT'!$M$3:$M$2001>=5)*('DATA INPUT'!$M$3:$M$2001<6)*'DATA INPUT'!$U$3:$U$2001)} -> 0 | L4: {=SUMPRODUCT((TRIM('DATA INPUT'!$H$3:$H$2001)=$A4)*('DATA INPUT'!$M$3:$M$2001>=6)*('DATA INPUT'!$M$3:$M$2001<7)*'DATA INPUT'!$U$3:$U$2001)} -> 0 | M4: {=SUMPRODUCT((TRIM('DATA INPUT'!$H$3:$H$2001)=$A4)*('DATA INPUT'!$M$3:$M$2001>=7)*('DATA INPUT'!$M$3:$M$2001<8)*'DATA INPUT'!$U$3:$U$2001)} -> -0.5 | N4: {=SUMPRODUCT((TRIM('DATA INPUT'!$H$3:$H$2001)=$A4)*('DATA INPUT'!$M$3:$M$2001>=8)*('DATA INPUT'!$M$3:$M$2001<9)*'DATA INPUT'!$U$3:$U$2001)} -> 0 | O4: {=SUMPRODUCT((TRIM('DATA INPUT'!$H$3:$H$2001)=$A4)*('DATA INPUT'!$M$3:$M$2001>=9)*('DATA INPUT'!$M$3:$M$2001<10)*'DATA INPUT'!$U$3:$U$2001)} -> -1 | P4: {=SUMPRODUCT((TRIM('DATA INPUT'!$H$3:$H$2001)=$A4)*('DATA INPUT'!$M$3:$M$2001>=10)*('DATA INPUT'!$M$3:$M$2001<20)*'DATA INPUT'!$U$3:$U$2001)} -> -2.5 | Q4: {=SUMPRODUCT((TRIM('DATA INPUT'!$H$3:$H$2001)=$A4)*('DATA INPUT'!$M$3:$M$2001>=20)*('DATA INPUT'!$M$3:$M$2001<30)*'DATA INPUT'!$U$3:$U$2001)} -> -3.5 | R4: {=SUMPRODUCT((TRIM('DATA INPUT'!$H$3:$H$2001)=$A4)*('DATA INPUT'!$M$3:$M$2001>=30)*('DATA INPUT'!$M$3:$M$2001<40)*'DATA INPUT'!$U$3:$U$2001)} -> -2 | S4: {=SUMPRODUCT((TRIM('DATA INPUT'!$H$3:$H$2001)=$A4)*('DATA INPUT'!$M$3:$M$2001>=40)*('DATA INPUT'!$M$3:$M$2001<50)*'DATA INPUT'!$U$3:$U$2001)} -> 0 | T4: {=SUMPRODUCT((TRIM('DATA INPUT'!$H$3:$H$2001)=$A4)*('DATA INPUT'!$M$3:$M$2001>=50)*'DATA INPUT'!$U$3:$U$2001)} -> 0 | V4: {=IFERROR(SUMPRODUCT((TRIM('DATA INPUT'!$H$3:$H$2001)=$A4)*('DATA INPUT'!$M$3:$M$2001>=1)*('DATA INPUT'!$M$3:$M$2001<2)*'DATA INPUT'!$U$3:$U$2001)/SUMPRODUCT((TRIM('DATA INPUT'!$H$3:$H$2001)=$A4)*('DATA INPUT'!$M$3:$M$2001>=1)*('DATA INPUT'!$M$3:$M$2001<2)*'DATA INPUT'!$L$3:$L$2001),0)} -> 0 | W4: {=IFERROR(SUMPRODUCT((TRIM('DATA INPUT'!$H$3:$H$2001)=$A4)*('DATA INPUT'!$M$3:$M$2001>=2)*('DATA INPUT'!$M$3:$M$2001<3)*'DATA INPUT'!$U$3:$U$2001)/SUMPRODUCT((TRIM('DATA INPUT'!$H$3:$H$2001)=$A4)*('DATA INPUT'!$M$3:$M$2001>=2)*('DATA INPUT'!$M$3:$M$2001<3)*'DATA INPUT'!$L$3:$L$2001),0)} -> 0 | X4: {=IFERROR(SUMPRODUCT((TRIM('DATA INPUT'!$H$3:$H$2001)=$A4)*('DATA INPUT'!$M$3:$M$2001>=3)*('DATA INPUT'!$M$3:$M$2001<4)*'DATA INPUT'!$U$3:$U$2001)/SUMPRODUCT((TRIM('DATA INPUT'!$H$3:$H$2001)=$A4)*('DATA INPUT'!$M$3:$M$2001>=3)*('DATA INPUT'!$M$3:$M$2001<4)*'DATA INPUT'!$L$3:$L$2001),0)} -> 0 | Y4: {=IFERROR(SUMPRODUCT((TRIM('DATA INPUT'!$H$3:$H$2001)=$A4)*('DATA INPUT'!$M$3:$M$2001>=4)*('DATA INPUT'!$M$3:$M$2001<5)*'DATA INPUT'!$U$3:$U$2001)/SUMPRODUCT((TRIM('DATA INPUT'!$H$3:$H$2001)=$A4)*('DATA INPUT'!$M$3:$M$2001>=4)*('DATA INPUT'!$M$3:$M$2001<5)*'DATA INPUT'!$L$3:$L$2001),0)} -> -1 | Z4: {=IFERROR(SUMPRODUCT((TRIM('DATA INPUT'!$H$3:$H$2001)=$A4)*('DATA INPUT'!$M$3:$M$2001>=5)*('DATA INPUT'!$M$3:$M$2001<6)*'DATA INPUT'!$U$3:$U$2001)/SUMPRODUCT((TRIM('DATA INPUT'!$H$3:$H$2001)=$A4)*('DATA INPUT'!$M$3:$M$2001>=5)*('DATA INPUT'!$M$3:$M$2001<6)*'DATA INPUT'!$L$3:$L$2001),0)} -> 0 | AA4: {=IFERROR(SUMPRODUCT((TRIM('DATA INPUT'!$H$3:$H$2001)=$A4)*('DATA INPUT'!$M$3:$M$2001>=6)*('DATA INPUT'!$M$3:$M$2001<7)*'DATA INPUT'!$U$3:$U$2001)/SUMPRODUCT((TRIM('DATA INPUT'!$H$3:$H$2001)=$A4)*('DATA INPUT'!$M$3:$M$2001>=6)*('DATA INPUT'!$M$3:$M$2001<7)*'DATA INPUT'!$L$3:$L$2001),0)} -> 0 | AB4: {=IFERROR(SUMPRODUCT((TRIM('DATA INPUT'!$H$3:$H$2001)=$A4)*('DATA INPUT'!$M$3:$M$2001>=7)*('DATA INPUT'!$M$3:$M$2001<8)*'DATA INPUT'!$U$3:$U$2001)/SUMPRODUCT((TRIM('DATA INPUT'!$H$3:$H$2001)=$A4)*('DATA INPUT'!$M$3:$M$2001>=7)*('DATA INPUT'!$M$3:$M$2001<8)*'DATA INPUT'!$L$3:$L$2001),0)} -> -1 | AC4: {=IFERROR(SUMPRODUCT((TRIM('DATA INPUT'!$H$3:$H$2001)=$A4)*('DATA INPUT'!$M$3:$M$2001>=8)*('DATA INPUT'!$M$3:$M$2001<9)*'DATA INPUT'!$U$3:$U$2001)/SUMPRODUCT((TRIM('DATA INPUT'!$H$3:$H$2001)=$A4)*('DATA INPUT'!$M$3:$M$2001>=8)*('DATA INPUT'!$M$3:$M$2001<9)*'DATA INPUT'!$L$3:$L$2001),0)} -> 0 | AD4: {=IFERROR(SUMPRODUCT((TRIM('DATA INPUT'!$H$3:$H$2001)=$A4)*('DATA INPUT'!$M$3:$M$2001>=9)*('DATA INPUT'!$M$3:$M$2001<10)*'DATA INPUT'!$U$3:$U$2001)/SUMPRODUCT((TRIM('DATA INPUT'!$H$3:$H$2001)=$A4)*('DATA INPUT'!$M$3:$M$2001>=9)*('DATA INPUT'!$M$3:$M$2001<10)*'DATA INPUT'!$L$3:$L$2001),0)} -> -1 | AE4: {=IFERROR(SUMPRODUCT((TRIM('DATA INPUT'!$H$3:$H$2001)=$A4)*('DATA INPUT'!$M$3:$M$2001>=10)*('DATA INPUT'!$M$3:$M$2001<20)*'DATA INPUT'!$U$3:$U$2001)/SUMPRODUCT((TRIM('DATA INPUT'!$H$3:$H$2001)=$A4)*('DATA INPUT'!$M$3:$M$2001>=10)*('DATA INPUT'!$M$3:$M$2001<20)*'DATA INPUT'!$L$3:$L$2001),0)} -> -1 | AF4: {=IFERROR(SUMPRODUCT((TRIM('DATA INPUT'!$H$3:$H$2001)=$A4)*('DATA INPUT'!$M$3:$M$2001>=20)*('DATA INPUT'!$M$3:$M$2001<30)*'DATA INPUT'!$U$3:$U$2001)/SUMPRODUCT((TRIM('DATA INPUT'!$H$3:$H$2001)=$A4)*('DATA INPUT'!$M$3:$M$2001>=20)*('DATA INPUT'!$M$3:$M$2001<30)*'DATA INPUT'!$L$3:$L$2001),0)} -> -1 | AG4: {=IFERROR(SUMPRODUCT((TRIM('DATA INPUT'!$H$3:$H$2001)=$A4)*('DATA INPUT'!$M$3:$M$2001>=30)*('DATA INPUT'!$M$3:$M$2001<40)*'DATA INPUT'!$U$3:$U$2001)/SUMPRODUCT((TRIM('DATA INPUT'!$H$3:$H$2001)=$A4)*('DATA INPUT'!$M$3:$M$2001>=30)*('DATA INPUT'!$M$3:$M$2001<40)*'DATA INPUT'!$L$3:$L$2001),0)} -> -1 | AH4: {=IFERROR(SUMPRODUCT((TRIM('DATA INPUT'!$H$3:$H$2001)=$A4)*('DATA INPUT'!$M$3:$M$2001>=40)*('DATA INPUT'!$M$3:$M$2001<50)*'DATA INPUT'!$U$3:$U$2001)/SUMPRODUCT((TRIM('DATA INPUT'!$H$3:$H$2001)=$A4)*('DATA INPUT'!$M$3:$M$2001>=40)*('DATA INPUT'!$M$3:$M$2001<50)*'DATA INPUT'!$L$3:$L$2001),0)} -> 0 | AI4: {=IFERROR(SUMPRODUCT((TRIM('DATA INPUT'!$H$3:$H$2001)=$A4)*('DATA INPUT'!$M$3:$M$2001>=50)*'DATA INPUT'!$U$3:$U$2001)/SUMPRODUCT((TRIM('DATA INPUT'!$H$3:$H$2001)=$A4)*('DATA INPUT'!$M$3:$M$2001>=50)*'DATA INPUT'!$L$3:$L$2001),0)} -> 0
A5: Flemington | B5: {=SUMPRODUCT((TRIM('DATA INPUT'!$H$3:$H$2001)=$A5)*'DATA INPUT'!$L$3:$L$2001)} -> 372.3 | C5: =B5+D5 -> 558.98676 | D5: {=SUMPRODUCT((TRIM('DATA INPUT'!$H$3:$H$2001)=$A5)*'DATA INPUT'!$U$3:$U$2001)} -> 186.68676 | E5: =IFERROR(D5/B5,0) -> 0.50144174 | G5: {=SUMPRODUCT((TRIM('DATA INPUT'!$H$3:$H$2001)=$A5)*('DATA INPUT'!$M$3:$M$2001>=1)*('DATA INPUT'!$M$3:$M$2001<2)*'DATA INPUT'!$U$3:$U$2001)} -> 0 | H5: {=SUMPRODUCT((TRIM('DATA INPUT'!$H$3:$H$2001)=$A5)*('DATA INPUT'!$M$3:$M$2001>=2)*('DATA INPUT'!$M$3:$M$2001<3)*'DATA INPUT'!$U$3:$U$2001)} -> 0.335 | I5: {=SUMPRODUCT((TRIM('DATA INPUT'!$H$3:$H$2001)=$A5)*('DATA INPUT'!$M$3:$M$2001>=3)*('DATA INPUT'!$M$3:$M$2001<4)*'DATA INPUT'!$U$3:$U$2001)} -> -1.8618 | J5: {=SUMPRODUCT((TRIM('DATA INPUT'!$H$3:$H$2001)=$A5)*('DATA INPUT'!$M$3:$M$2001>=4)*('DATA INPUT'!$M$3:$M$2001<5)*'DATA INPUT'!$U$3:$U$2001)} -> -4.02564 | K5: {=SUMPRODUCT((TRIM('DATA INPUT'!$H$3:$H$2001)=$A5)*('DATA INPUT'!$M$3:$M$2001>=5)*('DATA INPUT'!$M$3:$M$2001<6)*'DATA INPUT'!$U$3:$U$2001)} -> -6.1902 | L5: {=SUMPRODUCT((TRIM('DATA INPUT'!$H$3:$H$2001)=$A5)*('DATA INPUT'!$M$3:$M$2001>=6)*('DATA INPUT'!$M$3:$M$2001<7)*'DATA INPUT'!$U$3:$U$2001)} -> 1.2386 | M5: {=SUMPRODUCT((TRIM('DATA INPUT'!$H$3:$H$2001)=$A5)*('DATA INPUT'!$M$3:$M$2001>=7)*('DATA INPUT'!$M$3:$M$2001<8)*'DATA INPUT'!$U$3:$U$2001)} -> -4.2444 | N5: {=SUMPRODUCT((TRIM('DATA INPUT'!$H$3:$H$2001)=$A5)*('DATA INPUT'!$M$3:$M$2001>=8)*('DATA INPUT'!$M$3:$M$2001<9)*'DATA INPUT'!$U$3:$U$2001)} -> -9.112 | O5: {=SUMPRODUCT((TRIM('DATA INPUT'!$H$3:$H$2001)=$A5)*('DATA INPUT'!$M$3:$M$2001>=9)*('DATA INPUT'!$M$3:$M$2001<10)*'DATA INPUT'!$U$3:$U$2001)} -> 6.0612 | P5: {=SUMPRODUCT((TRIM('DATA INPUT'!$H$3:$H$2001)=$A5)*('DATA INPUT'!$M$3:$M$2001>=10)*('DATA INPUT'!$M$3:$M$2001<20)*'DATA INPUT'!$U$3:$U$2001)} -> 119.1726 | Q5: {=SUMPRODUCT((TRIM('DATA INPUT'!$H$3:$H$2001)=$A5)*('DATA INPUT'!$M$3:$M$2001>=20)*('DATA INPUT'!$M$3:$M$2001<30)*'DATA INPUT'!$U$3:$U$2001)} -> 32.837 | R5: {=SUMPRODUCT((TRIM('DATA INPUT'!$H$3:$H$2001)=$A5)*('DATA INPUT'!$M$3:$M$2001>=30)*('DATA INPUT'!$M$3:$M$2001<40)*'DATA INPUT'!$U$3:$U$2001)} -> 13.8604 | S5: {=SUMPRODUCT((TRIM('DATA INPUT'!$H$3:$H$2001)=$A5)*('DATA INPUT'!$M$3:$M$2001>=40)*('DATA INPUT'!$M$3:$M$2001<50)*'DATA INPUT'!$U$3:$U$2001)} -> 38.616 | T5: {=SUMPRODUCT((TRIM('DATA INPUT'!$H$3:$H$2001)=$A5)*('DATA INPUT'!$M$3:$M$2001>=50)*'DATA INPUT'!$U$3:$U$2001)} -> 0 | V5: {=IFERROR(SUMPRODUCT((TRIM('DATA INPUT'!$H$3:$H$2001)=$A5)*('DATA INPUT'!$M$3:$M$2001>=1)*('DATA INPUT'!$M$3:$M$2001<2)*'DATA INPUT'!$U$3:$U$2001)/SUMPRODUCT((TRIM('DATA INPUT'!$H$3:$H$2001)=$A5)*('DATA INPUT'!$M$3:$M$2001>=1)*('DATA INPUT'!$M$3:$M$2001<2)*'DATA INPUT'!$L$3:$L$2001),0)} -> 0 | W5: {=IFERROR(SUMPRODUCT((TRIM('DATA INPUT'!$H$3:$H$2001)=$A5)*('DATA INPUT'!$M$3:$M$2001>=2)*('DATA INPUT'!$M$3:$M$2001<3)*'DATA INPUT'!$U$3:$U$2001)/SUMPRODUCT((TRIM('DATA INPUT'!$H$3:$H$2001)=$A5)*('DATA INPUT'!$M$3:$M$2001>=2)*('DATA INPUT'!$M$3:$M$2001<3)*'DATA INPUT'!$L$3:$L$2001),0)} -> 0.095714286 | X5: {=IFERROR(SUMPRODUCT((TRIM('DATA INPUT'!$H$3:$H$2001)=$A5)*('DATA INPUT'!$M$3:$M$2001>=3)*('DATA INPUT'!$M$3:$M$2001<4)*'DATA INPUT'!$U$3:$U$2001)/SUMPRODUCT((TRIM('DATA INPUT'!$H$3:$H$2001)=$A5)*('DATA INPUT'!$M$3:$M$2001>=3)*('DATA INPUT'!$M$3:$M$2001<4)*'DATA INPUT'!$L$3:$L$2001),0)} -> -0.21903529 | Y5: {=IFERROR(SUMPRODUCT((TRIM('DATA INPUT'!$H$3:$H$2001)=$A5)*('DATA INPUT'!$M$3:$M$2001>=4)*('DATA INPUT'!$M$3:$M$2001<5)*'DATA INPUT'!$U$3:$U$2001)/SUMPRODUCT((TRIM('DATA INPUT'!$H$3:$H$2001)=$A5)*('DATA INPUT'!$M$3:$M$2001>=4)*('DATA INPUT'!$M$3:$M$2001<5)*'DATA INPUT'!$L$3:$L$2001),0)} -> -0.30966462 | Z5: {=IFERROR(SUMPRODUCT((TRIM('DATA INPUT'!$H$3:$H$2001)=$A5)*('DATA INPUT'!$M$3:$M$2001>=5)*('DATA INPUT'!$M$3:$M$2001<6)*'DATA INPUT'!$U$3:$U$2001)/SUMPRODUCT((TRIM('DATA INPUT'!$H$3:$H$2001)=$A5)*('DATA INPUT'!$M$3:$M$2001>=5)*('DATA INPUT'!$M$3:$M$2001<6)*'DATA INPUT'!$L$3:$L$2001),0)} -> -0.54780531 | AA5: {=IFERROR(SUMPRODUCT((TRIM('DATA INPUT'!$H$3:$H$2001)=$A5)*('DATA INPUT'!$M$3:$M$2001>=6)*('DATA INPUT'!$M$3:$M$2001<7)*'DATA INPUT'!$U$3:$U$2001)/SUMPRODUCT((TRIM('DATA INPUT'!$H$3:$H$2001)=$A5)*('DATA INPUT'!$M$3:$M$2001>=6)*('DATA INPUT'!$M$3:$M$2001<7)*'DATA INPUT'!$L$3:$L$2001),0)} -> 0.11909615 | AB5: {=IFERROR(SUMPRODUCT((TRIM('DATA INPUT'!$H$3:$H$2001)=$A5)*('DATA INPUT'!$M$3:$M$2001>=7)*('DATA INPUT'!$M$3:$M$2001<8)*'DATA INPUT'!$U$3:$U$2001)/SUMPRODUCT((TRIM('DATA INPUT'!$H$3:$H$2001)=$A5)*('DATA INPUT'!$M$3:$M$2001>=7)*('DATA INPUT'!$M$3:$M$2001<8)*'DATA INPUT'!$L$3:$L$2001),0)} -> -0.28873469 | AC5: {=IFERROR(SUMPRODUCT((TRIM('DATA INPUT'!$H$3:$H$2001)=$A5)*('DATA INPUT'!$M$3:$M$2001>=8)*('DATA INPUT'!$M$3:$M$2001<9)*'DATA INPUT'!$U$3:$U$2001)/SUMPRODUCT((TRIM('DATA INPUT'!$H$3:$H$2001)=$A5)*('DATA INPUT'!$M$3:$M$2001>=8)*('DATA INPUT'!$M$3:$M$2001<9)*'DATA INPUT'!$L$3:$L$2001),0)} -> -0.46969072 | AD5: {=IFERROR(SUMPRODUCT((TRIM('DATA INPUT'!$H$3:$H$2001)=$A5)*('DATA INPUT'!$M$3:$M$2001>=9)*('DATA INPUT'!$M$3:$M$2001<10)*'DATA INPUT'!$U$3:$U$2001)/SUMPRODUCT((TRIM('DATA INPUT'!$H$3:$H$2001)=$A5)*('DATA INPUT'!$M$3:$M$2001>=9)*('DATA INPUT'!$M$3:$M$2001<10)*'DATA INPUT'!$L$3:$L$2001),0)} -> 0.2579234 | AE5: {=IFERROR(SUMPRODUCT((TRIM('DATA INPUT'!$H$3:$H$2001)=$A5)*('DATA INPUT'!$M$3:$M$2001>=10)*('DATA INPUT'!$M$3:$M$2001<20)*'DATA INPUT'!$U$3:$U$2001)/SUMPRODUCT((TRIM('DATA INPUT'!$H$3:$H$2001)=$A5)*('DATA INPUT'!$M$3:$M$2001>=10)*('DATA INPUT'!$M$3:$M$2001<20)*'DATA INPUT'!$L$3:$L$2001),0)} -> 0.86670982 | AF5: {=IFERROR(SUMPRODUCT((TRIM('DATA INPUT'!$H$3:$H$2001)=$A5)*('DATA INPUT'!$M$3:$M$2001>=20)*('DATA INPUT'!$M$3:$M$2001<30)*'DATA INPUT'!$U$3:$U$2001)/SUMPRODUCT((TRIM('DATA INPUT'!$H$3:$H$2001)=$A5)*('DATA INPUT'!$M$3:$M$2001>=20)*('DATA INPUT'!$M$3:$M$2001<30)*'DATA INPUT'!$L$3:$L$2001),0)} -> 0.44374324 | AG5: {=IFERROR(SUMPRODUCT((TRIM('DATA INPUT'!$H$3:$H$2001)=$A5)*('DATA INPUT'!$M$3:$M$2001>=30)*('DATA INPUT'!$M$3:$M$2001<40)*'DATA INPUT'!$U$3:$U$2001)/SUMPRODUCT((TRIM('DATA INPUT'!$H$3:$H$2001)=$A5)*('DATA INPUT'!$M$3:$M$2001>=30)*('DATA INPUT'!$M$3:$M$2001<40)*'DATA INPUT'!$L$3:$L$2001),0)} -> 0.32233488 | AH5: {=IFERROR(SUMPRODUCT((TRIM('DATA INPUT'!$H$3:$H$2001)=$A5)*('DATA INPUT'!$M$3:$M$2001>=40)*('DATA INPUT'!$M$3:$M$2001<50)*'DATA INPUT'!$U$3:$U$2001)/SUMPRODUCT((TRIM('DATA INPUT'!$H$3:$H$2001)=$A5)*('DATA INPUT'!$M$3:$M$2001>=40)*('DATA INPUT'!$M$3:$M$2001<50)*'DATA INPUT'!$L$3:$L$2001),0)} -> 2.8604444 | AI5: {=IFERROR(SUMPRODUCT((TRIM('DATA INPUT'!$H$3:$H$2001)=$A5)*('DATA INPUT'!$M$3:$M$2001>=50)*'DATA INPUT'!$U$3:$U$2001)/SUMPRODUCT((TRIM('DATA INPUT'!$H$3:$H$2001)=$A5)*('DATA INPUT'!$M$3:$M$2001>=50)*'DATA INPUT'!$L$3:$L$2001),0)} -> 0
A6: Mornington | B6: {=SUMPRODUCT((TRIM('DATA INPUT'!$H$3:$H$2001)=$A6)*'DATA INPUT'!$L$3:$L$2001)} -> 24.5 | C6: =B6+D6 -> 13.2596 | D6: {=SUMPRODUCT((TRIM('DATA INPUT'!$H$3:$H$2001)=$A6)*'DATA INPUT'!$U$3:$U$2001)} -> -11.2404 | E6: =IFERROR(D6/B6,0) -> -0.45879184 | G6: {=SUMPRODUCT((TRIM('DATA INPUT'!$H$3:$H$2001)=$A6)*('DATA INPUT'!$M$3:$M$2001>=1)*('DATA INPUT'!$M$3:$M$2001<2)*'DATA INPUT'!$U$3:$U$2001)} -> 0 | H6: {=SUMPRODUCT((TRIM('DATA INPUT'!$H$3:$H$2001)=$A6)*('DATA INPUT'!$M$3:$M$2001>=2)*('DATA INPUT'!$M$3:$M$2001<3)*'DATA INPUT'!$U$3:$U$2001)} -> 0 | I6: {=SUMPRODUCT((TRIM('DATA INPUT'!$H$3:$H$2001)=$A6)*('DATA INPUT'!$M$3:$M$2001>=3)*('DATA INPUT'!$M$3:$M$2001<4)*'DATA INPUT'!$U$3:$U$2001)} -> -0.5 | J6: {=SUMPRODUCT((TRIM('DATA INPUT'!$H$3:$H$2001)=$A6)*('DATA INPUT'!$M$3:$M$2001>=4)*('DATA INPUT'!$M$3:$M$2001<5)*'DATA INPUT'!$U$3:$U$2001)} -> 1.69 | K6: {=SUMPRODUCT((TRIM('DATA INPUT'!$H$3:$H$2001)=$A6)*('DATA INPUT'!$M$3:$M$2001>=5)*('DATA INPUT'!$M$3:$M$2001<6)*'DATA INPUT'!$U$3:$U$2001)} -> -0.5 | L6: {=SUMPRODUCT((TRIM('DATA INPUT'!$H$3:$H$2001)=$A6)*('DATA INPUT'!$M$3:$M$2001>=6)*('DATA INPUT'!$M$3:$M$2001<7)*'DATA INPUT'!$U$3:$U$2001)} -> 3.012 | M6: {=SUMPRODUCT((TRIM('DATA INPUT'!$H$3:$H$2001)=$A6)*('DATA INPUT'!$M$3:$M$2001>=7)*('DATA INPUT'!$M$3:$M$2001<8)*'DATA INPUT'!$U$3:$U$2001)} -> 5.5576 | N6: {=SUMPRODUCT((TRIM('DATA INPUT'!$H$3:$H$2001)=$A6)*('DATA INPUT'!$M$3:$M$2001>=8)*('DATA INPUT'!$M$3:$M$2001<9)*'DATA INPUT'!$U$3:$U$2001)} -> -3 | O6: {=SUMPRODUCT((TRIM('DATA INPUT'!$H$3:$H$2001)=$A6)*('DATA INPUT'!$M$3:$M$2001>=9)*('DATA INPUT'!$M$3:$M$2001<10)*'DATA INPUT'!$U$3:$U$2001)} -> -0.5 | P6: {=SUMPRODUCT((TRIM('DATA INPUT'!$H$3:$H$2001)=$A6)*('DATA INPUT'!$M$3:$M$2001>=10)*('DATA INPUT'!$M$3:$M$2001<20)*'DATA INPUT'!$U$3:$U$2001)} -> -9.5 | Q6: {=SUMPRODUCT((TRIM('DATA INPUT'!$H$3:$H$2001)=$A6)*('DATA INPUT'!$M$3:$M$2001>=20)*('DATA INPUT'!$M$3:$M$2001<30)*'DATA INPUT'!$U$3:$U$2001)} -> -4 | R6: {=SUMPRODUCT((TRIM('DATA INPUT'!$H$3:$H$2001)=$A6)*('DATA INPUT'!$M$3:$M$2001>=30)*('DATA INPUT'!$M$3:$M$2001<40)*'DATA INPUT'!$U$3:$U$2001)} -> -2.5 | S6: {=SUMPRODUCT((TRIM('DATA INPUT'!$H$3:$H$2001)=$A6)*('DATA INPUT'!$M$3:$M$2001>=40)*('DATA INPUT'!$M$3:$M$2001<50)*'DATA INPUT'!$U$3:$U$2001)} -> -1 | T6: {=SUMPRODUCT((TRIM('DATA INPUT'!$H$3:$H$2001)=$A6)*('DATA INPUT'!$M$3:$M$2001>=50)*'DATA INPUT'!$U$3:$U$2001)} -> 0 | V6: {=IFERROR(SUMPRODUCT((TRIM('DATA INPUT'!$H$3:$H$2001)=$A6)*('DATA INPUT'!$M$3:$M$2001>=1)*('DATA INPUT'!$M$3:$M$2001<2)*'DATA INPUT'!$U$3:$U$2001)/SUMPRODUCT((TRIM('DATA INPUT'!$H$3:$H$2001)=$A6)*('DATA INPUT'!$M$3:$M$2001>=1)*('DATA INPUT'!$M$3:$M$2001<2)*'DATA INPUT'!$L$3:$L$2001),0)} -> 0 | W6: {=IFERROR(SUMPRODUCT((TRIM('DATA INPUT'!$H$3:$H$2001)=$A6)*('DATA INPUT'!$M$3:$M$2001>=2)*('DATA INPUT'!$M$3:$M$2001<3)*'DATA INPUT'!$U$3:$U$2001)/SUMPRODUCT((TRIM('DATA INPUT'!$H$3:$H$2001)=$A6)*('DATA INPUT'!$M$3:$M$2001>=2)*('DATA INPUT'!$M$3:$M$2001<3)*'DATA INPUT'!$L$3:$L$2001),0)} -> 0 | X6: {=IFERROR(SUMPRODUCT((TRIM('DATA INPUT'!$H$3:$H$2001)=$A6)*('DATA INPUT'!$M$3:$M$2001>=3)*('DATA INPUT'!$M$3:$M$2001<4)*'DATA INPUT'!$U$3:$U$2001)/SUMPRODUCT((TRIM('DATA INPUT'!$H$3:$H$2001)=$A6)*('DATA INPUT'!$M$3:$M$2001>=3)*('DATA INPUT'!$M$3:$M$2001<4)*'DATA INPUT'!$L$3:$L$2001),0)} -> -1 | Y6: {=IFERROR(SUMPRODUCT((TRIM('DATA INPUT'!$H$3:$H$2001)=$A6)*('DATA INPUT'!$M$3:$M$2001>=4)*('DATA INPUT'!$M$3:$M$2001<5)*'DATA INPUT'!$U$3:$U$2001)/SUMPRODUCT((TRIM('DATA INPUT'!$H$3:$H$2001)=$A6)*('DATA INPUT'!$M$3:$M$2001>=4)*('DATA INPUT'!$M$3:$M$2001<5)*'DATA INPUT'!$L$3:$L$2001),0)} -> 3.38 | Z6: {=IFERROR(SUMPRODUCT((TRIM('DATA INPUT'!$H$3:$H$2001)=$A6)*('DATA INPUT'!$M$3:$M$2001>=5)*('DATA INPUT'!$M$3:$M$2001<6)*'DATA INPUT'!$U$3:$U$2001)/SUMPRODUCT((TRIM('DATA INPUT'!$H$3:$H$2001)=$A6)*('DATA INPUT'!$M$3:$M$2001>=5)*('DATA INPUT'!$M$3:$M$2001<6)*'DATA INPUT'!$L$3:$L$2001),0)} -> -1 | AA6: {=IFERROR(SUMPRODUCT((TRIM('DATA INPUT'!$H$3:$H$2001)=$A6)*('DATA INPUT'!$M$3:$M$2001>=6)*('DATA INPUT'!$M$3:$M$2001<7)*'DATA INPUT'!$U$3:$U$2001)/SUMPRODUCT((TRIM('DATA INPUT'!$H$3:$H$2001)=$A6)*('DATA INPUT'!$M$3:$M$2001>=6)*('DATA INPUT'!$M$3:$M$2001<7)*'DATA INPUT'!$L$3:$L$2001),0)} -> 6.024 | AB6: {=IFERROR(SUMPRODUCT((TRIM('DATA INPUT'!$H$3:$H$2001)=$A6)*('DATA INPUT'!$M$3:$M$2001>=7)*('DATA INPUT'!$M$3:$M$2001<8)*'DATA INPUT'!$U$3:$U$2001)/SUMPRODUCT((TRIM('DATA INPUT'!$H$3:$H$2001)=$A6)*('DATA INPUT'!$M$3:$M$2001>=7)*('DATA INPUT'!$M$3:$M$2001<8)*'DATA INPUT'!$L$3:$L$2001),0)} -> 2.7788 | AC6: {=IFERROR(SUMPRODUCT((TRIM('DATA INPUT'!$H$3:$H$2001)=$A6)*('DATA INPUT'!$M$3:$M$2001>=8)*('DATA INPUT'!$M$3:$M$2001<9)*'DATA INPUT'!$U$3:$U$2001)/SUMPRODUCT((TRIM('DATA INPUT'!$H$3:$H$2001)=$A6)*('DATA INPUT'!$M$3:$M$2001>=8)*('DATA INPUT'!$M$3:$M$2001<9)*'DATA INPUT'!$L$3:$L$2001),0)} -> -1 | AD6: {=IFERROR(SUMPRODUCT((TRIM('DATA INPUT'!$H$3:$H$2001)=$A6)*('DATA INPUT'!$M$3:$M$2001>=9)*('DATA INPUT'!$M$3:$M$2001<10)*'DATA INPUT'!$U$3:$U$2001)/SUMPRODUCT((TRIM('DATA INPUT'!$H$3:$H$2001)=$A6)*('DATA INPUT'!$M$3:$M$2001>=9)*('DATA INPUT'!$M$3:$M$2001<10)*'DATA INPUT'!$L$3:$L$2001),0)} -> -1 | AE6: {=IFERROR(SUMPRODUCT((TRIM('DATA INPUT'!$H$3:$H$2001)=$A6)*('DATA INPUT'!$M$3:$M$2001>=10)*('DATA INPUT'!$M$3:$M$2001<20)*'DATA INPUT'!$U$3:$U$2001)/SUMPRODUCT((TRIM('DATA INPUT'!$H$3:$H$2001)=$A6)*('DATA INPUT'!$M$3:$M$2001>=10)*('DATA INPUT'!$M$3:$M$2001<20)*'DATA INPUT'!$L$3:$L$2001),0)} -> -1 | AF6: {=IFERROR(SUMPRODUCT((TRIM('DATA INPUT'!$H$3:$H$2001)=$A6)*('DATA INPUT'!$M$3:$M$2001>=20)*('DATA INPUT'!$M$3:$M$2001<30)*'DATA INPUT'!$U$3:$U$2001)/SUMPRODUCT((TRIM('DATA INPUT'!$H$3:$H$2001)=$A6)*('DATA INPUT'!$M$3:$M$2001>=20)*('DATA INPUT'!$M$3:$M$2001<30)*'DATA INPUT'!$L$3:$L$2001),0)} -> -1 | AG6: {=IFERROR(SUMPRODUCT((TRIM('DATA INPUT'!$H$3:$H$2001)=$A6)*('DATA INPUT'!$M$3:$M$2001>=30)*('DATA INPUT'!$M$3:$M$2001<40)*'DATA INPUT'!$U$3:$U$2001)/SUMPRODUCT((TRIM('DATA INPUT'!$H$3:$H$2001)=$A6)*('DATA INPUT'!$M$3:$M$2001>=30)*('DATA INPUT'!$M$3:$M$2001<40)*'DATA INPUT'!$L$3:$L$2001),0)} -> -1 | AH6: {=IFERROR(SUMPRODUCT((TRIM('DATA INPUT'!$H$3:$H$2001)=$A6)*('DATA INPUT'!$M$3:$M$2001>=40)*('DATA INPUT'!$M$3:$M$2001<50)*'DATA INPUT'!$U$3:$U$2001)/SUMPRODUCT((TRIM('DATA INPUT'!$H$3:$H$2001)=$A6)*('DATA INPUT'!$M$3:$M$2001>=40)*('DATA INPUT'!$M$3:$M$2001<50)*'DATA INPUT'!$L$3:$L$2001),0)} -> -1 | AI6: {=IFERROR(SUMPRODUCT((TRIM('DATA INPUT'!$H$3:$H$2001)=$A6)*('DATA INPUT'!$M$3:$M$2001>=50)*'DATA INPUT'!$U$3:$U$2001)/SUMPRODUCT((TRIM('DATA INPUT'!$H$3:$H$2001)=$A6)*('DATA INPUT'!$M$3:$M$2001>=50)*'DATA INPUT'!$L$3:$L$2001),0)} -> 0
A7: Sandown | B7: {=SUMPRODUCT((TRIM('DATA INPUT'!$H$3:$H$2001)=$A7)*'DATA INPUT'!$L$3:$L$2001)} -> 71.5 | C7: =B7+D7 -> 73.028 | D7: {=SUMPRODUCT((TRIM('DATA INPUT'!$H$3:$H$2001)=$A7)*'DATA INPUT'!$U$3:$U$2001)} -> 1.528 | E7: =IFERROR(D7/B7,0) -> 0.021370629 | G7: {=SUMPRODUCT((TRIM('DATA INPUT'!$H$3:$H$2001)=$A7)*('DATA INPUT'!$M$3:$M$2001>=1)*('DATA INPUT'!$M$3:$M$2001<2)*'DATA INPUT'!$U$3:$U$2001)} -> 0 | H7: {=SUMPRODUCT((TRIM('DATA INPUT'!$H$3:$H$2001)=$A7)*('DATA INPUT'!$M$3:$M$2001>=2)*('DATA INPUT'!$M$3:$M$2001<3)*'DATA INPUT'!$U$3:$U$2001)} -> 0 | I7: {=SUMPRODUCT((TRIM('DATA INPUT'!$H$3:$H$2001)=$A7)*('DATA INPUT'!$M$3:$M$2001>=3)*('DATA INPUT'!$M$3:$M$2001<4)*'DATA INPUT'!$U$3:$U$2001)} -> -0.5 | J7: {=SUMPRODUCT((TRIM('DATA INPUT'!$H$3:$H$2001)=$A7)*('DATA INPUT'!$M$3:$M$2001>=4)*('DATA INPUT'!$M$3:$M$2001<5)*'DATA INPUT'!$U$3:$U$2001)} -> -0.2636 | K7: {=SUMPRODUCT((TRIM('DATA INPUT'!$H$3:$H$2001)=$A7)*('DATA INPUT'!$M$3:$M$2001>=5)*('DATA INPUT'!$M$3:$M$2001<6)*'DATA INPUT'!$U$3:$U$2001)} -> -3 | L7: {=SUMPRODUCT((TRIM('DATA INPUT'!$H$3:$H$2001)=$A7)*('DATA INPUT'!$M$3:$M$2001>=6)*('DATA INPUT'!$M$3:$M$2001<7)*'DATA INPUT'!$U$3:$U$2001)} -> -1 | M7: {=SUMPRODUCT((TRIM('DATA INPUT'!$H$3:$H$2001)=$A7)*('DATA INPUT'!$M$3:$M$2001>=7)*('DATA INPUT'!$M$3:$M$2001<8)*'DATA INPUT'!$U$3:$U$2001)} -> -4 | N7: {=SUMPRODUCT((TRIM('DATA INPUT'!$H$3:$H$2001)=$A7)*('DATA INPUT'!$M$3:$M$2001>=8)*('DATA INPUT'!$M$3:$M$2001<9)*'DATA INPUT'!$U$3:$U$2001)} -> -4.5 | O7: {=SUMPRODUCT((TRIM('DATA INPUT'!$H$3:$H$2001)=$A7)*('DATA INPUT'!$M$3:$M$2001>=9)*('DATA INPUT'!$M$3:$M$2001<10)*'DATA INPUT'!$U$3:$U$2001)} -> 7.824 | P7: {=SUMPRODUCT((TRIM('DATA INPUT'!$H$3:$H$2001)=$A7)*('DATA INPUT'!$M$3:$M$2001>=10)*('DATA INPUT'!$M$3:$M$2001<20)*'DATA INPUT'!$U$3:$U$2001)} -> 30.4676 | Q7: {=SUMPRODUCT((TRIM('DATA INPUT'!$H$3:$H$2001)=$A7)*('DATA INPUT'!$M$3:$M$2001>=20)*('DATA INPUT'!$M$3:$M$2001<30)*'DATA INPUT'!$U$3:$U$2001)} -> -9.5 | R7: {=SUMPRODUCT((TRIM('DATA INPUT'!$H$3:$H$2001)=$A7)*('DATA INPUT'!$M$3:$M$2001>=30)*('DATA INPUT'!$M$3:$M$2001<40)*'DATA INPUT'!$U$3:$U$2001)} -> -10 | S7: {=SUMPRODUCT((TRIM('DATA INPUT'!$H$3:$H$2001)=$A7)*('DATA INPUT'!$M$3:$M$2001>=40)*('DATA INPUT'!$M$3:$M$2001<50)*'DATA INPUT'!$U$3:$U$2001)} -> -4 | T7: {=SUMPRODUCT((TRIM('DATA INPUT'!$H$3:$H$2001)=$A7)*('DATA INPUT'!$M$3:$M$2001>=50)*'DATA INPUT'!$U$3:$U$2001)} -> 0 | V7: {=IFERROR(SUMPRODUCT((TRIM('DATA INPUT'!$H$3:$H$2001)=$A7)*('DATA INPUT'!$M$3:$M$2001>=1)*('DATA INPUT'!$M$3:$M$2001<2)*'DATA INPUT'!$U$3:$U$2001)/SUMPRODUCT((TRIM('DATA INPUT'!$H$3:$H$2001)=$A7)*('DATA INPUT'!$M$3:$M$2001>=1)*('DATA INPUT'!$M$3:$M$2001<2)*'DATA INPUT'!$L$3:$L$2001),0)} -> 0 | W7: {=IFERROR(SUMPRODUCT((TRIM('DATA INPUT'!$H$3:$H$2001)=$A7)*('DATA INPUT'!$M$3:$M$2001>=2)*('DATA INPUT'!$M$3:$M$2001<3)*'DATA INPUT'!$U$3:$U$2001)/SUMPRODUCT((TRIM('DATA INPUT'!$H$3:$H$2001)=$A7)*('DATA INPUT'!$M$3:$M$2001>=2)*('DATA INPUT'!$M$3:$M$2001<3)*'DATA INPUT'!$L$3:$L$2001),0)} -> 0 | X7: {=IFERROR(SUMPRODUCT((TRIM('DATA INPUT'!$H$3:$H$2001)=$A7)*('DATA INPUT'!$M$3:$M$2001>=3)*('DATA INPUT'!$M$3:$M$2001<4)*'DATA INPUT'!$U$3:$U$2001)/SUMPRODUCT((TRIM('DATA INPUT'!$H$3:$H$2001)=$A7)*('DATA INPUT'!$M$3:$M$2001>=3)*('DATA INPUT'!$M$3:$M$2001<4)*'DATA INPUT'!$L$3:$L$2001),0)} -> -1 | Y7: {=IFERROR(SUMPRODUCT((TRIM('DATA INPUT'!$H$3:$H$2001)=$A7)*('DATA INPUT'!$M$3:$M$2001>=4)*('DATA INPUT'!$M$3:$M$2001<5)*'DATA INPUT'!$U$3:$U$2001)/SUMPRODUCT((TRIM('DATA INPUT'!$H$3:$H$2001)=$A7)*('DATA INPUT'!$M$3:$M$2001>=4)*('DATA INPUT'!$M$3:$M$2001<5)*'DATA INPUT'!$L$3:$L$2001),0)} -> -0.17573333 | Z7: {=IFERROR(SUMPRODUCT((TRIM('DATA INPUT'!$H$3:$H$2001)=$A7)*('DATA INPUT'!$M$3:$M$2001>=5)*('DATA INPUT'!$M$3:$M$2001<6)*'DATA INPUT'!$U$3:$U$2001)/SUMPRODUCT((TRIM('DATA INPUT'!$H$3:$H$2001)=$A7)*('DATA INPUT'!$M$3:$M$2001>=5)*('DATA INPUT'!$M$3:$M$2001<6)*'DATA INPUT'!$L$3:$L$2001),0)} -> -1 | AA7: {=IFERROR(SUMPRODUCT((TRIM('DATA INPUT'!$H$3:$H$2001)=$A7)*('DATA INPUT'!$M$3:$M$2001>=6)*('DATA INPUT'!$M$3:$M$2001<7)*'DATA INPUT'!$U$3:$U$2001)/SUMPRODUCT((TRIM('DATA INPUT'!$H$3:$H$2001)=$A7)*('DATA INPUT'!$M$3:$M$2001>=6)*('DATA INPUT'!$M$3:$M$2001<7)*'DATA INPUT'!$L$3:$L$2001),0)} -> -1 | AB7: {=IFERROR(SUMPRODUCT((TRIM('DATA INPUT'!$H$3:$H$2001)=$A7)*('DATA INPUT'!$M$3:$M$2001>=7)*('DATA INPUT'!$M$3:$M$2001<8)*'DATA INPUT'!$U$3:$U$2001)/SUMPRODUCT((TRIM('DATA INPUT'!$H$3:$H$2001)=$A7)*('DATA INPUT'!$M$3:$M$2001>=7)*('DATA INPUT'!$M$3:$M$2001<8)*'DATA INPUT'!$L$3:$L$2001),0)} -> -1 | AC7: {=IFERROR(SUMPRODUCT((TRIM('DATA INPUT'!$H$3:$H$2001)=$A7)*('DATA INPUT'!$M$3:$M$2001>=8)*('DATA INPUT'!$M$3:$M$2001<9)*'DATA INPUT'!$U$3:$U$2001)/SUMPRODUCT((TRIM('DATA INPUT'!$H$3:$H$2001)=$A7)*('DATA INPUT'!$M$3:$M$2001>=8)*('DATA INPUT'!$M$3:$M$2001<9)*'DATA INPUT'!$L$3:$L$2001),0)} -> -1 | AD7: {=IFERROR(SUMPRODUCT((TRIM('DATA INPUT'!$H$3:$H$2001)=$A7)*('DATA INPUT'!$M$3:$M$2001>=9)*('DATA INPUT'!$M$3:$M$2001<10)*'DATA INPUT'!$U$3:$U$2001)/SUMPRODUCT((TRIM('DATA INPUT'!$H$3:$H$2001)=$A7)*('DATA INPUT'!$M$3:$M$2001>=9)*('DATA INPUT'!$M$3:$M$2001<10)*'DATA INPUT'!$L$3:$L$2001),0)} -> 7.824 | AE7: {=IFERROR(SUMPRODUCT((TRIM('DATA INPUT'!$H$3:$H$2001)=$A7)*('DATA INPUT'!$M$3:$M$2001>=10)*('DATA INPUT'!$M$3:$M$2001<20)*'DATA INPUT'!$U$3:$U$2001)/SUMPRODUCT((TRIM('DATA INPUT'!$H$3:$H$2001)=$A7)*('DATA INPUT'!$M$3:$M$2001>=10)*('DATA INPUT'!$M$3:$M$2001<20)*'DATA INPUT'!$L$3:$L$2001),0)} -> 0.93746462 | AF7: {=IFERROR(SUMPRODUCT((TRIM('DATA INPUT'!$H$3:$H$2001)=$A7)*('DATA INPUT'!$M$3:$M$2001>=20)*('DATA INPUT'!$M$3:$M$2001<30)*'DATA INPUT'!$U$3:$U$2001)/SUMPRODUCT((TRIM('DATA INPUT'!$H$3:$H$2001)=$A7)*('DATA INPUT'!$M$3:$M$2001>=20)*('DATA INPUT'!$M$3:$M$2001<30)*'DATA INPUT'!$L$3:$L$2001),0)} -> -1 | AG7: {=IFERROR(SUMPRODUCT((TRIM('DATA INPUT'!$H$3:$H$2001)=$A7)*('DATA INPUT'!$M$3:$M$2001>=30)*('DATA INPUT'!$M$3:$M$2001<40)*'DATA INPUT'!$U$3:$U$2001)/SUMPRODUCT((TRIM('DATA INPUT'!$H$3:$H$2001)=$A7)*('DATA INPUT'!$M$3:$M$2001>=30)*('DATA INPUT'!$M$3:$M$2001<40)*'DATA INPUT'!$L$3:$L$2001),0)} -> -1 | AH7: {=IFERROR(SUMPRODUCT((TRIM('DATA INPUT'!$H$3:$H$2001)=$A7)*('DATA INPUT'!$M$3:$M$2001>=40)*('DATA INPUT'!$M$3:$M$2001<50)*'DATA INPUT'!$U$3:$U$2001)/SUMPRODUCT((TRIM('DATA INPUT'!$H$3:$H$2001)=$A7)*('DATA INPUT'!$M$3:$M$2001>=40)*('DATA INPUT'!$M$3:$M$2001<50)*'DATA INPUT'!$L$3:$L$2001),0)} -> -1 | AI7: {=IFERROR(SUMPRODUCT((TRIM('DATA INPUT'!$H$3:$H$2001)=$A7)*('DATA INPUT'!$M$3:$M$2001>=50)*'DATA INPUT'!$U$3:$U$2001)/SUMPRODUCT((TRIM('DATA INPUT'!$H$3:$H$2001)=$A7)*('DATA INPUT'!$M$3:$M$2001>=50)*'DATA INPUT'!$L$3:$L$2001),0)} -> 0
A8: Morphettville | B8: {=SUMPRODUCT((TRIM('DATA INPUT'!$H$3:$H$2001)=$A8)*'DATA INPUT'!$L$3:$L$2001)} -> 61.8 | C8: =B8+D8 -> 55.9926 | D8: {=SUMPRODUCT((TRIM('DATA INPUT'!$H$3:$H$2001)=$A8)*'DATA INPUT'!$U$3:$U$2001)} -> -5.8074 | E8: =IFERROR(D8/B8,0) -> -0.093970874 | G8: {=SUMPRODUCT((TRIM('DATA INPUT'!$H$3:$H$2001)=$A8)*('DATA INPUT'!$M$3:$M$2001>=1)*('DATA INPUT'!$M$3:$M$2001<2)*'DATA INPUT'!$U$3:$U$2001)} -> 0 | H8: {=SUMPRODUCT((TRIM('DATA INPUT'!$H$3:$H$2001)=$A8)*('DATA INPUT'!$M$3:$M$2001>=2)*('DATA INPUT'!$M$3:$M$2001<3)*'DATA INPUT'!$U$3:$U$2001)} -> 0 | I8: {=SUMPRODUCT((TRIM('DATA INPUT'!$H$3:$H$2001)=$A8)*('DATA INPUT'!$M$3:$M$2001>=3)*('DATA INPUT'!$M$3:$M$2001<4)*'DATA INPUT'!$U$3:$U$2001)} -> 0 | J8: {=SUMPRODUCT((TRIM('DATA INPUT'!$H$3:$H$2001)=$A8)*('DATA INPUT'!$M$3:$M$2001>=4)*('DATA INPUT'!$M$3:$M$2001<5)*'DATA INPUT'!$U$3:$U$2001)} -> -2.72 | K8: {=SUMPRODUCT((TRIM('DATA INPUT'!$H$3:$H$2001)=$A8)*('DATA INPUT'!$M$3:$M$2001>=5)*('DATA INPUT'!$M$3:$M$2001<6)*'DATA INPUT'!$U$3:$U$2001)} -> -0.76 | L8: {=SUMPRODUCT((TRIM('DATA INPUT'!$H$3:$H$2001)=$A8)*('DATA INPUT'!$M$3:$M$2001>=6)*('DATA INPUT'!$M$3:$M$2001<7)*'DATA INPUT'!$U$3:$U$2001)} -> -1.2 | M8: {=SUMPRODUCT((TRIM('DATA INPUT'!$H$3:$H$2001)=$A8)*('DATA INPUT'!$M$3:$M$2001>=7)*('DATA INPUT'!$M$3:$M$2001<8)*'DATA INPUT'!$U$3:$U$2001)} -> -1.8 | N8: {=SUMPRODUCT((TRIM('DATA INPUT'!$H$3:$H$2001)=$A8)*('DATA INPUT'!$M$3:$M$2001>=8)*('DATA INPUT'!$M$3:$M$2001<9)*'DATA INPUT'!$U$3:$U$2001)} -> -1 | O8: {=SUMPRODUCT((TRIM('DATA INPUT'!$H$3:$H$2001)=$A8)*('DATA INPUT'!$M$3:$M$2001>=9)*('DATA INPUT'!$M$3:$M$2001<10)*'DATA INPUT'!$U$3:$U$2001)} -> -0.5 | P8: {=SUMPRODUCT((TRIM('DATA INPUT'!$H$3:$H$2001)=$A8)*('DATA INPUT'!$M$3:$M$2001>=10)*('DATA INPUT'!$M$3:$M$2001<20)*'DATA INPUT'!$U$3:$U$2001)} -> 8.6726 | Q8: {=SUMPRODUCT((TRIM('DATA INPUT'!$H$3:$H$2001)=$A8)*('DATA INPUT'!$M$3:$M$2001>=20)*('DATA INPUT'!$M$3:$M$2001<30)*'DATA INPUT'!$U$3:$U$2001)} -> -4 | R8: {=SUMPRODUCT((TRIM('DATA INPUT'!$H$3:$H$2001)=$A8)*('DATA INPUT'!$M$3:$M$2001>=30)*('DATA INPUT'!$M$3:$M$2001<40)*'DATA INPUT'!$U$3:$U$2001)} -> -1 | S8: {=SUMPRODUCT((TRIM('DATA INPUT'!$H$3:$H$2001)=$A8)*('DATA INPUT'!$M$3:$M$2001>=40)*('DATA INPUT'!$M$3:$M$2001<50)*'DATA INPUT'!$U$3:$U$2001)} -> -1.5 | T8: {=SUMPRODUCT((TRIM('DATA INPUT'!$H$3:$H$2001)=$A8)*('DATA INPUT'!$M$3:$M$2001>=50)*'DATA INPUT'!$U$3:$U$2001)} -> 0 | V8: {=IFERROR(SUMPRODUCT((TRIM('DATA INPUT'!$H$3:$H$2001)=$A8)*('DATA INPUT'!$M$3:$M$2001>=1)*('DATA INPUT'!$M$3:$M$2001<2)*'DATA INPUT'!$U$3:$U$2001)/SUMPRODUCT((TRIM('DATA INPUT'!$H$3:$H$2001)=$A8)*('DATA INPUT'!$M$3:$M$2001>=1)*('DATA INPUT'!$M$3:$M$2001<2)*'DATA INPUT'!$L$3:$L$2001),0)} -> 0 | W8: {=IFERROR(SUMPRODUCT((TRIM('DATA INPUT'!$H$3:$H$2001)=$A8)*('DATA INPUT'!$M$3:$M$2001>=2)*('DATA INPUT'!$M$3:$M$2001<3)*'DATA INPUT'!$U$3:$U$2001)/SUMPRODUCT((TRIM('DATA INPUT'!$H$3:$H$2001)=$A8)*('DATA INPUT'!$M$3:$M$2001>=2)*('DATA INPUT'!$M$3:$M$2001<3)*'DATA INPUT'!$L$3:$L$2001),0)} -> 0 | X8: {=IFERROR(SUMPRODUCT((TRIM('DATA INPUT'!$H$3:$H$2001)=$A8)*('DATA INPUT'!$M$3:$M$2001>=3)*('DATA INPUT'!$M$3:$M$2001<4)*'DATA INPUT'!$U$3:$U$2001)/SUMPRODUCT((TRIM('DATA INPUT'!$H$3:$H$2001)=$A8)*('DATA INPUT'!$M$3:$M$2001>=3)*('DATA INPUT'!$M$3:$M$2001<4)*'DATA INPUT'!$L$3:$L$2001),0)} -> 0 | Y8: {=IFERROR(SUMPRODUCT((TRIM('DATA INPUT'!$H$3:$H$2001)=$A8)*('DATA INPUT'!$M$3:$M$2001>=4)*('DATA INPUT'!$M$3:$M$2001<5)*'DATA INPUT'!$U$3:$U$2001)/SUMPRODUCT((TRIM('DATA INPUT'!$H$3:$H$2001)=$A8)*('DATA INPUT'!$M$3:$M$2001>=4)*('DATA INPUT'!$M$3:$M$2001<5)*'DATA INPUT'!$L$3:$L$2001),0)} -> -0.75555556 | Z8: {=IFERROR(SUMPRODUCT((TRIM('DATA INPUT'!$H$3:$H$2001)=$A8)*('DATA INPUT'!$M$3:$M$2001>=5)*('DATA INPUT'!$M$3:$M$2001<6)*'DATA INPUT'!$U$3:$U$2001)/SUMPRODUCT((TRIM('DATA INPUT'!$H$3:$H$2001)=$A8)*('DATA INPUT'!$M$3:$M$2001>=5)*('DATA INPUT'!$M$3:$M$2001<6)*'DATA INPUT'!$L$3:$L$2001),0)} -> -0.28148148 | AA8: {=IFERROR(SUMPRODUCT((TRIM('DATA INPUT'!$H$3:$H$2001)=$A8)*('DATA INPUT'!$M$3:$M$2001>=6)*('DATA INPUT'!$M$3:$M$2001<7)*'DATA INPUT'!$U$3:$U$2001)/SUMPRODUCT((TRIM('DATA INPUT'!$H$3:$H$2001)=$A8)*('DATA INPUT'!$M$3:$M$2001>=6)*('DATA INPUT'!$M$3:$M$2001<7)*'DATA INPUT'!$L$3:$L$2001),0)} -> -1 | AB8: {=IFERROR(SUMPRODUCT((TRIM('DATA INPUT'!$H$3:$H$2001)=$A8)*('DATA INPUT'!$M$3:$M$2001>=7)*('DATA INPUT'!$M$3:$M$2001<8)*'DATA INPUT'!$U$3:$U$2001)/SUMPRODUCT((TRIM('DATA INPUT'!$H$3:$H$2001)=$A8)*('DATA INPUT'!$M$3:$M$2001>=7)*('DATA INPUT'!$M$3:$M$2001<8)*'DATA INPUT'!$L$3:$L$2001),0)} -> -1 | AC8: {=IFERROR(SUMPRODUCT((TRIM('DATA INPUT'!$H$3:$H$2001)=$A8)*('DATA INPUT'!$M$3:$M$2001>=8)*('DATA INPUT'!$M$3:$M$2001<9)*'DATA INPUT'!$U$3:$U$2001)/SUMPRODUCT((TRIM('DATA INPUT'!$H$3:$H$2001)=$A8)*('DATA INPUT'!$M$3:$M$2001>=8)*('DATA INPUT'!$M$3:$M$2001<9)*'DATA INPUT'!$L$3:$L$2001),0)} -> -1 | AD8: {=IFERROR(SUMPRODUCT((TRIM('DATA INPUT'!$H$3:$H$2001)=$A8)*('DATA INPUT'!$M$3:$M$2001>=9)*('DATA INPUT'!$M$3:$M$2001<10)*'DATA INPUT'!$U$3:$U$2001)/SUMPRODUCT((TRIM('DATA INPUT'!$H$3:$H$2001)=$A8)*('DATA INPUT'!$M$3:$M$2001>=9)*('DATA INPUT'!$M$3:$M$2001<10)*'DATA INPUT'!$L$3:$L$2001),0)} -> -1 | AE8: {=IFERROR(SUMPRODUCT((TRIM('DATA INPUT'!$H$3:$H$2001)=$A8)*('DATA INPUT'!$M$3:$M$2001>=10)*('DATA INPUT'!$M$3:$M$2001<20)*'DATA INPUT'!$U$3:$U$2001)/SUMPRODUCT((TRIM('DATA INPUT'!$H$3:$H$2001)=$A8)*('DATA INPUT'!$M$3:$M$2001>=10)*('DATA INPUT'!$M$3:$M$2001<20)*'DATA INPUT'!$L$3:$L$2001),0)} -> 0.29398644 | AF8: {=IFERROR(SUMPRODUCT((TRIM('DATA INPUT'!$H$3:$H$2001)=$A8)*('DATA INPUT'!$M$3:$M$2001>=20)*('DATA INPUT'!$M$3:$M$2001<30)*'DATA INPUT'!$U$3:$U$2001)/SUMPRODUCT((TRIM('DATA INPUT'!$H$3:$H$2001)=$A8)*('DATA INPUT'!$M$3:$M$2001>=20)*('DATA INPUT'!$M$3:$M$2001<30)*'DATA INPUT'!$L$3:$L$2001),0)} -> -0.21052632 | AG8: {=IFERROR(SUMPRODUCT((TRIM('DATA INPUT'!$H$3:$H$2001)=$A8)*('DATA INPUT'!$M$3:$M$2001>=30)*('DATA INPUT'!$M$3:$M$2001<40)*'DATA INPUT'!$U$3:$U$2001)/SUMPRODUCT((TRIM('DATA INPUT'!$H$3:$H$2001)=$A8)*('DATA INPUT'!$M$3:$M$2001>=30)*('DATA INPUT'!$M$3:$M$2001<40)*'DATA INPUT'!$L$3:$L$2001),0)} -> -1 | AH8: {=IFERROR(SUMPRODUCT((TRIM('DATA INPUT'!$H$3:$H$2001)=$A8)*('DATA INPUT'!$M$3:$M$2001>=40)*('DATA INPUT'!$M$3:$M$2001<50)*'DATA INPUT'!$U$3:$U$2001)/SUMPRODUCT((TRIM('DATA INPUT'!$H$3:$H$2001)=$A8)*('DATA INPUT'!$M$3:$M$2001>=40)*('DATA INPUT'!$M$3:$M$2001<50)*'DATA INPUT'!$L$3:$L$2001),0)} -> -1 | AI8: {=IFERROR(SUMPRODUCT((TRIM('DATA INPUT'!$H$3:$H$2001)=$A8)*('DATA INPUT'!$M$3:$M$2001>=50)*'DATA INPUT'!$U$3:$U$2001)/SUMPRODUCT((TRIM('DATA INPUT'!$H$3:$H$2001)=$A8)*('DATA INPUT'!$M$3:$M$2001>=50)*'DATA INPUT'!$L$3:$L$2001),0)} -> 0
A10: Grand Total | B10: =SUM(B2:B8) -> 958.7 | C10: =SUM(C2:C8) -> 1019.803 | D10: =SUM(D2:D8) -> 61.10296 | E10: =IFERROR(D10/B10,0) -> 0.063735225 | G10: =SUM(G2:G8) -> -1 | H10: =SUM(H2:H8) -> -2.819 | I10: =SUM(I2:I8) -> 5.302 | J10: =SUM(J2:J8) -> -6.90064 | K10: =SUM(K2:K8) -> -20.8954 | L10: =SUM(L2:L8) -> -4.7314 | M10: =SUM(M2:M8) -> -21.9868 | N10: =SUM(N2:N8) -> 0.0372 | ... T10: =SUM(T2:T8) -> 0 | V10: {=IFERROR(SUMPRODUCT(('DATA INPUT'!$M$3:$M$2001>=1)*('DATA INPUT'!$M$3:$M$2001<2)*'DATA INPUT'!$U$3:$U$2001)/SUMPRODUCT(('DATA INPUT'!$M$3:$M$2001>=1)*('DATA INPUT'!$M$3:$M$2001<2)*'DATA INPUT'!$L$3:$L$2001),0)} -> -1 | W10: {=IFERROR(SUMPRODUCT(('DATA INPUT'!$M$3:$M$2001>=2)*('DATA INPUT'!$M$3:$M$2001<3)*'DATA INPUT'!$U$3:$U$2001)/SUMPRODUCT(('DATA INPUT'!$M$3:$M$2001>=2)*('DATA INPUT'!$M$3:$M$2001<3)*'DATA INPUT'!$L$3:$L$2001),0)} -> -0.2819 | X10: {=IFERROR(SUMPRODUCT(('DATA INPUT'!$M$3:$M$2001>=3)*('DATA INPUT'!$M$3:$M$2001<4)*'DATA INPUT'!$U$3:$U$2001)/SUMPRODUCT(('DATA INPUT'!$M$3:$M$2001>=3)*('DATA INPUT'!$M$3:$M$2001<4)*'DATA INPUT'!$L$3:$L$2001),0)} -> 0.25863415 | Y10: {=IFERROR(SUMPRODUCT(('DATA INPUT'!$M$3:$M$2001>=4)*('DATA INPUT'!$M$3:$M$2001<5)*'DATA INPUT'!$U$3:$U$2001)/SUMPRODUCT(('DATA INPUT'!$M$3:$M$2001>=4)*('DATA INPUT'!$M$3:$M$2001<5)*'DATA INPUT'!$L$3:$L$2001),0)} -> -0.18700921 | Z10: {=IFERROR(SUMPRODUCT(('DATA INPUT'!$M$3:$M$2001>=5)*('DATA INPUT'!$M$3:$M$2001<6)*'DATA INPUT'!$U$3:$U$2001)/SUMPRODUCT(('DATA INPUT'!$M$3:$M$2001>=5)*('DATA INPUT'!$M$3:$M$2001<6)*'DATA INPUT'!$L$3:$L$2001),0)} -> -0.63319394 | AA10: {=IFERROR(SUMPRODUCT(('DATA INPUT'!$M$3:$M$2001>=6)*('DATA INPUT'!$M$3:$M$2001<7)*'DATA INPUT'!$U$3:$U$2001)/SUMPRODUCT(('DATA INPUT'!$M$3:$M$2001>=6)*('DATA INPUT'!$M$3:$M$2001<7)*'DATA INPUT'!$L$3:$L$2001),0)} -> -0.1429426 | AB10: {=IFERROR(SUMPRODUCT(('DATA INPUT'!$M$3:$M$2001>=7)*('DATA INPUT'!$M$3:$M$2001<8)*'DATA INPUT'!$U$3:$U$2001)/SUMPRODUCT(('DATA INPUT'!$M$3:$M$2001>=7)*('DATA INPUT'!$M$3:$M$2001<8)*'DATA INPUT'!$L$3:$L$2001),0)} -> -0.54967 | AC10: {=IFERROR(SUMPRODUCT(('DATA INPUT'!$M$3:$M$2001>=8)*('DATA INPUT'!$M$3:$M$2001<9)*'DATA INPUT'!$U$3:$U$2001)/SUMPRODUCT(('DATA INPUT'!$M$3:$M$2001>=8)*('DATA INPUT'!$M$3:$M$2001<9)*'DATA INPUT'!$L$3:$L$2001),0)} -> 0.00077824268 | AD10: {=IFERROR(SUMPRODUCT(('DATA INPUT'!$M$3:$M$2001>=9)*('DATA INPUT'!$M$3:$M$2001<10)*'DATA INPUT'!$U$3:$U$2001)/SUMPRODUCT(('DATA INPUT'!$M$3:$M$2001>=9)*('DATA INPUT'!$M$3:$M$2001<10)*'DATA INPUT'!$L$3:$L$2001),0)} -> 0.10682828 | AE10: {=IFERROR(SUMPRODUCT(('DATA INPUT'!$M$3:$M$2001>=10)*('DATA INPUT'!$M$3:$M$2001<20)*'DATA INPUT'!$U$3:$U$2001)/SUMPRODUCT(('DATA INPUT'!$M$3:$M$2001>=10)*('DATA INPUT'!$M$3:$M$2001<20)*'DATA INPUT'!$L$3:$L$2001),0)} -> 0.28198886 | AF10: {=IFERROR(SUMPRODUCT(('DATA INPUT'!$M$3:$M$2001>=20)*('DATA INPUT'!$M$3:$M$2001<30)*'DATA INPUT'!$U$3:$U$2001)/SUMPRODUCT(('DATA INPUT'!$M$3:$M$2001>=20)*('DATA INPUT'!$M$3:$M$2001<30)*'DATA INPUT'!$L$3:$L$2001),0)} -> -0.16365378 | AG10: {=IFERROR(SUMPRODUCT(('DATA INPUT'!$M$3:$M$2001>=30)*('DATA INPUT'!$M$3:$M$2001<40)*'DATA INPUT'!$U$3:$U$2001)/SUMPRODUCT(('DATA INPUT'!$M$3:$M$2001>=30)*('DATA INPUT'!$M$3:$M$2001<40)*'DATA INPUT'!$L$3:$L$2001),0)} -> -0.43979901 | AH10: {=IFERROR(SUMPRODUCT(('DATA INPUT'!$M$3:$M$2001>=40)*('DATA INPUT'!$M$3:$M$2001<50)*'DATA INPUT'!$U$3:$U$2001)/SUMPRODUCT(('DATA INPUT'!$M$3:$M$2001>=40)*('DATA INPUT'!$M$3:$M$2001<50)*'DATA INPUT'!$L$3:$L$2001),0)} -> 2.5459733 | AI10: {=IFERROR(SUMPRODUCT(('DATA INPUT'!$M$3:$M$2001>=50)*'DATA INPUT'!$U$3:$U$2001)/SUMPRODUCT(('DATA INPUT'!$M$3:$M$2001>=50)*'DATA INPUT'!$L$3:$L$2001),0)} -> 0
A12: Units | B12: Units Invested | C12: Units Collected (Net) | D12: Profit (Net) | E12: POT% | F12: Rated Price | G12: 1-1.99 | H12: 2-2.99 | I12: 3-3.99 | J12: 4-4.99 | K12: 5-5.99 | L12: 6-6.99 | M12: 7-7.99 | N12: 8-8.99 | O12: 9-9.99 | P12: 10-19.99 | Q12: 20-29.99 | R12: 30-39.99 | S12: 40-49.99 | T12: 50+ | U12: Rated Price POT% | V12: 1-1.99 | W12: 2-2.99 | X12: 3-3.99 | Y12: 4-4.99 | Z12: 5-5.99 | AA12: 6-6.99 | AB12: 7-7.99 | AC12: 8-8.99 | AD12: 9-9.99 | AE12: 10-19.99 | AF12: 20-29.99 | AG12: 30-39.99 | AH12: 40-49.99 | AI12: 50+
A14: 0.5 | B14: {=SUMPRODUCT(('DATA INPUT'!$L$3:$L$2001=$A14)*'DATA INPUT'!$L$3:$L$2001)} -> 394.5 | C14: =B14+D14 -> 328.1504 | D14: {=SUMPRODUCT(('DATA INPUT'!$L$3:$L$2001=$A14)*'DATA INPUT'!$U$3:$U$2001)} -> -66.3496 | E14: =IFERROR(D14/B14,0) -> -0.16818657 | G14: {=SUMPRODUCT(('DATA INPUT'!$L$3:$L$2001=$A14)*('DATA INPUT'!$M$3:$M$2001>=1)*('DATA INPUT'!$M$3:$M$2001<2)*'DATA INPUT'!$U$3:$U$2001)} -> 0 | H14: {=SUMPRODUCT(('DATA INPUT'!$L$3:$L$2001=$A14)*('DATA INPUT'!$M$3:$M$2001>=2)*('DATA INPUT'!$M$3:$M$2001<3)*'DATA INPUT'!$U$3:$U$2001)} -> -2.819 | I14: {=SUMPRODUCT(('DATA INPUT'!$L$3:$L$2001=$A14)*('DATA INPUT'!$M$3:$M$2001>=3)*('DATA INPUT'!$M$3:$M$2001<4)*'DATA INPUT'!$U$3:$U$2001)} -> 5.302 | J14: {=SUMPRODUCT(('DATA INPUT'!$L$3:$L$2001=$A14)*('DATA INPUT'!$M$3:$M$2001>=4)*('DATA INPUT'!$M$3:$M$2001<5)*'DATA INPUT'!$U$3:$U$2001)} -> -6.7856 | K14: {=SUMPRODUCT(('DATA INPUT'!$L$3:$L$2001=$A14)*('DATA INPUT'!$M$3:$M$2001>=5)*('DATA INPUT'!$M$3:$M$2001<6)*'DATA INPUT'!$U$3:$U$2001)} -> -19.8954 | L14: {=SUMPRODUCT(('DATA INPUT'!$L$3:$L$2001=$A14)*('DATA INPUT'!$M$3:$M$2001>=6)*('DATA INPUT'!$M$3:$M$2001<7)*'DATA INPUT'!$U$3:$U$2001)} -> -3.1314 | M14: {=SUMPRODUCT(('DATA INPUT'!$L$3:$L$2001=$A14)*('DATA INPUT'!$M$3:$M$2001>=7)*('DATA INPUT'!$M$3:$M$2001<8)*'DATA INPUT'!$U$3:$U$2001)} -> -8.2764 | N14: {=SUMPRODUCT(('DATA INPUT'!$L$3:$L$2001=$A14)*('DATA INPUT'!$M$3:$M$2001>=8)*('DATA INPUT'!$M$3:$M$2001<9)*'DATA INPUT'!$U$3:$U$2001)} -> -6.74 | O14: {=SUMPRODUCT(('DATA INPUT'!$L$3:$L$2001=$A14)*('DATA INPUT'!$M$3:$M$2001>=9)*('DATA INPUT'!$M$3:$M$2001<10)*'DATA INPUT'!$U$3:$U$2001)} -> -4.724 | P14: {=SUMPRODUCT(('DATA INPUT'!$L$3:$L$2001=$A14)*('DATA INPUT'!$M$3:$M$2001>=10)*('DATA INPUT'!$M$3:$M$2001<20)*'DATA INPUT'!$U$3:$U$2001)} -> 27.424 | Q14: {=SUMPRODUCT(('DATA INPUT'!$L$3:$L$2001=$A14)*('DATA INPUT'!$M$3:$M$2001>=20)*('DATA INPUT'!$M$3:$M$2001<30)*'DATA INPUT'!$U$3:$U$2001)} -> -7.2038 | R14: {=SUMPRODUCT(('DATA INPUT'!$L$3:$L$2001=$A14)*('DATA INPUT'!$M$3:$M$2001>=30)*('DATA INPUT'!$M$3:$M$2001<40)*'DATA INPUT'!$U$3:$U$2001)} -> -32.5 | S14: {=SUMPRODUCT(('DATA INPUT'!$L$3:$L$2001=$A14)*('DATA INPUT'!$M$3:$M$2001>=40)*('DATA INPUT'!$M$3:$M$2001<50)*'DATA INPUT'!$U$3:$U$2001)} -> -7 | T14: {=SUMPRODUCT(('DATA INPUT'!$L$3:$L$2001=$A14)*('DATA INPUT'!$M$3:$M$2001>=50)*'DATA INPUT'!$U$3:$U$2001)} -> 0 | V14: {=IFERROR(SUMPRODUCT(('DATA INPUT'!$L$3:$L$2001=$A14)*('DATA INPUT'!$M$3:$M$2001>=1)*('DATA INPUT'!$M$3:$M$2001<2)*'DATA INPUT'!$U$3:$U$2001)/SUMPRODUCT(('DATA INPUT'!$L$3:$L$2001=$A14)*('DATA INPUT'!$M$3:$M$2001>=1)*('DATA INPUT'!$M$3:$M$2001<2)*'DATA INPUT'!$L$3:$L$2001),0)} -> 0 | W14: {=IFERROR(SUMPRODUCT(('DATA INPUT'!$L$3:$L$2001=$A14)*('DATA INPUT'!$M$3:$M$2001>=2)*('DATA INPUT'!$M$3:$M$2001<3)*'DATA INPUT'!$U$3:$U$2001)/SUMPRODUCT(('DATA INPUT'!$L$3:$L$2001=$A14)*('DATA INPUT'!$M$3:$M$2001>=2)*('DATA INPUT'!$M$3:$M$2001<3)*'DATA INPUT'!$L$3:$L$2001),0)} -> -0.2819 | X14: {=IFERROR(SUMPRODUCT(('DATA INPUT'!$L$3:$L$2001=$A14)*('DATA INPUT'!$M$3:$M$2001>=3)*('DATA INPUT'!$M$3:$M$2001<4)*'DATA INPUT'!$U$3:$U$2001)/SUMPRODUCT(('DATA INPUT'!$L$3:$L$2001=$A14)*('DATA INPUT'!$M$3:$M$2001>=3)*('DATA INPUT'!$M$3:$M$2001<4)*'DATA INPUT'!$L$3:$L$2001),0)} -> 0.25863415 | Y14: {=IFERROR(SUMPRODUCT(('DATA INPUT'!$L$3:$L$2001=$A14)*('DATA INPUT'!$M$3:$M$2001>=4)*('DATA INPUT'!$M$3:$M$2001<5)*'DATA INPUT'!$U$3:$U$2001)/SUMPRODUCT(('DATA INPUT'!$L$3:$L$2001=$A14)*('DATA INPUT'!$M$3:$M$2001>=4)*('DATA INPUT'!$M$3:$M$2001<5)*'DATA INPUT'!$L$3:$L$2001),0)} -> -0.20878769 | Z14: {=IFERROR(SUMPRODUCT(('DATA INPUT'!$L$3:$L$2001=$A14)*('DATA INPUT'!$M$3:$M$2001>=5)*('DATA INPUT'!$M$3:$M$2001<6)*'DATA INPUT'!$U$3:$U$2001)/SUMPRODUCT(('DATA INPUT'!$L$3:$L$2001=$A14)*('DATA INPUT'!$M$3:$M$2001>=5)*('DATA INPUT'!$M$3:$M$2001<6)*'DATA INPUT'!$L$3:$L$2001),0)} -> -0.62173125 | AA14: {=IFERROR(SUMPRODUCT(('DATA INPUT'!$L$3:$L$2001=$A14)*('DATA INPUT'!$M$3:$M$2001>=6)*('DATA INPUT'!$M$3:$M$2001<7)*'DATA INPUT'!$U$3:$U$2001)/SUMPRODUCT(('DATA INPUT'!$L$3:$L$2001=$A14)*('DATA INPUT'!$M$3:$M$2001>=6)*('DATA INPUT'!$M$3:$M$2001<7)*'DATA INPUT'!$L$3:$L$2001),0)} -> -0.099409524 | AB14: {=IFERROR(SUMPRODUCT(('DATA INPUT'!$L$3:$L$2001=$A14)*('DATA INPUT'!$M$3:$M$2001>=7)*('DATA INPUT'!$M$3:$M$2001<8)*'DATA INPUT'!$U$3:$U$2001)/SUMPRODUCT(('DATA INPUT'!$L$3:$L$2001=$A14)*('DATA INPUT'!$M$3:$M$2001>=7)*('DATA INPUT'!$M$3:$M$2001<8)*'DATA INPUT'!$L$3:$L$2001),0)} -> -0.6897 | AC14: {=IFERROR(SUMPRODUCT(('DATA INPUT'!$L$3:$L$2001=$A14)*('DATA INPUT'!$M$3:$M$2001>=8)*('DATA INPUT'!$M$3:$M$2001<9)*'DATA INPUT'!$U$3:$U$2001)/SUMPRODUCT(('DATA INPUT'!$L$3:$L$2001=$A14)*('DATA INPUT'!$M$3:$M$2001>=8)*('DATA INPUT'!$M$3:$M$2001<9)*'DATA INPUT'!$L$3:$L$2001),0)} -> -0.56166667 | AD14: {=IFERROR(SUMPRODUCT(('DATA INPUT'!$L$3:$L$2001=$A14)*('DATA INPUT'!$M$3:$M$2001>=9)*('DATA INPUT'!$M$3:$M$2001<10)*'DATA INPUT'!$U$3:$U$2001)/SUMPRODUCT(('DATA INPUT'!$L$3:$L$2001=$A14)*('DATA INPUT'!$M$3:$M$2001>=9)*('DATA INPUT'!$M$3:$M$2001<10)*'DATA INPUT'!$L$3:$L$2001),0)} -> -0.49726316 | AE14: {=IFERROR(SUMPRODUCT(('DATA INPUT'!$L$3:$L$2001=$A14)*('DATA INPUT'!$M$3:$M$2001>=10)*('DATA INPUT'!$M$3:$M$2001<20)*'DATA INPUT'!$U$3:$U$2001)/SUMPRODUCT(('DATA INPUT'!$L$3:$L$2001=$A14)*('DATA INPUT'!$M$3:$M$2001>=10)*('DATA INPUT'!$M$3:$M$2001<20)*'DATA INPUT'!$L$3:$L$2001),0)} -> 0.20697358 | AF14: {=IFERROR(SUMPRODUCT(('DATA INPUT'!$L$3:$L$2001=$A14)*('DATA INPUT'!$M$3:$M$2001>=20)*('DATA INPUT'!$M$3:$M$2001<30)*'DATA INPUT'!$U$3:$U$2001)/SUMPRODUCT(('DATA INPUT'!$L$3:$L$2001=$A14)*('DATA INPUT'!$M$3:$M$2001>=20)*('DATA INPUT'!$M$3:$M$2001<30)*'DATA INPUT'!$L$3:$L$2001),0)} -> -0.1152608 | AG14: {=IFERROR(SUMPRODUCT(('DATA INPUT'!$L$3:$L$2001=$A14)*('DATA INPUT'!$M$3:$M$2001>=30)*('DATA INPUT'!$M$3:$M$2001<40)*'DATA INPUT'!$U$3:$U$2001)/SUMPRODUCT(('DATA INPUT'!$L$3:$L$2001=$A14)*('DATA INPUT'!$M$3:$M$2001>=30)*('DATA INPUT'!$M$3:$M$2001<40)*'DATA INPUT'!$L$3:$L$2001),0)} -> -1 | AH14: {=IFERROR(SUMPRODUCT(('DATA INPUT'!$L$3:$L$2001=$A14)*('DATA INPUT'!$M$3:$M$2001>=40)*('DATA INPUT'!$M$3:$M$2001<50)*'DATA INPUT'!$U$3:$U$2001)/SUMPRODUCT(('DATA INPUT'!$L$3:$L$2001=$A14)*('DATA INPUT'!$M$3:$M$2001>=40)*('DATA INPUT'!$M$3:$M$2001<50)*'DATA INPUT'!$L$3:$L$2001),0)} -> -1 | AI14: {=IFERROR(SUMPRODUCT(('DATA INPUT'!$L$3:$L$2001=$A14)*('DATA INPUT'!$M$3:$M$2001>=50)*'DATA INPUT'!$U$3:$U$2001)/SUMPRODUCT(('DATA INPUT'!$L$3:$L$2001=$A14)*('DATA INPUT'!$M$3:$M$2001>=50)*'DATA INPUT'!$L$3:$L$2001),0)} -> 0
A15: 1 | B15: {=SUMPRODUCT(('DATA INPUT'!$L$3:$L$2001=$A15)*'DATA INPUT'!$L$3:$L$2001)} -> 556 | C15: =B15+D15 -> 685.7836 | D15: {=SUMPRODUCT(('DATA INPUT'!$L$3:$L$2001=$A15)*'DATA INPUT'!$U$3:$U$2001)} -> 129.7836 | E15: =IFERROR(D15/B15,0) -> 0.23342374 | G15: {=SUMPRODUCT(('DATA INPUT'!$L$3:$L$2001=$A15)*('DATA INPUT'!$M$3:$M$2001>=1)*('DATA INPUT'!$M$3:$M$2001<2)*'DATA INPUT'!$U$3:$U$2001)} -> -1 | H15: {=SUMPRODUCT(('DATA INPUT'!$L$3:$L$2001=$A15)*('DATA INPUT'!$M$3:$M$2001>=2)*('DATA INPUT'!$M$3:$M$2001<3)*'DATA INPUT'!$U$3:$U$2001)} -> 0 | I15: {=SUMPRODUCT(('DATA INPUT'!$L$3:$L$2001=$A15)*('DATA INPUT'!$M$3:$M$2001>=3)*('DATA INPUT'!$M$3:$M$2001<4)*'DATA INPUT'!$U$3:$U$2001)} -> 0 | J15: {=SUMPRODUCT(('DATA INPUT'!$L$3:$L$2001=$A15)*('DATA INPUT'!$M$3:$M$2001>=4)*('DATA INPUT'!$M$3:$M$2001<5)*'DATA INPUT'!$U$3:$U$2001)} -> 0 | K15: {=SUMPRODUCT(('DATA INPUT'!$L$3:$L$2001=$A15)*('DATA INPUT'!$M$3:$M$2001>=5)*('DATA INPUT'!$M$3:$M$2001<6)*'DATA INPUT'!$U$3:$U$2001)} -> 0 | L15: {=SUMPRODUCT(('DATA INPUT'!$L$3:$L$2001=$A15)*('DATA INPUT'!$M$3:$M$2001>=6)*('DATA INPUT'!$M$3:$M$2001<7)*'DATA INPUT'!$U$3:$U$2001)} -> -1 | M15: {=SUMPRODUCT(('DATA INPUT'!$L$3:$L$2001=$A15)*('DATA INPUT'!$M$3:$M$2001>=7)*('DATA INPUT'!$M$3:$M$2001<8)*'DATA INPUT'!$U$3:$U$2001)} -> -12.7104 | N15: {=SUMPRODUCT(('DATA INPUT'!$L$3:$L$2001=$A15)*('DATA INPUT'!$M$3:$M$2001>=8)*('DATA INPUT'!$M$3:$M$2001<9)*'DATA INPUT'!$U$3:$U$2001)} -> 5.9932 | O15: {=SUMPRODUCT(('DATA INPUT'!$L$3:$L$2001=$A15)*('DATA INPUT'!$M$3:$M$2001>=9)*('DATA INPUT'!$M$3:$M$2001<10)*'DATA INPUT'!$U$3:$U$2001)} -> 10.012 | P15: {=SUMPRODUCT(('DATA INPUT'!$L$3:$L$2001=$A15)*('DATA INPUT'!$M$3:$M$2001>=10)*('DATA INPUT'!$M$3:$M$2001<20)*'DATA INPUT'!$U$3:$U$2001)} -> 79.2576 | Q15: {=SUMPRODUCT(('DATA INPUT'!$L$3:$L$2001=$A15)*('DATA INPUT'!$M$3:$M$2001>=20)*('DATA INPUT'!$M$3:$M$2001<30)*'DATA INPUT'!$U$3:$U$2001)} -> -22.0084 | R15: {=SUMPRODUCT(('DATA INPUT'!$L$3:$L$2001=$A15)*('DATA INPUT'!$M$3:$M$2001>=30)*('DATA INPUT'!$M$3:$M$2001<40)*'DATA INPUT'!$U$3:$U$2001)} -> -12.1396 | S15: {=SUMPRODUCT(('DATA INPUT'!$L$3:$L$2001=$A15)*('DATA INPUT'!$M$3:$M$2001>=40)*('DATA INPUT'!$M$3:$M$2001<50)*'DATA INPUT'!$U$3:$U$2001)} -> 83.3792 | T15: {=SUMPRODUCT(('DATA INPUT'!$L$3:$L$2001=$A15)*('DATA INPUT'!$M$3:$M$2001>=50)*'DATA INPUT'!$U$3:$U$2001)} -> 0 | V15: {=IFERROR(SUMPRODUCT(('DATA INPUT'!$L$3:$L$2001=$A15)*('DATA INPUT'!$M$3:$M$2001>=1)*('DATA INPUT'!$M$3:$M$2001<2)*'DATA INPUT'!$U$3:$U$2001)/SUMPRODUCT(('DATA INPUT'!$L$3:$L$2001=$A15)*('DATA INPUT'!$M$3:$M$2001>=1)*('DATA INPUT'!$M$3:$M$2001<2)*'DATA INPUT'!$L$3:$L$2001),0)} -> -1 | W15: {=IFERROR(SUMPRODUCT(('DATA INPUT'!$L$3:$L$2001=$A15)*('DATA INPUT'!$M$3:$M$2001>=2)*('DATA INPUT'!$M$3:$M$2001<3)*'DATA INPUT'!$U$3:$U$2001)/SUMPRODUCT(('DATA INPUT'!$L$3:$L$2001=$A15)*('DATA INPUT'!$M$3:$M$2001>=2)*('DATA INPUT'!$M$3:$M$2001<3)*'DATA INPUT'!$L$3:$L$2001),0)} -> 0 | X15: {=IFERROR(SUMPRODUCT(('DATA INPUT'!$L$3:$L$2001=$A15)*('DATA INPUT'!$M$3:$M$2001>=3)*('DATA INPUT'!$M$3:$M$2001<4)*'DATA INPUT'!$U$3:$U$2001)/SUMPRODUCT(('DATA INPUT'!$L$3:$L$2001=$A15)*('DATA INPUT'!$M$3:$M$2001>=3)*('DATA INPUT'!$M$3:$M$2001<4)*'DATA INPUT'!$L$3:$L$2001),0)} -> 0 | Y15: {=IFERROR(SUMPRODUCT(('DATA INPUT'!$L$3:$L$2001=$A15)*('DATA INPUT'!$M$3:$M$2001>=4)*('DATA INPUT'!$M$3:$M$2001<5)*'DATA INPUT'!$U$3:$U$2001)/SUMPRODUCT(('DATA INPUT'!$L$3:$L$2001=$A15)*('DATA INPUT'!$M$3:$M$2001>=4)*('DATA INPUT'!$M$3:$M$2001<5)*'DATA INPUT'!$L$3:$L$2001),0)} -> 0 | Z15: {=IFERROR(SUMPRODUCT(('DATA INPUT'!$L$3:$L$2001=$A15)*('DATA INPUT'!$M$3:$M$2001>=5)*('DATA INPUT'!$M$3:$M$2001<6)*'DATA INPUT'!$U$3:$U$2001)/SUMPRODUCT(('DATA INPUT'!$L$3:$L$2001=$A15)*('DATA INPUT'!$M$3:$M$2001>=5)*('DATA INPUT'!$M$3:$M$2001<6)*'DATA INPUT'!$L$3:$L$2001),0)} -> 0 | AA15: {=IFERROR(SUMPRODUCT(('DATA INPUT'!$L$3:$L$2001=$A15)*('DATA INPUT'!$M$3:$M$2001>=6)*('DATA INPUT'!$M$3:$M$2001<7)*'DATA INPUT'!$U$3:$U$2001)/SUMPRODUCT(('DATA INPUT'!$L$3:$L$2001=$A15)*('DATA INPUT'!$M$3:$M$2001>=6)*('DATA INPUT'!$M$3:$M$2001<7)*'DATA INPUT'!$L$3:$L$2001),0)} -> -1 | AB15: {=IFERROR(SUMPRODUCT(('DATA INPUT'!$L$3:$L$2001=$A15)*('DATA INPUT'!$M$3:$M$2001>=7)*('DATA INPUT'!$M$3:$M$2001<8)*'DATA INPUT'!$U$3:$U$2001)/SUMPRODUCT(('DATA INPUT'!$L$3:$L$2001=$A15)*('DATA INPUT'!$M$3:$M$2001>=7)*('DATA INPUT'!$M$3:$M$2001<8)*'DATA INPUT'!$L$3:$L$2001),0)} -> -0.47075556 | AC15: {=IFERROR(SUMPRODUCT(('DATA INPUT'!$L$3:$L$2001=$A15)*('DATA INPUT'!$M$3:$M$2001>=8)*('DATA INPUT'!$M$3:$M$2001<9)*'DATA INPUT'!$U$3:$U$2001)/SUMPRODUCT(('DATA INPUT'!$L$3:$L$2001=$A15)*('DATA INPUT'!$M$3:$M$2001>=8)*('DATA INPUT'!$M$3:$M$2001<9)*'DATA INPUT'!$L$3:$L$2001),0)} -> 0.17123429 | AD15: {=IFERROR(SUMPRODUCT(('DATA INPUT'!$L$3:$L$2001=$A15)*('DATA INPUT'!$M$3:$M$2001>=9)*('DATA INPUT'!$M$3:$M$2001<10)*'DATA INPUT'!$U$3:$U$2001)/SUMPRODUCT(('DATA INPUT'!$L$3:$L$2001=$A15)*('DATA INPUT'!$M$3:$M$2001>=9)*('DATA INPUT'!$M$3:$M$2001<10)*'DATA INPUT'!$L$3:$L$2001),0)} -> 0.2503 | AE15: {=IFERROR(SUMPRODUCT(('DATA INPUT'!$L$3:$L$2001=$A15)*('DATA INPUT'!$M$3:$M$2001>=10)*('DATA INPUT'!$M$3:$M$2001<20)*'DATA INPUT'!$U$3:$U$2001)/SUMPRODUCT(('DATA INPUT'!$L$3:$L$2001=$A15)*('DATA INPUT'!$M$3:$M$2001>=10)*('DATA INPUT'!$M$3:$M$2001<20)*'DATA INPUT'!$L$3:$L$2001),0)} -> 0.32482623 | AF15: {=IFERROR(SUMPRODUCT(('DATA INPUT'!$L$3:$L$2001=$A15)*('DATA INPUT'!$M$3:$M$2001>=20)*('DATA INPUT'!$M$3:$M$2001<30)*'DATA INPUT'!$U$3:$U$2001)/SUMPRODUCT(('DATA INPUT'!$L$3:$L$2001=$A15)*('DATA INPUT'!$M$3:$M$2001>=20)*('DATA INPUT'!$M$3:$M$2001<30)*'DATA INPUT'!$L$3:$L$2001),0)} -> -0.18972759 | AG15: {=IFERROR(SUMPRODUCT(('DATA INPUT'!$L$3:$L$2001=$A15)*('DATA INPUT'!$M$3:$M$2001>=30)*('DATA INPUT'!$M$3:$M$2001<40)*'DATA INPUT'!$U$3:$U$2001)/SUMPRODUCT(('DATA INPUT'!$L$3:$L$2001=$A15)*('DATA INPUT'!$M$3:$M$2001>=30)*('DATA INPUT'!$M$3:$M$2001<40)*'DATA INPUT'!$L$3:$L$2001),0)} -> -0.17593623 | AH15: {=IFERROR(SUMPRODUCT(('DATA INPUT'!$L$3:$L$2001=$A15)*('DATA INPUT'!$M$3:$M$2001>=40)*('DATA INPUT'!$M$3:$M$2001<50)*'DATA INPUT'!$U$3:$U$2001)/SUMPRODUCT(('DATA INPUT'!$L$3:$L$2001=$A15)*('DATA INPUT'!$M$3:$M$2001>=40)*('DATA INPUT'!$M$3:$M$2001<50)*'DATA INPUT'!$L$3:$L$2001),0)} -> 3.6251826 | AI15: {=IFERROR(SUMPRODUCT(('DATA INPUT'!$L$3:$L$2001=$A15)*('DATA INPUT'!$M$3:$M$2001>=50)*'DATA INPUT'!$U$3:$U$2001)/SUMPRODUCT(('DATA INPUT'!$L$3:$L$2001=$A15)*('DATA INPUT'!$M$3:$M$2001>=50)*'DATA INPUT'!$L$3:$L$2001),0)} -> 0
A17: Grand Total | B17: =SUM(B14:B15) -> 950.5 | C17: =SUM(C14:C15) -> 1013.934 | D17: =SUM(D14:D15) -> 63.434 | E17: =IFERROR(D17/B17,0) -> 0.066737507 | G17: =SUM(G14:G15) -> -1 | H17: =SUM(H14:H15) -> -2.819 | I17: =SUM(I14:I15) -> 5.302 | J17: =SUM(J14:J15) -> -6.7856 | K17: =SUM(K14:K15) -> -19.8954 | L17: =SUM(L14:L15) -> -4.1314 | M17: =SUM(M14:M15) -> -20.9868 | N17: =SUM(N14:N15) -> -0.7468 | ... T17: =SUM(T14:T15) -> 0 | V17: {=IFERROR(SUMPRODUCT(('DATA INPUT'!$M$3:$M$2001>=1)*('DATA INPUT'!$M$3:$M$2001<2)*'DATA INPUT'!$U$3:$U$2001)/SUMPRODUCT(('DATA INPUT'!$M$3:$M$2001>=1)*('DATA INPUT'!$M$3:$M$2001<2)*'DATA INPUT'!$L$3:$L$2001),0)} -> -1 | W17: {=IFERROR(SUMPRODUCT(('DATA INPUT'!$M$3:$M$2001>=2)*('DATA INPUT'!$M$3:$M$2001<3)*'DATA INPUT'!$U$3:$U$2001)/SUMPRODUCT(('DATA INPUT'!$M$3:$M$2001>=2)*('DATA INPUT'!$M$3:$M$2001<3)*'DATA INPUT'!$L$3:$L$2001),0)} -> -0.2819 | X17: {=IFERROR(SUMPRODUCT(('DATA INPUT'!$M$3:$M$2001>=3)*('DATA INPUT'!$M$3:$M$2001<4)*'DATA INPUT'!$U$3:$U$2001)/SUMPRODUCT(('DATA INPUT'!$M$3:$M$2001>=3)*('DATA INPUT'!$M$3:$M$2001<4)*'DATA INPUT'!$L$3:$L$2001),0)} -> 0.25863415 | Y17: {=IFERROR(SUMPRODUCT(('DATA INPUT'!$M$3:$M$2001>=4)*('DATA INPUT'!$M$3:$M$2001<5)*'DATA INPUT'!$U$3:$U$2001)/SUMPRODUCT(('DATA INPUT'!$M$3:$M$2001>=4)*('DATA INPUT'!$M$3:$M$2001<5)*'DATA INPUT'!$L$3:$L$2001),0)} -> -0.18700921 | Z17: {=IFERROR(SUMPRODUCT(('DATA INPUT'!$M$3:$M$2001>=5)*('DATA INPUT'!$M$3:$M$2001<6)*'DATA INPUT'!$U$3:$U$2001)/SUMPRODUCT(('DATA INPUT'!$M$3:$M$2001>=5)*('DATA INPUT'!$M$3:$M$2001<6)*'DATA INPUT'!$L$3:$L$2001),0)} -> -0.63319394 | AA17: {=IFERROR(SUMPRODUCT(('DATA INPUT'!$M$3:$M$2001>=6)*('DATA INPUT'!$M$3:$M$2001<7)*'DATA INPUT'!$U$3:$U$2001)/SUMPRODUCT(('DATA INPUT'!$M$3:$M$2001>=6)*('DATA INPUT'!$M$3:$M$2001<7)*'DATA INPUT'!$L$3:$L$2001),0)} -> -0.1429426 | AB17: {=IFERROR(SUMPRODUCT(('DATA INPUT'!$M$3:$M$2001>=7)*('DATA INPUT'!$M$3:$M$2001<8)*'DATA INPUT'!$U$3:$U$2001)/SUMPRODUCT(('DATA INPUT'!$M$3:$M$2001>=7)*('DATA INPUT'!$M$3:$M$2001<8)*'DATA INPUT'!$L$3:$L$2001),0)} -> -0.54967 | AC17: {=IFERROR(SUMPRODUCT(('DATA INPUT'!$M$3:$M$2001>=8)*('DATA INPUT'!$M$3:$M$2001<9)*'DATA INPUT'!$U$3:$U$2001)/SUMPRODUCT(('DATA INPUT'!$M$3:$M$2001>=8)*('DATA INPUT'!$M$3:$M$2001<9)*'DATA INPUT'!$L$3:$L$2001),0)} -> 0.00077824268 | AD17: {=IFERROR(SUMPRODUCT(('DATA INPUT'!$M$3:$M$2001>=9)*('DATA INPUT'!$M$3:$M$2001<10)*'DATA INPUT'!$U$3:$U$2001)/SUMPRODUCT(('DATA INPUT'!$M$3:$M$2001>=9)*('DATA INPUT'!$M$3:$M$2001<10)*'DATA INPUT'!$L$3:$L$2001),0)} -> 0.10682828 | AE17: {=IFERROR(SUMPRODUCT(('DATA INPUT'!$M$3:$M$2001>=10)*('DATA INPUT'!$M$3:$M$2001<20)*'DATA INPUT'!$U$3:$U$2001)/SUMPRODUCT(('DATA INPUT'!$M$3:$M$2001>=10)*('DATA INPUT'!$M$3:$M$2001<20)*'DATA INPUT'!$L$3:$L$2001),0)} -> 0.28198886 | AF17: {=IFERROR(SUMPRODUCT(('DATA INPUT'!$M$3:$M$2001>=20)*('DATA INPUT'!$M$3:$M$2001<30)*'DATA INPUT'!$U$3:$U$2001)/SUMPRODUCT(('DATA INPUT'!$M$3:$M$2001>=20)*('DATA INPUT'!$M$3:$M$2001<30)*'DATA INPUT'!$L$3:$L$2001),0)} -> -0.16365378 | AG17: {=IFERROR(SUMPRODUCT(('DATA INPUT'!$M$3:$M$2001>=30)*('DATA INPUT'!$M$3:$M$2001<40)*'DATA INPUT'!$U$3:$U$2001)/SUMPRODUCT(('DATA INPUT'!$M$3:$M$2001>=30)*('DATA INPUT'!$M$3:$M$2001<40)*'DATA INPUT'!$L$3:$L$2001),0)} -> -0.43979901 | AH17: {=IFERROR(SUMPRODUCT(('DATA INPUT'!$M$3:$M$2001>=40)*('DATA INPUT'!$M$3:$M$2001<50)*'DATA INPUT'!$U$3:$U$2001)/SUMPRODUCT(('DATA INPUT'!$M$3:$M$2001>=40)*('DATA INPUT'!$M$3:$M$2001<50)*'DATA INPUT'!$L$3:$L$2001),0)} -> 2.5459733 | AI17: {=IFERROR(SUMPRODUCT(('DATA INPUT'!$M$3:$M$2001>=50)*'DATA INPUT'!$U$3:$U$2001)/SUMPRODUCT(('DATA INPUT'!$M$3:$M$2001>=50)*'DATA INPUT'!$L$3:$L$2001),0)} -> 0
A19: Units | B19: Units Invested | C19: Units Collected (Net) | D19: Profit (Net) | E19: POT% | F19: BFSP | G19: 1-1.99 | H19: 2-2.99 | I19: 3-3.99 | J19: 4-4.99 | K19: 5-5.99 | L19: 6-6.99 | M19: 7-7.99 | N19: 8-8.99 | O19: 9-9.99 | P19: 10-19.99 | Q19: 20-29.99 | R19: 30-39.99 | S19: 40-49.99 | T19: 50+ | U19: BFSP POT% | V19: 1-1.99 | W19: 2-2.99 | X19: 3-3.99 | Y19: 4-4.99 | Z19: 5-5.99 | AA19: 6-6.99 | AB19: 7-7.99 | AC19: 8-8.99 | AD19: 9-9.99 | AE19: 10-19.99 | AF19: 20-29.99 | AG19: 30-39.99 | AH19: 40-49.99 | AI19: 50+
A21: 0.5 | B21: {=SUMPRODUCT(('DATA INPUT'!$L$3:$L$2001=$A21)*'DATA INPUT'!$L$3:$L$2001)} -> 394.5 | C21: =B21+D21 -> 328.1504 | D21: {=SUMPRODUCT(('DATA INPUT'!$L$3:$L$2001=$A21)*'DATA INPUT'!$U$3:$U$2001)} -> -66.3496 | E21: =IFERROR(D21/B21,0) -> -0.16818657 | G21: {=SUMPRODUCT(('DATA INPUT'!$L$3:$L$2001=$A21)*('DATA INPUT'!$N$3:$N$2001>=1)*('DATA INPUT'!$N$3:$N$2001<2)*'DATA INPUT'!$U$3:$U$2001)} -> 0 | H21: {=SUMPRODUCT(('DATA INPUT'!$L$3:$L$2001=$A21)*('DATA INPUT'!$N$3:$N$2001>=2)*('DATA INPUT'!$N$3:$N$2001<3)*'DATA INPUT'!$U$3:$U$2001)} -> -0.819 | I21: {=SUMPRODUCT(('DATA INPUT'!$L$3:$L$2001=$A21)*('DATA INPUT'!$N$3:$N$2001>=3)*('DATA INPUT'!$N$3:$N$2001<4)*'DATA INPUT'!$U$3:$U$2001)} -> -7.3176 | J21: {=SUMPRODUCT(('DATA INPUT'!$L$3:$L$2001=$A21)*('DATA INPUT'!$N$3:$N$2001>=4)*('DATA INPUT'!$N$3:$N$2001<5)*'DATA INPUT'!$U$3:$U$2001)} -> 9.2626 | K21: {=SUMPRODUCT(('DATA INPUT'!$L$3:$L$2001=$A21)*('DATA INPUT'!$N$3:$N$2001>=5)*('DATA INPUT'!$N$3:$N$2001<6)*'DATA INPUT'!$U$3:$U$2001)} -> -12.0374 | L21: {=SUMPRODUCT(('DATA INPUT'!$L$3:$L$2001=$A21)*('DATA INPUT'!$N$3:$N$2001>=6)*('DATA INPUT'!$N$3:$N$2001<7)*'DATA INPUT'!$U$3:$U$2001)} -> -4.2166 | M21: {=SUMPRODUCT(('DATA INPUT'!$L$3:$L$2001=$A21)*('DATA INPUT'!$N$3:$N$2001>=7)*('DATA INPUT'!$N$3:$N$2001<8)*'DATA INPUT'!$U$3:$U$2001)} -> -11.6644 | N21: {=SUMPRODUCT(('DATA INPUT'!$L$3:$L$2001=$A21)*('DATA INPUT'!$N$3:$N$2001>=8)*('DATA INPUT'!$N$3:$N$2001<9)*'DATA INPUT'!$U$3:$U$2001)} -> -3.7854 | O21: {=SUMPRODUCT(('DATA INPUT'!$L$3:$L$2001=$A21)*('DATA INPUT'!$N$3:$N$2001>=9)*('DATA INPUT'!$N$3:$N$2001<10)*'DATA INPUT'!$U$3:$U$2001)} -> -5.252 | P21: {=SUMPRODUCT(('DATA INPUT'!$L$3:$L$2001=$A21)*('DATA INPUT'!$N$3:$N$2001>=10)*('DATA INPUT'!$N$3:$N$2001<20)*'DATA INPUT'!$U$3:$U$2001)} -> -9.656 | Q21: {=SUMPRODUCT(('DATA INPUT'!$L$3:$L$2001=$A21)*('DATA INPUT'!$N$3:$N$2001>=20)*('DATA INPUT'!$N$3:$N$2001<30)*'DATA INPUT'!$U$3:$U$2001)} -> 29.2654 | R21: {=SUMPRODUCT(('DATA INPUT'!$L$3:$L$2001=$A21)*('DATA INPUT'!$N$3:$N$2001>=30)*('DATA INPUT'!$N$3:$N$2001<40)*'DATA INPUT'!$U$3:$U$2001)} -> -17.1292 | S21: {=SUMPRODUCT(('DATA INPUT'!$L$3:$L$2001=$A21)*('DATA INPUT'!$N$3:$N$2001>=40)*('DATA INPUT'!$N$3:$N$2001<50)*'DATA INPUT'!$U$3:$U$2001)} -> -18.5 | T21: {=SUMPRODUCT(('DATA INPUT'!$L$3:$L$2001=$A21)*('DATA INPUT'!$N$3:$N$2001>=50)*'DATA INPUT'!$U$3:$U$2001)} -> -14.5 | V21: {=IFERROR(SUMPRODUCT(('DATA INPUT'!$L$3:$L$2001=$A21)*('DATA INPUT'!$N$3:$N$2001>=1)*('DATA INPUT'!$N$3:$N$2001<2)*'DATA INPUT'!$U$3:$U$2001)/SUMPRODUCT(('DATA INPUT'!$L$3:$L$2001=$A21)*('DATA INPUT'!$N$3:$N$2001>=1)*('DATA INPUT'!$N$3:$N$2001<2)*'DATA INPUT'!$L$3:$L$2001),0)} -> 0 | W21: {=IFERROR(SUMPRODUCT(('DATA INPUT'!$L$3:$L$2001=$A21)*('DATA INPUT'!$N$3:$N$2001>=2)*('DATA INPUT'!$N$3:$N$2001<3)*'DATA INPUT'!$U$3:$U$2001)/SUMPRODUCT(('DATA INPUT'!$L$3:$L$2001=$A21)*('DATA INPUT'!$N$3:$N$2001>=2)*('DATA INPUT'!$N$3:$N$2001<3)*'DATA INPUT'!$L$3:$L$2001),0)} -> -0.102375 | X21: {=IFERROR(SUMPRODUCT(('DATA INPUT'!$L$3:$L$2001=$A21)*('DATA INPUT'!$N$3:$N$2001>=3)*('DATA INPUT'!$N$3:$N$2001<4)*'DATA INPUT'!$U$3:$U$2001)/SUMPRODUCT(('DATA INPUT'!$L$3:$L$2001=$A21)*('DATA INPUT'!$N$3:$N$2001>=3)*('DATA INPUT'!$N$3:$N$2001<4)*'DATA INPUT'!$L$3:$L$2001),0)} -> -0.69691429 | Y21: {=IFERROR(SUMPRODUCT(('DATA INPUT'!$L$3:$L$2001=$A21)*('DATA INPUT'!$N$3:$N$2001>=4)*('DATA INPUT'!$N$3:$N$2001<5)*'DATA INPUT'!$U$3:$U$2001)/SUMPRODUCT(('DATA INPUT'!$L$3:$L$2001=$A21)*('DATA INPUT'!$N$3:$N$2001>=4)*('DATA INPUT'!$N$3:$N$2001<5)*'DATA INPUT'!$L$3:$L$2001),0)} -> 0.37806531 | Z21: {=IFERROR(SUMPRODUCT(('DATA INPUT'!$L$3:$L$2001=$A21)*('DATA INPUT'!$N$3:$N$2001>=5)*('DATA INPUT'!$N$3:$N$2001<6)*'DATA INPUT'!$U$3:$U$2001)/SUMPRODUCT(('DATA INPUT'!$L$3:$L$2001=$A21)*('DATA INPUT'!$N$3:$N$2001>=5)*('DATA INPUT'!$N$3:$N$2001<6)*'DATA INPUT'!$L$3:$L$2001),0)} -> -0.40804746 | AA21: {=IFERROR(SUMPRODUCT(('DATA INPUT'!$L$3:$L$2001=$A21)*('DATA INPUT'!$N$3:$N$2001>=6)*('DATA INPUT'!$N$3:$N$2001<7)*'DATA INPUT'!$U$3:$U$2001)/SUMPRODUCT(('DATA INPUT'!$L$3:$L$2001=$A21)*('DATA INPUT'!$N$3:$N$2001>=6)*('DATA INPUT'!$N$3:$N$2001<7)*'DATA INPUT'!$L$3:$L$2001),0)} -> -0.23425556 | AB21: {=IFERROR(SUMPRODUCT(('DATA INPUT'!$L$3:$L$2001=$A21)*('DATA INPUT'!$N$3:$N$2001>=7)*('DATA INPUT'!$N$3:$N$2001<8)*'DATA INPUT'!$U$3:$U$2001)/SUMPRODUCT(('DATA INPUT'!$L$3:$L$2001=$A21)*('DATA INPUT'!$N$3:$N$2001>=7)*('DATA INPUT'!$N$3:$N$2001<8)*'DATA INPUT'!$L$3:$L$2001),0)} -> -0.51841778 | AC21: {=IFERROR(SUMPRODUCT(('DATA INPUT'!$L$3:$L$2001=$A21)*('DATA INPUT'!$N$3:$N$2001>=8)*('DATA INPUT'!$N$3:$N$2001<9)*'DATA INPUT'!$U$3:$U$2001)/SUMPRODUCT(('DATA INPUT'!$L$3:$L$2001=$A21)*('DATA INPUT'!$N$3:$N$2001>=8)*('DATA INPUT'!$N$3:$N$2001<9)*'DATA INPUT'!$L$3:$L$2001),0)} -> -0.2365875 | AD21: {=IFERROR(SUMPRODUCT(('DATA INPUT'!$L$3:$L$2001=$A21)*('DATA INPUT'!$N$3:$N$2001>=9)*('DATA INPUT'!$N$3:$N$2001<10)*'DATA INPUT'!$U$3:$U$2001)/SUMPRODUCT(('DATA INPUT'!$L$3:$L$2001=$A21)*('DATA INPUT'!$N$3:$N$2001>=9)*('DATA INPUT'!$N$3:$N$2001<10)*'DATA INPUT'!$L$3:$L$2001),0)} -> -0.3622069 | AE21: {=IFERROR(SUMPRODUCT(('DATA INPUT'!$L$3:$L$2001=$A21)*('DATA INPUT'!$N$3:$N$2001>=10)*('DATA INPUT'!$N$3:$N$2001<20)*'DATA INPUT'!$U$3:$U$2001)/SUMPRODUCT(('DATA INPUT'!$L$3:$L$2001=$A21)*('DATA INPUT'!$N$3:$N$2001>=10)*('DATA INPUT'!$N$3:$N$2001<20)*'DATA INPUT'!$L$3:$L$2001),0)} -> -0.088587156 | AF21: {=IFERROR(SUMPRODUCT(('DATA INPUT'!$L$3:$L$2001=$A21)*('DATA INPUT'!$N$3:$N$2001>=20)*('DATA INPUT'!$N$3:$N$2001<30)*'DATA INPUT'!$U$3:$U$2001)/SUMPRODUCT(('DATA INPUT'!$L$3:$L$2001=$A21)*('DATA INPUT'!$N$3:$N$2001>=20)*('DATA INPUT'!$N$3:$N$2001<30)*'DATA INPUT'!$L$3:$L$2001),0)} -> 0.46453016 | AG21: {=IFERROR(SUMPRODUCT(('DATA INPUT'!$L$3:$L$2001=$A21)*('DATA INPUT'!$N$3:$N$2001>=30)*('DATA INPUT'!$N$3:$N$2001<40)*'DATA INPUT'!$U$3:$U$2001)/SUMPRODUCT(('DATA INPUT'!$L$3:$L$2001=$A21)*('DATA INPUT'!$N$3:$N$2001>=30)*('DATA INPUT'!$N$3:$N$2001<40)*'DATA INPUT'!$L$3:$L$2001),0)} -> -0.37237391 | AH21: {=IFERROR(SUMPRODUCT(('DATA INPUT'!$L$3:$L$2001=$A21)*('DATA INPUT'!$N$3:$N$2001>=40)*('DATA INPUT'!$N$3:$N$2001<50)*'DATA INPUT'!$U$3:$U$2001)/SUMPRODUCT(('DATA INPUT'!$L$3:$L$2001=$A21)*('DATA INPUT'!$N$3:$N$2001>=40)*('DATA INPUT'!$N$3:$N$2001<50)*'DATA INPUT'!$L$3:$L$2001),0)} -> -1 | AI21: {=IFERROR(SUMPRODUCT(('DATA INPUT'!$L$3:$L$2001=$A21)*('DATA INPUT'!$N$3:$N$2001>=50)*'DATA INPUT'!$U$3:$U$2001)/SUMPRODUCT(('DATA INPUT'!$L$3:$L$2001=$A21)*('DATA INPUT'!$N$3:$N$2001>=50)*'DATA INPUT'!$L$3:$L$2001),0)} -> -1
A22: 1 | B22: {=SUMPRODUCT(('DATA INPUT'!$L$3:$L$2001=$A22)*'DATA INPUT'!$L$3:$L$2001)} -> 556 | C22: =B22+D22 -> 685.7836 | D22: {=SUMPRODUCT(('DATA INPUT'!$L$3:$L$2001=$A22)*'DATA INPUT'!$U$3:$U$2001)} -> 129.7836 | E22: =IFERROR(D22/B22,0) -> 0.23342374 | G22: {=SUMPRODUCT(('DATA INPUT'!$L$3:$L$2001=$A22)*('DATA INPUT'!$N$3:$N$2001>=1)*('DATA INPUT'!$N$3:$N$2001<2)*'DATA INPUT'!$U$3:$U$2001)} -> 0 | H22: {=SUMPRODUCT(('DATA INPUT'!$L$3:$L$2001=$A22)*('DATA INPUT'!$N$3:$N$2001>=2)*('DATA INPUT'!$N$3:$N$2001<3)*'DATA INPUT'!$U$3:$U$2001)} -> 0 | I22: {=SUMPRODUCT(('DATA INPUT'!$L$3:$L$2001=$A22)*('DATA INPUT'!$N$3:$N$2001>=3)*('DATA INPUT'!$N$3:$N$2001<4)*'DATA INPUT'!$U$3:$U$2001)} -> 0 | J22: {=SUMPRODUCT(('DATA INPUT'!$L$3:$L$2001=$A22)*('DATA INPUT'!$N$3:$N$2001>=4)*('DATA INPUT'!$N$3:$N$2001<5)*'DATA INPUT'!$U$3:$U$2001)} -> 0 | K22: {=SUMPRODUCT(('DATA INPUT'!$L$3:$L$2001=$A22)*('DATA INPUT'!$N$3:$N$2001>=5)*('DATA INPUT'!$N$3:$N$2001<6)*'DATA INPUT'!$U$3:$U$2001)} -> 0 | L22: {=SUMPRODUCT(('DATA INPUT'!$L$3:$L$2001=$A22)*('DATA INPUT'!$N$3:$N$2001>=6)*('DATA INPUT'!$N$3:$N$2001<7)*'DATA INPUT'!$U$3:$U$2001)} -> 0 | M22: {=SUMPRODUCT(('DATA INPUT'!$L$3:$L$2001=$A22)*('DATA INPUT'!$N$3:$N$2001>=7)*('DATA INPUT'!$N$3:$N$2001<8)*'DATA INPUT'!$U$3:$U$2001)} -> 4.2896 | N22: {=SUMPRODUCT(('DATA INPUT'!$L$3:$L$2001=$A22)*('DATA INPUT'!$N$3:$N$2001>=8)*('DATA INPUT'!$N$3:$N$2001<9)*'DATA INPUT'!$U$3:$U$2001)} -> -4.832 | O22: {=SUMPRODUCT(('DATA INPUT'!$L$3:$L$2001=$A22)*('DATA INPUT'!$N$3:$N$2001>=9)*('DATA INPUT'!$N$3:$N$2001<10)*'DATA INPUT'!$U$3:$U$2001)} -> 3.528 | P22: {=SUMPRODUCT(('DATA INPUT'!$L$3:$L$2001=$A22)*('DATA INPUT'!$N$3:$N$2001>=10)*('DATA INPUT'!$N$3:$N$2001<20)*'DATA INPUT'!$U$3:$U$2001)} -> 17.7668 | Q22: {=SUMPRODUCT(('DATA INPUT'!$L$3:$L$2001=$A22)*('DATA INPUT'!$N$3:$N$2001>=20)*('DATA INPUT'!$N$3:$N$2001<30)*'DATA INPUT'!$U$3:$U$2001)} -> 52.2768 | R22: {=SUMPRODUCT(('DATA INPUT'!$L$3:$L$2001=$A22)*('DATA INPUT'!$N$3:$N$2001>=30)*('DATA INPUT'!$N$3:$N$2001<40)*'DATA INPUT'!$U$3:$U$2001)} -> -48.2152 | S22: {=SUMPRODUCT(('DATA INPUT'!$L$3:$L$2001=$A22)*('DATA INPUT'!$N$3:$N$2001>=40)*('DATA INPUT'!$N$3:$N$2001<50)*'DATA INPUT'!$U$3:$U$2001)} -> -4.27 | T22: {=SUMPRODUCT(('DATA INPUT'!$L$3:$L$2001=$A22)*('DATA INPUT'!$N$3:$N$2001>=50)*'DATA INPUT'!$U$3:$U$2001)} -> 109.2396 | V22: {=IFERROR(SUMPRODUCT(('DATA INPUT'!$L$3:$L$2001=$A22)*('DATA INPUT'!$N$3:$N$2001>=1)*('DATA INPUT'!$N$3:$N$2001<2)*'DATA INPUT'!$U$3:$U$2001)/SUMPRODUCT(('DATA INPUT'!$L$3:$L$2001=$A22)*('DATA INPUT'!$N$3:$N$2001>=1)*('DATA INPUT'!$N$3:$N$2001<2)*'DATA INPUT'!$L$3:$L$2001),0)} -> 0 | W22: {=IFERROR(SUMPRODUCT(('DATA INPUT'!$L$3:$L$2001=$A22)*('DATA INPUT'!$N$3:$N$2001>=2)*('DATA INPUT'!$N$3:$N$2001<3)*'DATA INPUT'!$U$3:$U$2001)/SUMPRODUCT(('DATA INPUT'!$L$3:$L$2001=$A22)*('DATA INPUT'!$N$3:$N$2001>=2)*('DATA INPUT'!$N$3:$N$2001<3)*'DATA INPUT'!$L$3:$L$2001),0)} -> 0 | X22: {=IFERROR(SUMPRODUCT(('DATA INPUT'!$L$3:$L$2001=$A22)*('DATA INPUT'!$N$3:$N$2001>=3)*('DATA INPUT'!$N$3:$N$2001<4)*'DATA INPUT'!$U$3:$U$2001)/SUMPRODUCT(('DATA INPUT'!$L$3:$L$2001=$A22)*('DATA INPUT'!$N$3:$N$2001>=3)*('DATA INPUT'!$N$3:$N$2001<4)*'DATA INPUT'!$L$3:$L$2001),0)} -> 0 | Y22: {=IFERROR(SUMPRODUCT(('DATA INPUT'!$L$3:$L$2001=$A22)*('DATA INPUT'!$N$3:$N$2001>=4)*('DATA INPUT'!$N$3:$N$2001<5)*'DATA INPUT'!$U$3:$U$2001)/SUMPRODUCT(('DATA INPUT'!$L$3:$L$2001=$A22)*('DATA INPUT'!$N$3:$N$2001>=4)*('DATA INPUT'!$N$3:$N$2001<5)*'DATA INPUT'!$L$3:$L$2001),0)} -> 0 | Z22: {=IFERROR(SUMPRODUCT(('DATA INPUT'!$L$3:$L$2001=$A22)*('DATA INPUT'!$N$3:$N$2001>=5)*('DATA INPUT'!$N$3:$N$2001<6)*'DATA INPUT'!$U$3:$U$2001)/SUMPRODUCT(('DATA INPUT'!$L$3:$L$2001=$A22)*('DATA INPUT'!$N$3:$N$2001>=5)*('DATA INPUT'!$N$3:$N$2001<6)*'DATA INPUT'!$L$3:$L$2001),0)} -> 0 | AA22: {=IFERROR(SUMPRODUCT(('DATA INPUT'!$L$3:$L$2001=$A22)*('DATA INPUT'!$N$3:$N$2001>=6)*('DATA INPUT'!$N$3:$N$2001<7)*'DATA INPUT'!$U$3:$U$2001)/SUMPRODUCT(('DATA INPUT'!$L$3:$L$2001=$A22)*('DATA INPUT'!$N$3:$N$2001>=6)*('DATA INPUT'!$N$3:$N$2001<7)*'DATA INPUT'!$L$3:$L$2001),0)} -> 0 | AB22: {=IFERROR(SUMPRODUCT(('DATA INPUT'!$L$3:$L$2001=$A22)*('DATA INPUT'!$N$3:$N$2001>=7)*('DATA INPUT'!$N$3:$N$2001<8)*'DATA INPUT'!$U$3:$U$2001)/SUMPRODUCT(('DATA INPUT'!$L$3:$L$2001=$A22)*('DATA INPUT'!$N$3:$N$2001>=7)*('DATA INPUT'!$N$3:$N$2001<8)*'DATA INPUT'!$L$3:$L$2001),0)} -> 0.42896 | AC22: {=IFERROR(SUMPRODUCT(('DATA INPUT'!$L$3:$L$2001=$A22)*('DATA INPUT'!$N$3:$N$2001>=8)*('DATA INPUT'!$N$3:$N$2001<9)*'DATA INPUT'!$U$3:$U$2001)/SUMPRODUCT(('DATA INPUT'!$L$3:$L$2001=$A22)*('DATA INPUT'!$N$3:$N$2001>=8)*('DATA INPUT'!$N$3:$N$2001<9)*'DATA INPUT'!$L$3:$L$2001),0)} -> -0.37169231 | AD22: {=IFERROR(SUMPRODUCT(('DATA INPUT'!$L$3:$L$2001=$A22)*('DATA INPUT'!$N$3:$N$2001>=9)*('DATA INPUT'!$N$3:$N$2001<10)*'DATA INPUT'!$U$3:$U$2001)/SUMPRODUCT(('DATA INPUT'!$L$3:$L$2001=$A22)*('DATA INPUT'!$N$3:$N$2001>=9)*('DATA INPUT'!$N$3:$N$2001<10)*'DATA INPUT'!$L$3:$L$2001),0)} -> 0.252 | AE22: {=IFERROR(SUMPRODUCT(('DATA INPUT'!$L$3:$L$2001=$A22)*('DATA INPUT'!$N$3:$N$2001>=10)*('DATA INPUT'!$N$3:$N$2001<20)*'DATA INPUT'!$U$3:$U$2001)/SUMPRODUCT(('DATA INPUT'!$L$3:$L$2001=$A22)*('DATA INPUT'!$N$3:$N$2001>=10)*('DATA INPUT'!$N$3:$N$2001<20)*'DATA INPUT'!$L$3:$L$2001),0)} -> 0.081126941 | AF22: {=IFERROR(SUMPRODUCT(('DATA INPUT'!$L$3:$L$2001=$A22)*('DATA INPUT'!$N$3:$N$2001>=20)*('DATA INPUT'!$N$3:$N$2001<30)*'DATA INPUT'!$U$3:$U$2001)/SUMPRODUCT(('DATA INPUT'!$L$3:$L$2001=$A22)*('DATA INPUT'!$N$3:$N$2001>=20)*('DATA INPUT'!$N$3:$N$2001<30)*'DATA INPUT'!$L$3:$L$2001),0)} -> 0.4182144 | AG22: {=IFERROR(SUMPRODUCT(('DATA INPUT'!$L$3:$L$2001=$A22)*('DATA INPUT'!$N$3:$N$2001>=30)*('DATA INPUT'!$N$3:$N$2001<40)*'DATA INPUT'!$U$3:$U$2001)/SUMPRODUCT(('DATA INPUT'!$L$3:$L$2001=$A22)*('DATA INPUT'!$N$3:$N$2001>=30)*('DATA INPUT'!$N$3:$N$2001<40)*'DATA INPUT'!$L$3:$L$2001),0)} -> -0.61814359 | AH22: {=IFERROR(SUMPRODUCT(('DATA INPUT'!$L$3:$L$2001=$A22)*('DATA INPUT'!$N$3:$N$2001>=40)*('DATA INPUT'!$N$3:$N$2001<50)*'DATA INPUT'!$U$3:$U$2001)/SUMPRODUCT(('DATA INPUT'!$L$3:$L$2001=$A22)*('DATA INPUT'!$N$3:$N$2001>=40)*('DATA INPUT'!$N$3:$N$2001<50)*'DATA INPUT'!$L$3:$L$2001),0)} -> -0.099302326 | AI22: {=IFERROR(SUMPRODUCT(('DATA INPUT'!$L$3:$L$2001=$A22)*('DATA INPUT'!$N$3:$N$2001>=50)*'DATA INPUT'!$U$3:$U$2001)/SUMPRODUCT(('DATA INPUT'!$L$3:$L$2001=$A22)*('DATA INPUT'!$N$3:$N$2001>=50)*'DATA INPUT'!$L$3:$L$2001),0)} -> 2.0229556
A24: Grand Total | B24: =SUM(B21:B22) -> 950.5 | C24: =SUM(C21:C22) -> 1013.934 | D24: =SUM(D21:D22) -> 63.434 | E24: =IFERROR(D24/B24,0) -> 0.066737507 | G24: =SUM(G21:G22) -> 0 | H24: =SUM(H21:H22) -> -0.819 | I24: =SUM(I21:I22) -> -7.3176 | J24: =SUM(J21:J22) -> 9.2626 | K24: =SUM(K21:K22) -> -12.0374 | L24: =SUM(L21:L22) -> -4.2166 | M24: =SUM(M21:M22) -> -7.3748 | N24: =SUM(N21:N22) -> -8.6174 | ... T24: =SUM(T21:T22) -> 94.7396 | V24: {=IFERROR(SUMPRODUCT(('DATA INPUT'!$N$3:$N$2001>=1)*('DATA INPUT'!$N$3:$N$2001<2)*'DATA INPUT'!$U$3:$U$2001)/SUMPRODUCT(('DATA INPUT'!$N$3:$N$2001>=1)*('DATA INPUT'!$N$3:$N$2001<2)*'DATA INPUT'!$L$3:$L$2001),0)} -> 0 | W24: {=IFERROR(SUMPRODUCT(('DATA INPUT'!$N$3:$N$2001>=2)*('DATA INPUT'!$N$3:$N$2001<3)*'DATA INPUT'!$U$3:$U$2001)/SUMPRODUCT(('DATA INPUT'!$N$3:$N$2001>=2)*('DATA INPUT'!$N$3:$N$2001<3)*'DATA INPUT'!$L$3:$L$2001),0)} -> -0.102375 | X24: {=IFERROR(SUMPRODUCT(('DATA INPUT'!$N$3:$N$2001>=3)*('DATA INPUT'!$N$3:$N$2001<4)*'DATA INPUT'!$U$3:$U$2001)/SUMPRODUCT(('DATA INPUT'!$N$3:$N$2001>=3)*('DATA INPUT'!$N$3:$N$2001<4)*'DATA INPUT'!$L$3:$L$2001),0)} -> -0.69691429 | Y24: {=IFERROR(SUMPRODUCT(('DATA INPUT'!$N$3:$N$2001>=4)*('DATA INPUT'!$N$3:$N$2001<5)*'DATA INPUT'!$U$3:$U$2001)/SUMPRODUCT(('DATA INPUT'!$N$3:$N$2001>=4)*('DATA INPUT'!$N$3:$N$2001<5)*'DATA INPUT'!$L$3:$L$2001),0)} -> 0.28486738 | Z24: {=IFERROR(SUMPRODUCT(('DATA INPUT'!$N$3:$N$2001>=5)*('DATA INPUT'!$N$3:$N$2001<6)*'DATA INPUT'!$U$3:$U$2001)/SUMPRODUCT(('DATA INPUT'!$N$3:$N$2001>=5)*('DATA INPUT'!$N$3:$N$2001<6)*'DATA INPUT'!$L$3:$L$2001),0)} -> -0.36367767 | AA24: {=IFERROR(SUMPRODUCT(('DATA INPUT'!$N$3:$N$2001>=6)*('DATA INPUT'!$N$3:$N$2001<7)*'DATA INPUT'!$U$3:$U$2001)/SUMPRODUCT(('DATA INPUT'!$N$3:$N$2001>=6)*('DATA INPUT'!$N$3:$N$2001<7)*'DATA INPUT'!$L$3:$L$2001),0)} -> -0.25895699 | AB24: {=IFERROR(SUMPRODUCT(('DATA INPUT'!$N$3:$N$2001>=7)*('DATA INPUT'!$N$3:$N$2001<8)*'DATA INPUT'!$U$3:$U$2001)/SUMPRODUCT(('DATA INPUT'!$N$3:$N$2001>=7)*('DATA INPUT'!$N$3:$N$2001<8)*'DATA INPUT'!$L$3:$L$2001),0)} -> -0.24999403 | AC24: {=IFERROR(SUMPRODUCT(('DATA INPUT'!$N$3:$N$2001>=8)*('DATA INPUT'!$N$3:$N$2001<9)*'DATA INPUT'!$U$3:$U$2001)/SUMPRODUCT(('DATA INPUT'!$N$3:$N$2001>=8)*('DATA INPUT'!$N$3:$N$2001<9)*'DATA INPUT'!$L$3:$L$2001),0)} -> -0.27262914 | AD24: {=IFERROR(SUMPRODUCT(('DATA INPUT'!$N$3:$N$2001>=9)*('DATA INPUT'!$N$3:$N$2001<10)*'DATA INPUT'!$U$3:$U$2001)/SUMPRODUCT(('DATA INPUT'!$N$3:$N$2001>=9)*('DATA INPUT'!$N$3:$N$2001<10)*'DATA INPUT'!$L$3:$L$2001),0)} -> -0.067038328 | AE24: {=IFERROR(SUMPRODUCT(('DATA INPUT'!$N$3:$N$2001>=10)*('DATA INPUT'!$N$3:$N$2001<20)*'DATA INPUT'!$U$3:$U$2001)/SUMPRODUCT(('DATA INPUT'!$N$3:$N$2001>=10)*('DATA INPUT'!$N$3:$N$2001<20)*'DATA INPUT'!$L$3:$L$2001),0)} -> 0.023479903 | AF24: {=IFERROR(SUMPRODUCT(('DATA INPUT'!$N$3:$N$2001>=20)*('DATA INPUT'!$N$3:$N$2001<30)*'DATA INPUT'!$U$3:$U$2001)/SUMPRODUCT(('DATA INPUT'!$N$3:$N$2001>=20)*('DATA INPUT'!$N$3:$N$2001<30)*'DATA INPUT'!$L$3:$L$2001),0)} -> 0.43373511 | AG24: {=IFERROR(SUMPRODUCT(('DATA INPUT'!$N$3:$N$2001>=30)*('DATA INPUT'!$N$3:$N$2001<40)*'DATA INPUT'!$U$3:$U$2001)/SUMPRODUCT(('DATA INPUT'!$N$3:$N$2001>=30)*('DATA INPUT'!$N$3:$N$2001<40)*'DATA INPUT'!$L$3:$L$2001),0)} -> -0.52697097 | AH24: {=IFERROR(SUMPRODUCT(('DATA INPUT'!$N$3:$N$2001>=40)*('DATA INPUT'!$N$3:$N$2001<50)*'DATA INPUT'!$U$3:$U$2001)/SUMPRODUCT(('DATA INPUT'!$N$3:$N$2001>=40)*('DATA INPUT'!$N$3:$N$2001<50)*'DATA INPUT'!$L$3:$L$2001),0)} -> -0.3702439 | AI24: {=IFERROR(SUMPRODUCT(('DATA INPUT'!$N$3:$N$2001>=50)*'DATA INPUT'!$U$3:$U$2001)/SUMPRODUCT(('DATA INPUT'!$N$3:$N$2001>=50)*'DATA INPUT'!$L$3:$L$2001),0)} -> 1.3830599
A26: Bet Type | B26: Units Invested | C26: Units Collected (Net) | D26: Profit (Net) | E26: POT% | F26: Rated Price | G26: 1-1.99 | H26: 2-2.99 | I26: 3-3.99 | J26: 4-4.99 | K26: 5-5.99 | L26: 6-6.99 | M26: 7-7.99 | N26: 8-8.99 | O26: 9-9.99 | P26: 10-19.99 | Q26: 20-29.99 | R26: 30-39.99 | S26: 40-49.99 | T26: 50+ | U26: Rated Price POT% | V26: 1-1.99 | W26: 2-2.99 | X26: 3-3.99 | Y26: 4-4.99 | Z26: 5-5.99 | AA26: 6-6.99 | AB26: 7-7.99 | AC26: 8-8.99 | AD26: 9-9.99 | AE26: 10-19.99 | AF26: 20-29.99 | AG26: 30-39.99 | AH26: 40-49.99 | AI26: 50+
A28: Win | B28: {=SUMPRODUCT((TRIM('DATA INPUT'!$Q$3:$Q$2001)=$A28)*'DATA INPUT'!$L$3:$L$2001)} -> 910 | C28: =B28+D28 -> 992.3214 | D28: {=SUMPRODUCT((TRIM('DATA INPUT'!$Q$3:$Q$2001)=$A28)*'DATA INPUT'!$U$3:$U$2001)} -> 82.3214 | E28: =IFERROR(D28/B28,0) -> 0.090463077 | G28: {=SUMPRODUCT((TRIM('DATA INPUT'!$Q$3:$Q$2001)=$A28)*('DATA INPUT'!$M$3:$M$2001>=1)*('DATA INPUT'!$M$3:$M$2001<2)*'DATA INPUT'!$U$3:$U$2001)} -> -1 | H28: {=SUMPRODUCT((TRIM('DATA INPUT'!$Q$3:$Q$2001)=$A28)*('DATA INPUT'!$M$3:$M$2001>=2)*('DATA INPUT'!$M$3:$M$2001<3)*'DATA INPUT'!$U$3:$U$2001)} -> -2.819 | I28: {=SUMPRODUCT((TRIM('DATA INPUT'!$Q$3:$Q$2001)=$A28)*('DATA INPUT'!$M$3:$M$2001>=3)*('DATA INPUT'!$M$3:$M$2001<4)*'DATA INPUT'!$U$3:$U$2001)} -> 4.1762 | J28: {=SUMPRODUCT((TRIM('DATA INPUT'!$Q$3:$Q$2001)=$A28)*('DATA INPUT'!$M$3:$M$2001>=4)*('DATA INPUT'!$M$3:$M$2001<5)*'DATA INPUT'!$U$3:$U$2001)} -> -7.1156 | K28: {=SUMPRODUCT((TRIM('DATA INPUT'!$Q$3:$Q$2001)=$A28)*('DATA INPUT'!$M$3:$M$2001>=5)*('DATA INPUT'!$M$3:$M$2001<6)*'DATA INPUT'!$U$3:$U$2001)} -> -16.0714 | L28: {=SUMPRODUCT((TRIM('DATA INPUT'!$Q$3:$Q$2001)=$A28)*('DATA INPUT'!$M$3:$M$2001>=6)*('DATA INPUT'!$M$3:$M$2001<7)*'DATA INPUT'!$U$3:$U$2001)} -> 1.3878 | M28: {=SUMPRODUCT((TRIM('DATA INPUT'!$Q$3:$Q$2001)=$A28)*('DATA INPUT'!$M$3:$M$2001>=7)*('DATA INPUT'!$M$3:$M$2001<8)*'DATA INPUT'!$U$3:$U$2001)} -> -15.9868 | N28: {=SUMPRODUCT((TRIM('DATA INPUT'!$Q$3:$Q$2001)=$A28)*('DATA INPUT'!$M$3:$M$2001>=8)*('DATA INPUT'!$M$3:$M$2001<9)*'DATA INPUT'!$U$3:$U$2001)} -> 3.2532 | O28: {=SUMPRODUCT((TRIM('DATA INPUT'!$Q$3:$Q$2001)=$A28)*('DATA INPUT'!$M$3:$M$2001>=9)*('DATA INPUT'!$M$3:$M$2001<10)*'DATA INPUT'!$U$3:$U$2001)} -> 6.788 | P28: {=SUMPRODUCT((TRIM('DATA INPUT'!$Q$3:$Q$2001)=$A28)*('DATA INPUT'!$M$3:$M$2001>=10)*('DATA INPUT'!$M$3:$M$2001<20)*'DATA INPUT'!$U$3:$U$2001)} -> 107.1816 | Q28: {=SUMPRODUCT((TRIM('DATA INPUT'!$Q$3:$Q$2001)=$A28)*('DATA INPUT'!$M$3:$M$2001>=20)*('DATA INPUT'!$M$3:$M$2001<30)*'DATA INPUT'!$U$3:$U$2001)} -> -29.2122 | R28: {=SUMPRODUCT((TRIM('DATA INPUT'!$Q$3:$Q$2001)=$A28)*('DATA INPUT'!$M$3:$M$2001>=30)*('DATA INPUT'!$M$3:$M$2001<40)*'DATA INPUT'!$U$3:$U$2001)} -> -44.6396 | S28: {=SUMPRODUCT((TRIM('DATA INPUT'!$Q$3:$Q$2001)=$A28)*('DATA INPUT'!$M$3:$M$2001>=40)*('DATA INPUT'!$M$3:$M$2001<50)*'DATA INPUT'!$U$3:$U$2001)} -> 76.3792 | T28: {=SUMPRODUCT((TRIM('DATA INPUT'!$Q$3:$Q$2001)=$A28)*('DATA INPUT'!$M$3:$M$2001>=50)*'DATA INPUT'!$U$3:$U$2001)} -> 0 | V28: {=IFERROR(SUMPRODUCT((TRIM('DATA INPUT'!$Q$3:$Q$2001)=$A28)*('DATA INPUT'!$M$3:$M$2001>=1)*('DATA INPUT'!$M$3:$M$2001<2)*'DATA INPUT'!$U$3:$U$2001)/SUMPRODUCT((TRIM('DATA INPUT'!$Q$3:$Q$2001)=$A28)*('DATA INPUT'!$M$3:$M$2001>=1)*('DATA INPUT'!$M$3:$M$2001<2)*'DATA INPUT'!$L$3:$L$2001),0)} -> -1 | W28: {=IFERROR(SUMPRODUCT((TRIM('DATA INPUT'!$Q$3:$Q$2001)=$A28)*('DATA INPUT'!$M$3:$M$2001>=2)*('DATA INPUT'!$M$3:$M$2001<3)*'DATA INPUT'!$U$3:$U$2001)/SUMPRODUCT((TRIM('DATA INPUT'!$Q$3:$Q$2001)=$A28)*('DATA INPUT'!$M$3:$M$2001>=2)*('DATA INPUT'!$M$3:$M$2001<3)*'DATA INPUT'!$L$3:$L$2001),0)} -> -0.2819 | X28: {=IFERROR(SUMPRODUCT((TRIM('DATA INPUT'!$Q$3:$Q$2001)=$A28)*('DATA INPUT'!$M$3:$M$2001>=3)*('DATA INPUT'!$M$3:$M$2001<4)*'DATA INPUT'!$U$3:$U$2001)/SUMPRODUCT((TRIM('DATA INPUT'!$Q$3:$Q$2001)=$A28)*('DATA INPUT'!$M$3:$M$2001>=3)*('DATA INPUT'!$M$3:$M$2001<4)*'DATA INPUT'!$L$3:$L$2001),0)} -> 0.23201111 | Y28: {=IFERROR(SUMPRODUCT((TRIM('DATA INPUT'!$Q$3:$Q$2001)=$A28)*('DATA INPUT'!$M$3:$M$2001>=4)*('DATA INPUT'!$M$3:$M$2001<5)*'DATA INPUT'!$U$3:$U$2001)/SUMPRODUCT((TRIM('DATA INPUT'!$Q$3:$Q$2001)=$A28)*('DATA INPUT'!$M$3:$M$2001>=4)*('DATA INPUT'!$M$3:$M$2001<5)*'DATA INPUT'!$L$3:$L$2001),0)} -> -0.34710244 | Z28: {=IFERROR(SUMPRODUCT((TRIM('DATA INPUT'!$Q$3:$Q$2001)=$A28)*('DATA INPUT'!$M$3:$M$2001>=5)*('DATA INPUT'!$M$3:$M$2001<6)*'DATA INPUT'!$U$3:$U$2001)/SUMPRODUCT((TRIM('DATA INPUT'!$Q$3:$Q$2001)=$A28)*('DATA INPUT'!$M$3:$M$2001>=5)*('DATA INPUT'!$M$3:$M$2001<6)*'DATA INPUT'!$L$3:$L$2001),0)} -> -0.65597551 | AA28: {=IFERROR(SUMPRODUCT((TRIM('DATA INPUT'!$Q$3:$Q$2001)=$A28)*('DATA INPUT'!$M$3:$M$2001>=6)*('DATA INPUT'!$M$3:$M$2001<7)*'DATA INPUT'!$U$3:$U$2001)/SUMPRODUCT((TRIM('DATA INPUT'!$Q$3:$Q$2001)=$A28)*('DATA INPUT'!$M$3:$M$2001>=6)*('DATA INPUT'!$M$3:$M$2001<7)*'DATA INPUT'!$L$3:$L$2001),0)} -> 0.055512 | AB28: {=IFERROR(SUMPRODUCT((TRIM('DATA INPUT'!$Q$3:$Q$2001)=$A28)*('DATA INPUT'!$M$3:$M$2001>=7)*('DATA INPUT'!$M$3:$M$2001<8)*'DATA INPUT'!$U$3:$U$2001)/SUMPRODUCT((TRIM('DATA INPUT'!$Q$3:$Q$2001)=$A28)*('DATA INPUT'!$M$3:$M$2001>=7)*('DATA INPUT'!$M$3:$M$2001<8)*'DATA INPUT'!$L$3:$L$2001),0)} -> -0.4702 | AC28: {=IFERROR(SUMPRODUCT((TRIM('DATA INPUT'!$Q$3:$Q$2001)=$A28)*('DATA INPUT'!$M$3:$M$2001>=8)*('DATA INPUT'!$M$3:$M$2001<9)*'DATA INPUT'!$U$3:$U$2001)/SUMPRODUCT((TRIM('DATA INPUT'!$Q$3:$Q$2001)=$A28)*('DATA INPUT'!$M$3:$M$2001>=8)*('DATA INPUT'!$M$3:$M$2001<9)*'DATA INPUT'!$L$3:$L$2001),0)} -> 0.075655814 | AD28: {=IFERROR(SUMPRODUCT((TRIM('DATA INPUT'!$Q$3:$Q$2001)=$A28)*('DATA INPUT'!$M$3:$M$2001>=9)*('DATA INPUT'!$M$3:$M$2001<10)*'DATA INPUT'!$U$3:$U$2001)/SUMPRODUCT((TRIM('DATA INPUT'!$Q$3:$Q$2001)=$A28)*('DATA INPUT'!$M$3:$M$2001>=9)*('DATA INPUT'!$M$3:$M$2001<10)*'DATA INPUT'!$L$3:$L$2001),0)} -> 0.14141667 | AE28: {=IFERROR(SUMPRODUCT((TRIM('DATA INPUT'!$Q$3:$Q$2001)=$A28)*('DATA INPUT'!$M$3:$M$2001>=10)*('DATA INPUT'!$M$3:$M$2001<20)*'DATA INPUT'!$U$3:$U$2001)/SUMPRODUCT((TRIM('DATA INPUT'!$Q$3:$Q$2001)=$A28)*('DATA INPUT'!$M$3:$M$2001>=10)*('DATA INPUT'!$M$3:$M$2001<20)*'DATA INPUT'!$L$3:$L$2001),0)} -> 0.28505745 | AF28: {=IFERROR(SUMPRODUCT((TRIM('DATA INPUT'!$Q$3:$Q$2001)=$A28)*('DATA INPUT'!$M$3:$M$2001>=20)*('DATA INPUT'!$M$3:$M$2001<30)*'DATA INPUT'!$U$3:$U$2001)/SUMPRODUCT((TRIM('DATA INPUT'!$Q$3:$Q$2001)=$A28)*('DATA INPUT'!$M$3:$M$2001>=20)*('DATA INPUT'!$M$3:$M$2001<30)*'DATA INPUT'!$L$3:$L$2001),0)} -> -0.16365378 | AG28: {=IFERROR(SUMPRODUCT((TRIM('DATA INPUT'!$Q$3:$Q$2001)=$A28)*('DATA INPUT'!$M$3:$M$2001>=30)*('DATA INPUT'!$M$3:$M$2001<40)*'DATA INPUT'!$U$3:$U$2001)/SUMPRODUCT((TRIM('DATA INPUT'!$Q$3:$Q$2001)=$A28)*('DATA INPUT'!$M$3:$M$2001>=30)*('DATA INPUT'!$M$3:$M$2001<40)*'DATA INPUT'!$L$3:$L$2001),0)} -> -0.43979901 | AH28: {=IFERROR(SUMPRODUCT((TRIM('DATA INPUT'!$Q$3:$Q$2001)=$A28)*('DATA INPUT'!$M$3:$M$2001>=40)*('DATA INPUT'!$M$3:$M$2001<50)*'DATA INPUT'!$U$3:$U$2001)/SUMPRODUCT((TRIM('DATA INPUT'!$Q$3:$Q$2001)=$A28)*('DATA INPUT'!$M$3:$M$2001>=40)*('DATA INPUT'!$M$3:$M$2001<50)*'DATA INPUT'!$L$3:$L$2001),0)} -> 2.5459733 | AI28: {=IFERROR(SUMPRODUCT((TRIM('DATA INPUT'!$Q$3:$Q$2001)=$A28)*('DATA INPUT'!$M$3:$M$2001>=50)*'DATA INPUT'!$U$3:$U$2001)/SUMPRODUCT((TRIM('DATA INPUT'!$Q$3:$Q$2001)=$A28)*('DATA INPUT'!$M$3:$M$2001>=50)*'DATA INPUT'!$L$3:$L$2001),0)} -> 0
